Workbook
Name _Hlk15552984: 'CONTRATOS VIGENTES'!#REF!
Name _Hlk17450658: 'CONTRATOS VIGENTES'!#REF!
Name _Hlk37151723: 'CONTRATOS VIGENTES'!#REF!
Name _Hlk49318153: 'CONTRATOS VIGENTES'!#REF!
Name _Hlk49318739: 'CONTRATOS VIGENTES'!#REF!
Name _Hlk517961862: 'CONTRATOS VIGENTES'!#REF!
Name ac: 'TOTAL CONTRATOS'!#REF!

Sheet CONTRATOS VIGENTES
A1: CTO. U ORDEN No. | B1: MODALIDAD | C1: CONTRATISTA | D1: TIPO DE DOCUMENTO DE IDENTIDAD (NIT-CC-RUT) | E1: NUMERO DEL DOCUMENTO DE IDENTIDAD | F1: DV (digito Verificacion tributaria) | G1: OBJETO DEL CONTRATO U ORDEN | H1: DURACION INICIAL (meses, dias o año) | I1: FECHA DE FIRMA | J1: FECHA DE SUSCRIPCION ACTA DE INICIO EJECUCION | K1: FECHA DE TERMINACION INCLUIDAS PRORROGAS | L1: CDP No. | M1: FECHA CDP | N1: RUBRO/ RECURSO | O1: CT | P1: FECHA DEL REGISTRO PPTAL | Q1: VALOR INICIAL DEL CONTRATO | R1: FORMA DE PAGO | S1: ADICION (valor) | T1: PRORROGA (tiempo) | U1: OTROSI, SUSPENSION | V1: POLIZA CUMP | W1: CALIDAD DE LOS BIENES | X1: ANTIC. | Y1: S Y PRES | Z1: R.CIVIL EXTR | AA1: R.CIVIL MEDICA PROF | AB1: VALOR TOTAL CONTRATO U ORDEN (V/R INCIAL + ADICIONES) | AC1: VALOR EJECUTADO A LA FECHA A ABRIL 2022 | AD1: SALDO ABRIL 2022 | AE1: % EJECUCION FINANCIERA | AF1: % EJECUCION FISICA (Tiempo) | AG1: SUPERVISOR | AH1: NOMBRE SUPERVISOR | AI1: CEDULA DEL SUPERVISOR | AJ1: DV DIGITO | AK1: ACTA COMITÉ CONTRATOS (= o mayor a 5 SMMLV $4.542,630 y no mayor 2 meses) | AL1: FECHA ACTA DE LIQUIDACION DEL CONTRATO POR TERMINACION ANTICIPADA | AM1: DIRECCION Y/O TELEFONO DEL CONTRATISTA | AN1: CAPACIDAD DEL CONTRATISTA | AO1: FECHA NACIMIENTO DEL CONTRATISTA | AP1: EPS | AQ1: PENSIONES | AR1: FECHA AFILIACION ARL POSITIVA | AS1: PUBLICACION SECOP $Mayor a 50SMLMV | AT1: DURACION DIAS | AU1: FECHA RADICACION DOCUMENTOS | AV1: FECHA FIRMA D. GRAL | AW1: No. DIAS EN ELABORACION | AX1: APOYO / MISIONAL | AY1: FUENTE DE FINANCIAMIENTO FUNCIONAMIENTO Y/O INVERSION | AZ1: INTENSIDAD HORA MES | BA1: SOLICITUD DE VERIFICACION DE TITULIOS | BB1: FECHA DEL EXAMEN PREOCUPACIONAL | BC1: REQUISITOS PRECONTRACTUALES PENDIENTES (PA-CDJ-IN-001) | BD1: REQUISITOS PRECONTRACTUALES PENDIENTES POR PARTE EL CENTRO (PA-CDJ-IN-002) | BE1: FORMA DE CONTRATACION (Directa- Cerrada- Abierta)
A2: 105-2022 | B2: C.P.Servicios | C2: ZONA VIRTUAL S.A. | D2: NIT | E2: 811015354 | F2: 1 | G2: Prestar el servicio de acceso a la plataforma tecnológica para administración de pagos por medios electrónicos a través del Portal Web www.dermatologia.gov.co, según la solicitud de los usuarios de la E.S.E. Centro Dermatológico Federico Lleras Acosta. | H2: 12 MESES | I2: 44627 | J2: ='TOTAL CONTRATOS'!F107 -> 44643 | K2: ='TOTAL CONTRATOS'!G107 -> 45007 | L2: 202 | M2: 44620 | N2: A020202008003011 | O2: 277 | P2: 44643 | Q2: 13397004 | R2: pagos mensuales de $1.116.417 IVA incluido (mes vencido), previa presentación de la factura de venta con el lleno de los requisitos legales y presentación del informe de supervisión y cumplimiento expedido por el supervisor el cual deberá acompañarse por los anexos referidos al pago a los sistemas de seguridad social a los que se encuentra obligada(o) a cotizar (Certificación del revisor fiscal). | V2: 0.2 | W2: 0.1 | X2: * | Y2: * | Z2: * | AA2: * | AB2: =SUM(Q2) -> 13397004 | AC2: =+'TOTAL CONTRATOS'!#REF! -> #REF! | AD2: =SUM(AB2-AC2) -> #REF! | AE2: =SUM(AC2*100/AB2) -> #REF! | AF2: =+'TOTAL CONTRATOS'!#REF! -> #REF! | AG2: Profesional Universitario responsable del Area de Informatica | AH2: Juan Carlos Vasquez Ramirez | AI2: 80149659 | AJ2: 5 | AK2: Acta 12 del 01 de marzo de 2022 | AM2: Carrera 18 No. 93-25 Oficina 103 Telefono 4449662 | AN2: 250 SMLMV | AO2: NA | AP2: NA | AQ2: NA | AR2: NA | AS2: PENDIENTE | AT2: =+K2-J2 -> 364 | AU2: 44623 | AV2: 44624 | AW2: =IF(AV2="ANULADO","ANULADO",NETWORKDAYS.INTL(AU2,AV2)) -> 2 | AX2: APOYO | AY2: FUNCIONAMIENTO | AZ2: NA | BA2: ='TOTAL CONTRATOS'!#REF! -> #REF! | BB2: NA | BC2: ='TOTAL CONTRATOS'!#REF! -> #REF! | BD2: ='TOTAL CONTRATOS'!#REF! -> #REF! | BE2: Convocatoria Directa
A3: 031-2022 | B3: C.P.Servicios Médico Asistenciales | C3: XIMENA PAOLA BARRENECHE MEJIA | D3: CC | E3: 1065618276 | F3: 7 | G3: Prestar los servicios médicos asistenciales especializados en Dermatología, y participar en actividades académicas en las instalaciones de la Empresa Social del Estado Centro Dermatológico Federico Lleras Acosta, cuando sea convocado (a) | H3: 8 MESES | I3: 44587 | J3: ='TOTAL CONTRATOS'!F33 -> 44589 | K3: ='TOTAL CONTRATOS'!G33 -> 44922 | L3: 055 | M3: 44575 | N3: A02020200900301-20 | O3: 57 | P3: 44587 | Q3: 50000000 | R3: a. Un primer pago, desde la fecha de inicio hasta el día 20 del mes correspondiente. Mensualidades vencidas con corte los días 20 de cada mes. PARAGRAFO: hora consulta y por evento procedimientos, según tarifas establecidas por la Dirección General. | V3: 0.2 | W3: * | X3: * | Y3: * | Z3: * | AA3: 44941 | AB3: =SUM(Q3) -> 50000000 | AC3: =+'TOTAL CONTRATOS'!#REF! -> #REF! | AD3: =SUM(AB3-AC3) -> #REF! | AE3: =+AC3*100/AB3 -> #REF! | AF3: =+'TOTAL CONTRATOS'!#REF! -> #REF! | AG3: Subdirector (a) Técnico Cientifica (e) Medico Especialista, Coordinadora Medica Jefe Oficina de Docencia e Investigacion | AH3: Alvaro Jose Tovar Cock Marcela Soler Tovar Mauricio Alberto Angel Macias | AI3: 79.238.958 1.032.377.897 79.985.065 | AJ3: 0 5 2 | AK3: Servicio Misional | AM3: Carrera 13 Bis No. 110-58 Telefono: 3003799917 email: xpbarrenche@hotmail.com | AN3: NA | AO3: 33031 | AP3: EPS SANITAS | AQ3: PORVENIR | AR3: 44588 | AS3: PENDIENTE | AT3: 80 | AU3: 44582 | AV3: 44586 | AW3: =IF(AV3="ANULADO","ANULADO",NETWORKDAYS.INTL(AU3,AV3)) -> 3 | AX3: MISIONAL | AY3: INVERSION | AZ3: 80 | BA3: ='TOTAL CONTRATOS'!#REF! -> #REF! | BB3: 43841 | BC3: ='TOTAL CONTRATOS'!#REF! -> #REF! | BD3: ='TOTAL CONTRATOS'!#REF! -> #REF! | BE3: Convocatoria Directa
A4: 090-2022 | B4: C.P.Servicios Médico Asistenciales | C4: VICTORIA EUGENA FRANCO CORREA | D4: CC | E4: 52703106 | F4: 9 | G4: Prestar los servicios médicos asistenciales en consulta externa (modalidad presencial y Telemedicina) y/o procedimientos en la especialidad de Dermatología. Participar en actividades académicas en las instalaciones de la Empresa Social del Estado Centro Dermatológico Federico Lleras Acosta, cuando sea convocado (a). | H4: 8 MESES | I4: 44622 | J4: ='TOTAL CONTRATOS'!F92 -> 44624 | K4: ='TOTAL CONTRATOS'!G92 -> 44868 | L4: 203 | M4: 44620 | N4: A02020200900301-20 | O4: 193 | P4: 44623 | Q4: 80000000 | R4: a. Un primer pago, correspondiente desde la fecha de inicio de ejecución del contrato hasta el día 20 del mes correspondiente. b. Mensualidades vencidas con corte los días 20 de cada mes. PARAGRAFO PRIMERO: EL CENTRO cancelará la prestación de los servicios al CONTRATISTA, para lo cual tendrá en cuenta el número de pacientes atendidos por hora en consulta, y por evento se tendrá en cuenta el número y tipo de procedimientos, según tarifas establecidas por el Director General. La asistencia a Ateneo será reconocida sí cumple con 20 horas asistenciales semanales. PARAGRAFO SEGUNDO: Los pagos están sujetos a la presentación de la cuenta de cobro y del formato PA-CDJ-FO-011 Informe de supervisión y certificación de cumplimiento de contrato u orden, con los anexos referidos al pago a los sistemas de seguridad social a los que se encuentra obligado (a) a cotizar). | V4: 0.2 | W4: 0.1 | X4: * | Y4: * | Z4: * | AA4: 44747 | AB4: =+Q4 -> 80000000 | AC4: =+'TOTAL CONTRATOS'!#REF! -> #REF! | AD4: =SUM(AB4-AC4) -> #REF! | AE4: =SUM(AC4*100/AB4) -> #REF! | AF4: =+'TOTAL CONTRATOS'!#REF! -> #REF! | AG4: Subdirector Técnico Cientifico Medico Especialista, Coordinadora Medica (C.I. 46313 15 de junio /21) Jefe Oficina de Docencia e Investigacion | AH4: Fredy Mauricio Avila Marcela Soler Tovar Mauricio Alberto Angel Macias | AI4: 79.372.771 1.032.377.897 79.985.065 | AJ4: x 5 2 | AK4: Servicio Misional | AM4: Carrera 25 No. 45C-53 Apto. 5501 Telefono 3213712483 email: vefco79@hotmail.com | AN4: NA | AO4: 29026 | AP4: SANITAS EPS | AQ4: COLFONDOS | AR4: 44259 | AS4: PENDIENTE | AT4: =+K4-J4 -> 244 | AU4: 44622 | AV4: 44622 | AW4: =IF(AV4="ANULADO","ANULADO",NETWORKDAYS.INTL(AU4,AV4)) -> 1 | AX4: MISIONAL | AY4: INVERSION | AZ4: No registra en el contrato | BA4: ='TOTAL CONTRATOS'!#REF! -> #REF! | BB4: 44563 | BC4: ='TOTAL CONTRATOS'!#REF! -> #REF! | BD4: ='TOTAL CONTRATOS'!#REF! -> #REF! | BE4: Convocatoria Directa
A5: 097-2022 | B5: C.P.Servicios | C5: UPSISTEMAS SAS | D5: NIT | E5: 800105706 | F5: 5 | G5: Prestar el servicio de mantenimiento preventivo y correctivo de las UPS instaladas en la Empresa Social del Estado Centro Dermatológico “Federico Lleras Acosta”. | H5: 9 MESES | I5: 44623 | J5: ='TOTAL CONTRATOS'!F99 -> 44634 | K5: ='TOTAL CONTRATOS'!G99 -> 44908 | L5: 145 | M5: 44601 | N5: A020202008007015-20 | O5: 242 | P5: 44634 | Q5: 18165945 | R5: se hará en 2 pagos de igual valor previa presentación de factura con el lleno de los requisitos legales, certificación de paz y salvo de aportes al sistema de seguridad integral obligado a cotizar y demás parafiscales, junto con el informe de mantenimiento e informe de supervisión de este. El CENTRO consignará los pagos del contrato en una entidad financiera indicada por el proponente, donde éste posea una cuenta corriente o de ahorros, afiliada al sistema automático de pagos – SAP. | V5: 0.2 | W5: 0.1 | X5: * | Y5: * | Z5: * | AA5: * | AB5: =+Q5 -> 18165945 | AC5: =+'TOTAL CONTRATOS'!#REF! -> #REF! | AD5: 0 | AE5: =SUM(AC5*100/AB5) -> #REF! | AF5: =+'TOTAL CONTRATOS'!#REF! -> #REF! | AG5: Subdirector Administrativo y Financiero | AH5: Susana Valderrama Forero | AI5: 51736889 | AJ5: 5 | AK5: Acta 11 del 24 de febrero de 2022 | AM5: Calle 24 No. 95-12 Bodega 53 Telefono 7422333 gerencia@upsistemas.com | AN5: US$5,000,000 | AO5: NA | AP5: NA | AQ5: NA | AR5: NA | AS5: PENDIENTE | AT5: =+K5-J5 -> 274 | AU5: 44617 | AV5: 44622 | AW5: =IF(AV5="ANULADO","ANULADO",NETWORKDAYS.INTL(AU5,AV5)) -> 4 | AX5: APOYO | AY5: FUNCIONAMIENTO | AZ5: NA | BA5: ='TOTAL CONTRATOS'!#REF! -> #REF! | BB5: NA | BC5: ='TOTAL CONTRATOS'!#REF! -> #REF! | BD5: ='TOTAL CONTRATOS'!#REF! -> #REF! | BE5: Convocatoria Directa
A6: 028-2022 | B6: C.P.Servicios | C6: TRANSPORTE NUEVO RUMBO LTDA | D6: NIT | E6: 830021171 | F6: 2 | G6: Prestar el servicio de transporte terrestre especial a la E.S.E. Centro Dermatológico “Federico Lleras Acosta”, para el desplazamiento del (la) Director (a) General en desarrollo de las funciones propias de su cargo para adelantar y desarrollar eficiente y eficazmente sus actividades | H6: 6 MESES | I6: 44586 | J6: ='TOTAL CONTRATOS'!F30 -> 44587 | K6: ='TOTAL CONTRATOS'!G30 -> 44767 | L6: 012 | M6: 44568 | N6: A020202006006-20 | O6: P | P6: 44587 | Q6: 38886000 | R6: a. Un primer pago, desde la fecha de inicio de ejecución hasta el día 20 del mes correspondiente. b. Mensualidades vencidas al día 20 de cada mes. | V6: 0.2 | W6: 0.2 | X6: * | Y6: 0.05 | Z6: 0.1 | AA6: * | AB6: =SUM(Q6) -> 38886000 | AC6: =+'TOTAL CONTRATOS'!#REF! -> #REF! | AD6: =SUM(AB6-AC6) -> #REF! | AE6: =+AC6*100/AB6 -> #REF! | AF6: =+'TOTAL CONTRATOS'!#REF! -> #REF! | AG6: Subdirector Administrativo y Financiero | AH6: Susana Valderrama Forero | AI6: 51736889 | AJ6: 5 | AK6: P | AM6: Carerra 44 No.22A- 17 Piso Telefono 3680334 email: coordinacion@tnrumbo.com; comercializadora@tnrumbo.com | AN6: Sin limite de Cuantìa | AO6: NA | AP6: NA | AQ6: NA | AR6: NA | AS6: PENDIENTE | AT6: 141 | AU6: 44575 | AV6: 44586 | AW6: 5 | AX6: APOYO | AY6: FUNCIONAMIENTO | AZ6: NA | BA6: ='TOTAL CONTRATOS'!#REF! -> #REF! | BB6: NA | BC6: ='TOTAL CONTRATOS'!#REF! -> #REF! | BD6: ='TOTAL CONTRATOS'!#REF! -> #REF! | BE6: Convocatoria Cerrada 004 Sesion18 de enero de 2022
A7: 116-2022 | B7: C.Suministros | C7: TECTRONIKS SAS | D7: NIT | E7: 830054613 | F7: 8 | G7: Prestar los servicios de transporte terrestre de medicamentos, dermocosméticos, insumos medico quirúrgicos, dispositivos médicos, instrumental y material estéril, instrumental y material contaminado, muestras de Laboratorio y de Patología, documentación interna, entre otras, entre la sede de la Avenida Caracas ubicada en la Avenida 1 No. 13 A – 61 y la sede Chapinero ubicada en la Carrera 14 A # 58 A 29 de la E.S.E Centro Dermatológico “Federico Lleras Acosta”. | H7: 6 MESES | I7: 44644 | J7: ='TOTAL CONTRATOS'!F117 -> 44644 | K7: ='TOTAL CONTRATOS'!G117 -> 44918 | L7: 013 | M7: 44568 | N7: A02020200600501-20 | O7: 283 | P7: 44644 | Q7: 39681549 | R7: a) Un primer pago, correspondiente desde la fecha de inicio de ejecución del contrato hasta el día veinte (20) del mes correspondiente, previa presentación de la factura e informe de supervisión y cumplimiento con los anexos referidos al pago a los sistemas de seguridad social a los que se encuentra obligada a cotizar. b) Mensualidades vencidas con corte al día veinte (20) de cada mes, previa presentación de la factura e informe de supervisión y cumplimiento expedido por la supervisora, el cual deberá acompañarse por los soportes antes referidos en el literal a). PARÁGRAFO PRIMERO: El valor promedio mensual aceptado en la propuesta del contratista puede variar cuando existan recorridos no programados previamente autorizados por los supervisores del contrato, que de igual manera se pagarán con cargo al valor total del presenta contrato. PARÁGRAFO SEGUNDO: La ESE Centro Dermatológico “Federico Lleras Acosta” consignará los pagos del contrato en una Entidad Financiera indicada por el proponente, donde éste posea una cuenta corriente o de ahorros, afiliada al sistema automático de pagos - SAP. | V7: 0.2 | W7: 0.2 | X7: 0.1 | Y7: * | Z7: 0.1 | AA7: * | AB7: =SUM(Q7) -> 39681549 | AC7: =+'TOTAL CONTRATOS'!#REF! -> #REF! | AD7: =SUM(AB7-AC7) -> #REF! | AE7: =SUM(AC7*100/AB7) -> #REF! | AF7: =+'TOTAL CONTRATOS'!#REF! -> #REF! | AG7: Subdirector Administrativo y Financiero | AH7: Susana Valderrama Forero | AI7: 51736889 | AJ7: 5 | AK7: Acta 16 del 17 de marzo de 2022 | AM7: Carrera 22 No. 63C-27 Telefono 8030041 ext. 103 email: gerenciatectroniks@gmail.com | AN7: NA | AO7: NA | AP7: NA | AQ7: NA | AR7: NA | AS7: PENDIENTE | AT7: =+K7-J7 -> 274 | AU7: 44637 | AV7: 44643 | AW7: =IF(AV7="ANULADO","ANULADO",NETWORKDAYS.INTL(AU7,AV7)) -> 5 | AX7: APOYO | AY7: FUNCIONAMIENTO | AZ7: NA | BA7: ='TOTAL CONTRATOS'!#REF! -> #REF! | BB7: NA | BC7: ='TOTAL CONTRATOS'!#REF! -> #REF! | BD7: ='TOTAL CONTRATOS'!#REF! -> #REF! | BE7: Contratacion Cerrada 014
A8: 091-2022 | B8: C.P.Servicios | C8: SISTEMAS Y ASESORIAS DE COLOMBIA S.A. | D8: NIT | E8: 800149562 | F8: 0 | G8: Proveer la Actualización, el Mantenimiento y el Soporte, al Sistema de Información DINAMICA GERENCIAL en la versión Net más reciente liberada por EL CONTRATISTA para el motor SQLSERVER en los módulos de: Admisiones – Cartera – Modulo NIIF – Contratos – Facturación – Inventarios – Laboratorios – Pagos – Presupuestos públicos – Tesorería – Citas Médicas – Historias Clínicas – Costos Hospitalarios – Programación de cirugías – Gestión gerencial – Activos fijos – Nómina – Citas web – Programación de cirugías. | H8: 12 MESES | I8: 44622 | J8: ='TOTAL CONTRATOS'!F93 -> 44644 | K8: ='TOTAL CONTRATOS'!G93 -> 45008 | L8: 188 | M8: 44615 | N8: A020202008003011-20 | O8: 281 | P8: 44644 | Q8: 132625280 | R8: : a. Pagos mensuales por $ 11.052.106,67 IVA incluido, con corte a cada treinta días de iniciado del contrato, previa presentación de la factura e informe de supervisión y cumplimiento expedido por el supervisor, el cual deberá acompañarse por los anexos referidos al pago a los sistemas de seguridad social a los que se encuentra obligada(o) a cotizar (Certificación del revisor fiscal), este pago se realizará dentro de los treinta (30) días siguientes a la radicación de la documentación completa. PARÁFO PRIMERO: El CONTRATISTA, podrá ante el incumplimiento en los pagos por parte del CENTRO y pasados 15 días de la fecha pactada, y para preservar el equilibrio económico del proyecto, suspender sus actividades, sin que ello se configure como incumplimiento o suspensión del contrato, en este caso EL CENTRO, asumirá el costo y las condiciones de reinicio que serán acostadas mediante Otrosí. PARÁFO SEGUNDO: EL CONTRATISTA está obligado al cumplimiento del objeto del presente contrato, siempre que EL CENTRO cumpla sus correlativas obligaciones y los pagos se cumplan conforme a las condiciones comerciales establecidas. EL CENTRO, asumirá el costo y el cumplimiento de las condiciones de reinicio que se establecen en la propuesta. | V8: 0.2 | W8: 0.2 | X8: * | Y8: 0.05 | Z8: * | AA8: * | AB8: =+Q8 -> 132625280 | AC8: =+'TOTAL CONTRATOS'!#REF! -> #REF! | AD8: =SUM(AB8-AC8) -> #REF! | AE8: =SUM(AC8*100/AB8) -> #REF! | AF8: =+'TOTAL CONTRATOS'!#REF! -> #REF! | AG8: Profesional Universitario responsable del Area de Informatica | AH8: Juan Carlos Vasquez Ramirez | AI8: 80149659 | AJ8: 5 | AK8: Acta 11 del 24 de febrero de 2022 | AM8: Av. Cra. 45 no. 108-27 Telefono 7560520 oficina 1408 | AN8: 1.800 SMLMV | AO8: NA | AP8: NA | AQ8: NA | AR8: NA | AS8: PENDIENTE | AT8: =+K8-J8 -> 364 | AU8: 44617 | AV8: 44622 | AW8: =IF(AV8="ANULADO","ANULADO",NETWORKDAYS.INTL(AU8,AV8)) -> 4 | AX8: APOYO | AY8: FUNCIONAMIENTO | AZ8: NA | BA8: ='TOTAL CONTRATOS'!#REF! -> #REF! | BB8: NA | BC8: ='TOTAL CONTRATOS'!#REF! -> #REF! | BD8: ='TOTAL CONTRATOS'!#REF! -> #REF! | BE8: Convocatoria Directa
A9: 025-2022 | B9: C.P.Servicios | C9: SERVIESPECIALES S.A.S | D9: NIT | E9: 890331277 | F9: 2 | G9: Prestar los servicios especializados de aseo limpieza y cafetería; mantenimiento de áreas y oficinas, zonas comunes, zonas verdes, zonas sociales, jardineria de todas las áreas, cafetería y cocinas incluyendo el insumo de productos de aseo, propios para el desempeño de labores; y el lavado y desinfección de la ropa hospitalaria; de las sedes de la E.S.E Centro Dermatológico “Federico Lleras Acosta”; según las especificaciones de contenido técnico descritas en los términos de referencia | H9: 5 MESES | I9: 44586 | J9: ='TOTAL CONTRATOS'!F27 -> 44587 | K9: ='TOTAL CONTRATOS'!G27 -> 44737 | L9: 009 | M9: 44568 | N9: A02020200800503-20 | O9: P | P9: 44587 | Q9: 277283000 | R9: a. Mensualidades vencidas con corte al día 20 de cada mes, s, afiliada al sistema automático de pagos - SAP. | S9: 55456600 | V9: 0.2 | W9: 0.2 | X9: * | Y9: 0.05 | Z9: * | AA9: * | AB9: =SUM(Q9+S9) -> 332739600 | AC9: =+'TOTAL CONTRATOS'!#REF! -> #REF! | AD9: =SUM(AB9-AC9) -> #REF! | AE9: =SUM(AC9*100/AB9) -> #REF! | AF9: =+'TOTAL CONTRATOS'!#REF! -> #REF! | AG9: Subdirector Administrativo y Financiero | AH9: Susana Valderrama Forero | AI9: 51736889 | AJ9: 5 | AK9: P | AM9: Calle 23A Norte # 4N -11; Telefono : 6448400; Email: cgil@serviasesorias.com.co | AN9: Sin limite de cuantia | AO9: 22777 | AP9: NA | AQ9: NA | AR9: NA | AS9: PENDIENTE | AT9: =+K9-J9 -> 150 | AU9: 44376 | AV9: 44378 | AW9: =IF(AV9="ANULADO","ANULADO",NETWORKDAYS.INTL(AU9,AV9)) -> 3 | AX9: APOYO | AY9: FUNCIOAMEINTO | AZ9: na | BA9: ='TOTAL CONTRATOS'!#REF! -> #REF! | BB9: NA | BC9: ='TOTAL CONTRATOS'!#REF! -> #REF! | BD9: ='TOTAL CONTRATOS'!#REF! -> #REF! | BE9: Convocatoria Cerrada 001 sesion comité 18 de enero de 2022
A10: 064-2022 | B10: C.P.Servicios Médico Asistenciales | C10: SERGIO ANDRES REMOLINA GRANADOS | D10: CC | E10: 1049606765 | F10: 7 | G10: Prestar los servicios médicos asistenciales en la especialidad de Infectología para la emisión de conceptos de forma virtual para la Empresa Social del Estado Centro Dermatológico Federico Lleras Acosta. | H10: 08 MESES | I10: 44603 | J10: ='TOTAL CONTRATOS'!F67 -> 44609 | K10: ='TOTAL CONTRATOS'!G67 -> 44850 | L10: 074 | M10: 44580 | N10: A02020200900301-20 | O10: 137 | P10: 44608 | Q10: 21424000 | R10: a. Un primer pago, correspondiente desde la fecha de inicio de ejecución del contrato hasta el día 20 del mes correspondiente, previa presentación de la cuenta de cobro y/o factura e informe de supervisión y certificación de cumplimiento con los anexos referidos al pago a los sistemas de seguridad social a los que se encuentra obligada (o) a cotizar. b. Mensualidades vencidas con corte los días 20 de cada mes, previa presentación de la cuenta de cobro y/o factura e informe de supervisión y certificación de cumplimiento expedido por el (los) supervisor (es), el cual deberá acompañarse por los soportes antes referidos en el literal a). PARAGRAFO: EL CENTRO cancelará la prestación de los servicios a la CONTRATISTA, para lo cual tendrá en cuenta el número de pacientes atendidos por hora en consulta, y por evento se tendrá en cuenta el número y tipo de procedimientos, según tarifas establecidas por la Directora General. La asistencia a Ateneo será reconocida sí cumple con 20 horas asistenciales semanales. | V10: 0.2 | W10: 0.1 | X10: * | Y10: * | Z10: * | AA10: 44938 | AB10: =+Q10 -> 21424000 | AC10: =+'TOTAL CONTRATOS'!#REF! -> #REF! | AD10: =SUM(AB10-AC10) -> #REF! | AE10: =SUM(AC10*100/AB10) -> #REF! | AF10: =+'TOTAL CONTRATOS'!#REF! -> #REF! | AG10: Subdirector (a) Técnico Cientifica (e) Medico Especialista, Coordinadora Medica Jefe Oficina de Docencia e Investigacion | AH10: Alvaro Jose Tovar Cock Marcela Soler Tovar Mauricio Alberto Angel Macias | AI10: 79.238.958 1.032.377.897 79.985.065 | AJ10: 0 5 2 | AK10: Servicio Misional | AM10: Carrera 58 No. 119A-98 Edificio 3 APTO 1008 Lagos de Cordoba Telefono 3002033737 email: infectologiasas@gmail.com | AN10: NA | AO10: 31841 | AP10: EPS SANITAS | AQ10: COLFONDOS | AR10: 44609 | AS10: PENDIENTE | AT10: =+K10-J10 -> 241 | AU10: 44579 | AV10: 44587 | AW10: =IF(AV10="ANULADO","ANULADO",NETWORKDAYS.INTL(AU10,AV10)) -> 7 | AX10: MISIONAL | AY10: INVERSION | AZ10: virtual | BA10: ='TOTAL CONTRATOS'!#REF! -> #REF! | BB10: 44162 | BC10: ='TOTAL CONTRATOS'!#REF! -> #REF! | BD10: ='TOTAL CONTRATOS'!#REF! -> #REF! | BE10: Convocatoria Directa
A11: 034-2022 | B11: C.P.Servicios Médico Asistenciales | C11: SERGIO ANDRES AMAYA PEÑA | D11: CC | E11: 79627258 | F11: 2 | G11: Prestar los servicios médicos asistenciales en consulta externa y/o procedimientos en la especialidad de Dermatología, y participar en actividades académicas en las instalaciones de la Empresa Social del Estado Centro Dermatológico Federico Lleras Acosta, cuando sea convocado (a). | H11: 8 MESES | I11: 44587 | J11: ='TOTAL CONTRATOS'!F37 -> 44590 | K11: ='TOTAL CONTRATOS'!G37 -> 44945 | L11: 065 | M11: 44579 | N11: A02020200900301-20 | O11: 78 | P11: 44589 | Q11: 80000000 | R11: a. Un primer pago, desde la fecha de inicio hasta el día veinte (20) del mes correspondiente. Mensualidades vencidas con corte los días veinte (20) de cada mes. PARAGRAFO: hora consulta y por evento procedimientos, según tarifas establecidas por la Dirección General. | U11: Suspensión 1: El día 11 de abril de 2022, suspende la ejecución del contrato a partir del día 11 al 17 de abril, por motivo de índole personal. Reinicio 1: El día 18 de abril de 2022, reinicia la ejecución del contrato, se extiende la duración hasta el 05 de octubre de 2022. | V11: 0.2 | W11: 0.1 | X11: * | Y11: * | Z11: * | AA11: 44847 | AB11: =SUM(Q11) -> 80000000 | AC11: =+'TOTAL CONTRATOS'!#REF! -> #REF! | AD11: =SUM(AB11-AC11) -> #REF! | AE11: =SUM(AC11*100/AB11) -> #REF! | AF11: =+'TOTAL CONTRATOS'!#REF! -> #REF! | AG11: Subdirector (a) Técnico Cientifica (e) Medico Especialista, Coordinadora Medica Jefe Oficina de Docencia e Investigacion | AH11: Alvaro Jose Tovar Cock Marcela Soler Tovar Mauricio Alberto Angel Macias | AI11: 79.238.958 1.032.377.897 79.985.065 | AJ11: 0 5 2 | AK11: Servicio Misional | AM11: Calle 152 No. 48-04 Apto. 112 Mazuren Telefono: 3158923122 email: sergio_amaya2003@hotmail.com | AN11: NA | AO11: 27943 | AP11: EPS SANTIAS | AQ11: PORVENIR | AR11: 44588 | AS11: PENDIENTE | AT11: =+K11-J11 -> 355 | AU11: 44583 | AV11: 44587 | AW11: =IF(AV11="ANULADO","ANULADO",NETWORKDAYS.INTL(AU11,AV11)) -> 3 | AX11: MISIONAL | AY11: FUNCIONAMIENTO | AZ11: 80 | BA11: ='TOTAL CONTRATOS'!#REF! -> #REF! | BB11: 44493 | BC11: ='TOTAL CONTRATOS'!#REF! -> #REF! | BD11: ='TOTAL CONTRATOS'!#REF! -> #REF! | BE11: Convocatoria Directa
A12: 118-2022 | B12: C.P.Servicios | C12: SCHWIND LATIN S.A | D12: NIT | E12: 802015544 | F12: 1 | G12: Servicio de mantenimiento preventivo, correctivo, equipo laser CO2 Acupulse Lumenis del servicio de consulta externa del para el hospital universitario centro Dermatológico Federico Lleras Acosta E.S.E. “Federico Lleras Acosta”. | H12: 12 MESES | I12: 44648 | J12: ='TOTAL CONTRATOS'!F119 -> 44700 | K12: ='TOTAL CONTRATOS'!G119 -> 45064 | L12: 206 | M12: 44621 | N12: A020202008007015-20 | O12: 464 | P12: 44699 | Q12: 7282800 | R12: pagos posteriores a cada visita de mantenimiento preventivo previa presentación de factura de venta y recibido a satisfacción del servicio, por parte del supervisor del contrato mediante informe de supervisión, para pagar a treinta (30) días, anexando certificado del pago a los sistemas de seguridad social a los que se encuentra obligada a cotizar. | V12: 0.2 | W12: 0.1 | X12: * | Y12: * | Z12: 0.1 | AA12: * | AB12: =SUM(Q12) -> 7282800 | AC12: =+'TOTAL CONTRATOS'!#REF! -> #REF! | AD12: =SUM(AB12-AC12) -> #REF! | AE12: =SUM(AC12*100/AB12) -> #REF! | AF12: =+'TOTAL CONTRATOS'!#REF! -> #REF! | AG12: Subdirector Administrativo y Financiero | AH12: Susana Valderrama Forero | AI12: 51736889 | AJ12: 5 | AK12: Acta 13 del 03 de marzo de 2022 | AM12: CL 77 B No. 57 -141 OF 313 LGARCIA@ROCOL.COM.CO 3112280/3175140266 | AN12: 340 SMLMV | AO12: NA | AP12: NA | AQ12: NA | AR12: NA | AS12: PENDIENTE | AT12: =+K12-J12 -> 364 | AU12: 44624 | AV12: 44628 | AW12: =IF(AV12="ANULADO","ANULADO",NETWORKDAYS.INTL(AU12,AV12)) -> 3 | AX12: APOYO | AY12: FUNCIONAMIENTO | BA12: ='TOTAL CONTRATOS'!#REF! -> #REF! | BB12: NA | BC12: ='TOTAL CONTRATOS'!#REF! -> #REF! | BD12: ='TOTAL CONTRATOS'!#REF! -> #REF! | BE12: Convocatoria Directa
A13: 053-2022 | B13: C.P.Servicios | C13: SANDY JOHANA ALDANA PULIDO | D13: CC | E13: 52930801 | F13: 2 | G13: Prestar los servicios asistenciales como técnico en servicios farmacéuticos en el área de farmacia de la E.S.E Centro Dermatológico “Federico Lleras Acosta. | H13: ocho (8) meses | I13: 44594 | J13: ='TOTAL CONTRATOS'!F56 -> 44604 | K13: ='TOTAL CONTRATOS'!G56 -> 44845 | L13: 072 | M13: 44579 | N13: A02020200800309-20 | O13: 128 | P13: 44603 | Q13: 12646400 | R13: a. Un primer pago, desde la fecha de inicio hasta el día 20 del mes correspondiente. Mensualidades vencidas con corte los días 20 de cada mes. | V13: 0.2 | W13: 0.1 | X13: * | Y13: * | Z13: * | AA13: * | AB13: =SUM(Q13) -> 12646400 | AC13: =+'TOTAL CONTRATOS'!#REF! -> #REF! | AD13: =SUM(AB13-AC13) -> #REF! | AE13: =SUM(AC13*100/AB13) -> #REF! | AF13: =+'TOTAL CONTRATOS'!#REF! -> #REF! | AG13: Profesional Universitario, Quimica Farmaceutica | AH13: Claudia Patricia Acosta Mieles | AI13: 22732243 | AJ13: 4 | AK13: Servicio Misional | AM13: Carrera 69 D No. 3-80 Sur Telefono 3118571453 email: sandyaldana87@gmail.com | AN13: NA | AO13: 30167 | AP13: SALUD TOTAL | AQ13: COLFONDOS | AR13: 44604 | AS13: PENDIENTE | AT13: =+K13-J13 -> 241 | AU13: 44587 | AV13: 44587 | AW13: =IF(AV13="ANULADO","ANULADO",NETWORKDAYS.INTL(AU13,AV13)) -> 1 | AX13: APOYO | AY13: FUNCIONAMIENTO | AZ13: 160 | BA13: ='TOTAL CONTRATOS'!#REF! -> #REF! | BB13: 44512 | BC13: ='TOTAL CONTRATOS'!#REF! -> #REF! | BD13: ='TOTAL CONTRATOS'!#REF! -> #REF! | BE13: Convocatoria Directa
A14: 042-2022 | B14: C.P.Servicios | C14: ROSA OLINDA CALDERON PALACIOS | D14: CC | E14: 52558870 | F14: 6 | G14: Prestar el servicio de auxiliar de enfermería en el Area de Apoyo Diagnóstico- de la Subdirección Técnico-Científica en la atención al usuario, toma y preparación de las muestras y transcripción de resultados; en las diferentes sedes de la ESE Centro Dermatológico Federico Lleras Acosta | H14: 8 MESES | I14: 44589 | J14: ='TOTAL CONTRATOS'!F45 -> 44592 | K14: ='TOTAL CONTRATOS'!G45 -> 44834 | L14: 060 | M14: 44579 | N14: A02020200900301-20 | O14: 85 | P14: 44592 | Q14: 12654720 | R14: a. Un primer pago, correspondiente desde la fecha de inicio de ejecución del contrato hasta el día 20 del mes correspondiente. b. Mensualidades vencidas con corte los días 20 de cada mes. PARAGRAFO: Los pagos están sujetos a la presentación de la cuenta de cobro y del formato PA-CDJ-FO-011 Informe de supervisión y certificación de cumplimiento de contrato u orden, con los anexos referidos al pago a los sistemas de seguridad social a los que se encuentra obligado (a) a cotizar. | V14: 0.2 | W14: 0.1 | X14: * | Y14: * | Z14: * | AA14: * | AB14: =SUM(Q14) -> 12654720 | AC14: =+'TOTAL CONTRATOS'!#REF! -> #REF! | AD14: =SUM(AB14-AC14) -> #REF! | AE14: =SUM(AC14*100/AB14) -> #REF! | AF14: =+'TOTAL CONTRATOS'!#REF! -> #REF! | AG14: Profesional Especializada Coordinadora de Apoyo Diagnostico | AH14: Bibiana Chavarro Portillo | AI14: 53133739 | AJ14: 8 | AK14: Servicio Misional | AM14: Carrea 109 No. 77C-40 Telefono: 3178233049 email: ro.calderon.8@hotmail.com | AN14: NA | AO14: 26344 | AP14: EPS SANITAS | AQ14: PORVENIR | AR14: 44590 | AS14: PENDIENTE | AT14: =+K14-J14 -> 242 | AU14: 44583 | AV14: 44587 | AW14: 3 | AX14: APOYO | AY14: FUNCIONAMIENTO | AZ14: 160 | BA14: ='TOTAL CONTRATOS'!#REF! -> #REF! | BB14: 44201 | BC14: ='TOTAL CONTRATOS'!#REF! -> #REF! | BD14: ='TOTAL CONTRATOS'!#REF! -> #REF! | BE14: Convocatoria Directa
A15: 129-2022 | B15: C.P.Servicios | C15: ROCIO DE DIEGO SANCHEZ | D15: CC | E15: 51973314 | F15: 8 | G15: Prestar servicios profesionales de Psicología en apoyo a la Subdirección Técnico-Científica, para la atención de pacientes en consulta externa y actividades de capacitaciones a los usuarios que acuden a las instalaciones de la Empresa Social del Estado Centro Dermatológico Federico Lleras Acosta, cuando sea convocado (a). | H15: 8 MESES | I15: 44662 | J15: ='TOTAL CONTRATOS'!F129 -> 44679 | K15: ='TOTAL CONTRATOS'!G129 -> 44922 | L15: 252 | M15: 44645 | N15: A02020200900301-20 | O15: 355 | P15: 44672 | Q15: 8000000 | R15: a. Un primer pago, correspondiente desde la fecha de inicio de ejecución del contrato hasta el día 20 del mes correspondiente, previa presentación de la cuenta de cobro y/o factura e informe de supervisión y certificación de cumplimiento con los anexos referidos al pago a los sistemas de seguridad social a los que se encuentra obligada (o) a cotizar. b. Mensualidades vencidas con corte los días 20 de cada mes, previa presentación de la cuenta de cobro y/o factura e informe de supervisión certificación y cumplimiento expedido por la supervisora, el cual deberá acompañarse por los soportes antes referidos en el literal a). PARAGRAFO PRIMERO: EL CENTRO cancelará la prestación de los servicios al CONTRATISTA, para lo cual tendrá en cuenta el número de pacientes atendidos por hora en consulta, y por evento se tendrá en cuenta el número y tipo de procedimientos, según tarifas establecidas por la Dirección General | V15: 0.2 | W15: 0.1 | X15: * | Y15: * | Z15: * | AB15: =SUM(Q15) -> 8000000 | AC15: =+'TOTAL CONTRATOS'!#REF! -> #REF! | AD15: =SUM(AB15-AC15) -> #REF! | AE15: =+AC15*100/AB15 -> #REF! | AF15: =+'TOTAL CONTRATOS'!#REF! -> #REF! | AG15: Medico Especialista, Coordinadora Medica | AH15: Marcela Soler Tovar | AI15: 1032377897 | AJ15: 5 | AK15: Servicio Misional | AM15: Calle 169 A # 62-87 Apartamento 805 T1 Portales del Norte 3003214368 rociodds@gmail.com | AN15: NA | AO15: 24170 | AP15: COMPENSAR | AQ15: COLPENSIONES | AR15: 44672 | AS15: PENDIENTE | AT15: =+K15-J15 -> 243 | AU15: 44657 | AV15: 44659 | AW15: =IF(AV15="ANULADO","ANULADO",NETWORKDAYS.INTL(AU15,AV15)) -> 3 | AX15: MISIONAL | AY15: FUNCIONAMIENTO | AZ15: 5 HORAS SEMANALES | BA15: ='TOTAL CONTRATOS'!#REF! -> #REF! | BB15: 44506 | BC15: ='TOTAL CONTRATOS'!#REF! -> #REF! | BD15: ='TOTAL CONTRATOS'!#REF! -> #REF! | BE15: Convocatoria Directa
A16: 037-2022 | B16: C.P.Servicios | C16: ROARQUITECTOS EU | D16: NIT | E16: 900149461 | F16: 8 | G16: Prestar el servicio de mantenimiento integral (predictivo, preventivo y correctivo) de los bienes inmuebles y muebles (enseres y mobiliario), aire acondicionado, ubicados en las instalaciones del Centro Dermatológico Federico Lleras Acosta E.S.E. | H16: 6 MESES | I16: 44587 | J16: ='TOTAL CONTRATOS'!F40 -> 44588 | K16: ='TOTAL CONTRATOS'!G40 -> 44860 | L16: 015 | M16: 44568 | N16: A02020200800701-20 | O16: P | P16: 44588 | Q16: 280000000 | R16: Por el mantenimiento preventivo programado se pagará mensualmente DIECISIETE MILLONES QUINIENTOS MIL PESOS MCTE ($17.500.000) Incluyendo el IVA, de conformidad con los soportes de las actividades realizadas en los formatos indicados por el CENTRO. 2. El mantenimiento correctivo se pagará de conformidad con los valores y actividades de la lista contenida en la propuesta del contratista, según las ordenes de trabajos dados a través del supervisor mediante correo electrónico u orden directa, previa autorización de la Dirección General | V16: 0.2 | W16: 0.1 | X16: * | Y16: 0.1 | Z16: 0.05 | AA16: * | AB16: =SUM(Q16) -> 280000000 | AC16: =+'TOTAL CONTRATOS'!#REF! -> #REF! | AD16: =SUM(AB16-AC16) -> #REF! | AE16: =SUM(AC16*100/AB16) -> #REF! | AF16: =+'TOTAL CONTRATOS'!#REF! -> #REF! | AG16: Subdirector Administrativo y Financiero | AH16: Susana Valderrama Forero | AI16: 51736889 | AJ16: 5 | AK16: P | AM16: Calle 129 No. 54-75 Int 4 Apto 301 Telefono : 2261504 email: roarquitectos@gmail.com | AN16: NA | AO16: NA | AP16: NA | AQ16: NA | AR16: NA | AS16: PENDIENTE | AT16: =+K16-J16 -> 272 | AU16: 44568 | AV16: 44572 | AW16: =IF(AV16="ANULADO","ANULADO",NETWORKDAYS.INTL(AU16,AV16)) -> 3 | AX16: APOYO | AY16: FUNCIONAMIENTO | AZ16: NA | BA16: ='TOTAL CONTRATOS'!#REF! -> #REF! | BB16: NA | BC16: ='TOTAL CONTRATOS'!#REF! -> #REF! | BD16: ='TOTAL CONTRATOS'!#REF! -> #REF! | BE16: Convocatoria Cerrada 001 de 2022 sesiono el dia 18 de enero de 2022
A17: 136-2022 | B17: C.P.Servicios | C17: ROARQUITECTOS EU | D17: NIT | E17: 900149461 | F17: 8 | G17: Suministrar e instalar sistema de ventilación y equipo de aire acondicionado para las áreas de farmacia y cajas en la sede Chapinero de la E.S.E Hospital Universitario Centro Dermatológico Federico Lleras Acosta. | H17: 20 DÍAS | I17: 44685 | J17: ='TOTAL CONTRATOS'!F136 -> 44699 | K17: ='TOTAL CONTRATOS'!G136 -> 44719 | L17: 267 | M17: 44652 | N17: A020202008007011-20 | O17: P | P17: 44699 | Q17: 14770161 | R17: El valor del contrato se cancelará una vez finalizada la entrega, instalación y puesta en marcha de los equipos de aire acondicionado y sistema de ventilación de la propuesta y una vez recibido a conformidad por parte del supervisor del contrato y previa presentación de cuenta de cobro y/o factura e informe de supervisión y certificación de cumplimiento expedido por el supervisor con los anexos referidos al pago a los sistemas de seguridad social a los que se encuentra obligado a cotizar. | V17: 0.1 | W17: 0.1 | X17: * | Y17: 0.05 | Z17: 0.05 | AA17: * | AB17: =SUM(Q17) -> 14770161 | AC17: =+'TOTAL CONTRATOS'!#REF! -> #REF! | AD17: =SUM(AB17-AC17) -> #REF! | AE17: =+AC17*100/AB17 -> #REF! | AF17: =+'TOTAL CONTRATOS'!#REF! -> #REF! | AG17: Subdirector Administrativo y Financiero | AH17: Susana Valderrama Forero | AI17: 51736889 | AJ17: 5 | AK17: Acta 20 del 21 de abril de 2022 | AM17: Calle 129 No. 54-75 Int 4 Apto 301 Telefono: 2261504 email: roarquitectos@gmail.com | AN17: NA | AO17: NA | AP17: NA | AQ17: NA | AR17: NA | AS17: PENDIENTE | AT17: =+K17-J17 -> 20 | AU17: 44678 | AV17: 44683 | AW17: =IF(AV17="ANULADO","ANULADO",NETWORKDAYS.INTL(AU17,AV17)) -> 4 | AX17: APOYO | AY17: FUNCIONAMIENTO | AZ17: NA | BA17: ='TOTAL CONTRATOS'!#REF! -> #REF! | BB17: NA | BC17: ='TOTAL CONTRATOS'!#REF! -> #REF! | BD17: ='TOTAL CONTRATOS'!#REF! -> #REF! | BE17: Convocatoria Directa
A18: 085-2022 | B18: C.P.Servicios Médico Asistenciales | C18: RAQUEL REBECA ERASO BRAVO | D18: CC | E18: 30717477 | F18: 7 | G18: Prestar los servicios médicos asistenciales en consulta externa (modalidad presencial y Telemedicina) y/o procedimientos en la especialidad de Dermatología y participar en actividades académicas en las instalaciones de la Empresa Social del Estado Centro Dermatológico Federico Lleras Acosta, cuando sea convocado (a). | H18: 8 MESES | I18: 44620 | J18: ='TOTAL CONTRATOS'!F87 -> 44623 | K18: ='TOTAL CONTRATOS'!G87 -> 44867 | L18: 177 | M18: 44610 | N18: A02020200900301-20 | O18: 188 | P18: 44621 | Q18: 45000000 | R18: a. Un primer pago, correspondiente desde la fecha de inicio de ejecución del contrato hasta el día 20 del mes correspondiente. b. Mensualidades vencidas con corte los días 20 de cada mes. PARAGRAFO PRIMERO: EL CENTRO cancelará la prestación de los servicios al CONTRATISTA, para lo cual tendrá en cuenta el número de pacientes atendidos por hora en consulta, y por evento se tendrá en cuenta el número y tipo de procedimientos, según tarifas establecidas por el Director General. La asistencia a Ateneo será reconocida sí cumple con 20 horas asistenciales semanales. PARAGRAFO SEGUNDO: Los pagos están sujetos a la presentación de la cuenta de cobro y del formato PA-CDJ-FO-011 Informe de supervisión y certificación de cumplimiento de contrato u orden, con los anexos referidos al pago a los sistemas de seguridad social a los que se encuentra obligado (a) a cotizar). | V18: 0.2 | W18: 0.1 | X18: * | Y18: * | Z18: * | AA18: 44837 | AB18: =+Q18 -> 45000000 | AC18: =+'TOTAL CONTRATOS'!#REF! -> #REF! | AD18: =SUM(AB18-AC18) -> #REF! | AE18: =SUM(AC18*100/AB18) -> #REF! | AF18: =+'TOTAL CONTRATOS'!#REF! -> #REF! | AG18: Subdirector Técnico Cientifico Medico Especialista, Coordinadora Medica (C.I. 46313 15 de junio /21) Jefe Oficina de Docencia e Investigacion | AH18: Fredy Mauricio Avila Marcela Soler Tovar Mauricio Alberto Angel Macias | AI18: xxxxxxxxxx 1.032.377.897 79.985.065 | AJ18: x 5 2 | AK18: Servicio Misional | AM18: Calle 128 No. 18-48 la Calleja Telefono 3006188132 email: raquel352@gmail.com | AN18: NA | AO18: 21805 | AP18: NUEVA EPS | AQ18: PENSIONADA | AR18: 44622 | AS18: PENDIENTE | AT18: =+K18-J18 -> 244 | AU18: 44614 | AV18: 44620 | AW18: =IF(AV18="ANULADO","ANULADO",NETWORKDAYS.INTL(AU18,AV18)) -> 5 | AX18: MISIONAL | AY18: FUNCIONAMIENTO | AZ18: 80 HORAS | BA18: ='TOTAL CONTRATOS'!#REF! -> #REF! | BB18: 43816 | BC18: ='TOTAL CONTRATOS'!#REF! -> #REF! | BD18: ='TOTAL CONTRATOS'!#REF! -> #REF! | BE18: Convocatoria Directa
A19: 149-2022 | B19: C.P.Servicios | C19: PROFESIONALES GINECOLOGICOS S.A.S | D19: NIT | E19: 811001713 | F19: 1 | G19: Prestar el servicio de calibración del fotómetro UVB de la cámara de fototerapia National Biological y mantenimiento preventivo del equipo de Radiofrecuencia Ellman Pelleve-S5 del área de cirugía del Hospital Universitario Centro Dermatológico Federico Lleras Acosta E.S.E. | H19: 12 MESES | I19: 44713 | J19: ='TOTAL CONTRATOS'!F149 -> 44750 | K19: ='TOTAL CONTRATOS'!G149 -> 45114 | L19: 350 | M19: 44694 | N19: ='TOTAL CONTRATOS'!J149 -> A020202008007015-20 | O19: ='TOTAL CONTRATOS'!K149 -> 472 | P19: ='TOTAL CONTRATOS'!L149 -> 44747 | Q19: 2320500 | R19: El valor del presente contrato se cancelará posterior a cada visita de mantenimiento preventivo o calibración previa presentación de factura de venta y recibido a satisfacción del servicio, por parte del supervisor del contrato mediante informe de supervisión, para pagar a treinta (30) días, anexando certificado del pago a los sistemas de seguridad social a los que se encuentra obligada a cotizar. | V19: 0.2 | W19: 0.1 | X19: * | Y19: * | Z19: 0.1 | AA19: * | AB19: =SUM(Q19) -> 2320500 | AC19: =+'TOTAL CONTRATOS'!#REF! -> #REF! | AD19: =SUM(AB19-AC19) -> #REF! | AE19: =SUM(AC19*100/AB19) -> #REF! | AF19: 0 | AG19: Subdirector Administrativo y Financiero | AH19: Susana Valderrama Forero | AI19: 51736889 | AJ19: 5 | AK19: Acta 025 del 17/05/2022 | AM19: Calle 10 B 28 - 68 Medellin contabilidad@progyne.com servicialcliente@progyne.com 6042330808 | AN19: NA | AO19: NA | AP19: NA | AQ19: NA | AR19: NA | AS19: PENDIENTE | AT19: =+K19-J19 -> 364 | AU19: 44698 | AV19: 44706 | AW19: =IF(AV19="ANULADO","ANULADO",NETWORKDAYS.INTL(AU19,AV19)) -> 7 | AX19: APOYO | AY19: FUNCIONAMIENTO | AZ19: NA | BA19: NA | BB19: NA | BC19: Verificado 01 de junio de 2022 POLIZA ACUERDO, SARLAF, AUTORIZACION…. | BD19: Verificado el 01 de junio de 2022 Acta de Inicio | BE19: Convocatoria Directa
A20: 089-2022 | B20: C.P.Servicios Especializados | C20: PAULA XIMENA RODRIGUEZ MORALES | D20: CC | E20: 52429956 | F20: 8 | G20: Prestar servicios especializados de Fisioterapeuta y apoyar proyectos institucionales relacionados a su perfil (Discapacidad-Salud Pública), para la Subdirección Técnico-Científica en la gestión del sistema de garantía de calidad, en las instalaciones de la Empresa Social del Estado Centro Dermatológico Federico Lleras Acosta, E.S.E. | H20: 8 MESES | I20: 44622 | J20: ='TOTAL CONTRATOS'!F91 -> 44629 | K20: ='TOTAL CONTRATOS'!G91 -> 44873 | L20: 176 | M20: 44610 | N20: A02020200900301-20 | O20: 213 | P20: 44628 | Q20: 23046400 | R20: a. Un primer pago, correspondiente desde la fecha de inicio de ejecución del contrato hasta el día 20 del mes correspondiente. b. Mensualidades vencidas con corte los días 20 de cada mes. | V20: 0.2 | W20: 0.1 | X20: * | Y20: * | Z20: * | AA20: * | AB20: =+Q20 -> 23046400 | AC20: =+'TOTAL CONTRATOS'!#REF! -> #REF! | AD20: =SUM(AB20-AC20) -> #REF! | AE20: =SUM(AC20*100/AB20) -> #REF! | AF20: =+'TOTAL CONTRATOS'!#REF! -> #REF! | AG20: Subdirector Técnico Cientifico Medico Especialista, Coordinadora Medica | AH20: Fredy Mauricio Avila Marcela Soler Tovar | AI20: 79.372.771 1.032.377.897 | AJ20: x 5 | AK20: Servicio Misional | AM20: Calle 121 No. 48-06 Telefono 3017852728 email: rodriguezpaula @yahoo.com | AN20: NA | AO20: 28810 | AP20: EPS SANITAS | AQ20: COLPENSIONES | AR20: 44629 | AS20: PENDIENTE | AT20: =+K20-J20 -> 244 | AU20: 44614 | AV20: 44617 | AW20: =IF(AV20="ANULADO","ANULADO",NETWORKDAYS.INTL(AU20,AV20)) -> 4 | AX20: APOYO | AY20: FUNCIONAMIENTO | AZ20: 60 | BA20: ='TOTAL CONTRATOS'!#REF! -> #REF! | BB20: 43822 | BC20: ='TOTAL CONTRATOS'!#REF! -> #REF! | BD20: ='TOTAL CONTRATOS'!#REF! -> #REF! | BE20: Convocatoria Directa
A21: 060-2022 | B21: C.P.Servicios Médico Asistenciales | C21: PAOLA ANDREA MACIAS ARIAS | D21: CC | E21: 1032423089 | F21: 8 | G21: Prestar los servicios médicos asistenciales especializados en Dermatología, y participar en actividades académicas en las instalaciones de la Empresa Social del Estado Centro Dermatológico Federico Lleras Acosta, cuando sea convocado (a). | H21: Ocho (8) meses | I21: 44600 | J21: ='TOTAL CONTRATOS'!F63 -> 44602 | K21: ='TOTAL CONTRATOS'!G63 -> 44843 | L21: 117 | M21: 44594 | N21: A02020200900301-20 | O21: 125 | P21: 44596 | Q21: 65000000 | R21: a. Un primer pago, desde la fecha de inicio hasta el día veinte (20) del mes correspondiente. Mensualidades vencidas con corte los días veinte (20) de cada mes. PARAGRAFO: hora consulta y por evento procedimientos, según tarifas establecidas por la Dirección General. | V21: 0.2 | W21: 0.1 | X21: * | Y21: * | Z21: * | AA21: 44694 | AB21: =+Q21 -> 65000000 | AC21: =+'TOTAL CONTRATOS'!#REF! -> #REF! | AD21: =SUM(AB21-AC21) -> #REF! | AE21: =SUM(AC21*100/AB21) -> #REF! | AF21: =+'TOTAL CONTRATOS'!#REF! -> #REF! | AG21: Subdirector (a) Técnico Cientifica (e) Medico Especialista, Coordinadora Medica Jefe Oficina de Docencia e Investigacion | AH21: Alvaro Jose Tovar Cock Marcela Soler Tovar Mauricio Alberto Angel Macias | AI21: 79.238.958 1.032.377.897 79.985.065 | AJ21: 0 5 2 | AK21: Servicio Misional | AM21: Carrera 68C NO.23-31 Bloque 8 Apto. 502 Altagracia Ciudad Salitre Telefono: 3508908062 email: pmdermatologia@gmail.com | AN21: NA | AO21: 32199 | AP21: EPS SANITAS | AQ21: PORVENIR | AR21: 44602 | AS21: PENDIENTE | AT21: =+K21-J21 -> 241 | AU21: 44596 | AV21: 44600 | AW21: =IF(AV21="ANULADO","ANULADO",NETWORKDAYS.INTL(AU21,AV21)) -> 3 | AX21: MISIONAL | AY21: INVERSION | AZ21: 80 | BA21: ='TOTAL CONTRATOS'!#REF! -> #REF! | BB21: 44370 | BC21: ='TOTAL CONTRATOS'!#REF! -> #REF! | BD21: ='TOTAL CONTRATOS'!#REF! -> #REF! | BE21: Convocatoria Directa
A22: 007-2022 | B22: C.P.Servicios Médico Asistenciales | C22: OSCAR DARIO VELASQUEZ SUAREZ | D22: CC | E22: 1032437464 | F22: 1 | G22: Prestar los servicios médicos asistenciales en consulta externa y/o procedimientos en la especialidad de Dermatología, y participar en actividades académicas en las instalaciones de la Empresa Social del Estado Centro Dermatológico Federico Lleras Acosta, cuando sea convocado (a). | H22: 8 MESES | I22: 44575 | J22: ='TOTAL CONTRATOS'!F9 -> 44580 | K22: ='TOTAL CONTRATOS'!G9 -> 44944 | L22: 038 | M22: 44574 | N22: A02020200900301-20 | O22: 30 | P22: 44580 | Q22: 90000000 | R22: a. Un primer pago, desde la fecha de inicio hasta el día veinte (20) del mes correspondiente. Mensualidades vencidas con corte los días veinte (20) de cada mes. PARAGRAFO: hora consulta y por evento procedimientos, según tarifas establecidas por la Dirección General. | V22: 0.2 | W22: 0.1 | X22: * | Y22: * | Z22: * | AA22: 44676 | AB22: =SUM(Q22) -> 90000000 | AC22: =+'TOTAL CONTRATOS'!#REF! -> #REF! | AD22: =SUM(AB22-AC22) -> #REF! | AE22: =SUM(AC22*100/AB22) -> #REF! | AF22: =+'TOTAL CONTRATOS'!#REF! -> #REF! | AG22: Subdirector (a) Técnico Cientifica (e) Medico Especialista, Coordinadora Medica Jefe Oficina de Docencia e Investigacion | AH22: Alvaro Jose Tovar Cock Marcela Soler Tovar Mauricio Alberto Angel Macias | AI22: 79.238.958 1.032.377.897 79.985.065 | AJ22: 0 5 2 | AK22: Servicio Misional | AM22: Carrera 73 A No. 56A_31 Int. 4 Apto. 501 Telefono 3164238390 odvelasquez@gmail.com | AN22: NA | AO22: 33042 | AP22: COMPENSAR | AQ22: PROTECCION | AR22: 44580 | AS22: PENDIENTE | AT22: =+K22-J22 -> 364 | AU22: 44574 | AV22: 44580 | AW22: =IF(AV22="ANULADO","ANULADO",NETWORKDAYS.INTL(AU22,AV22)) -> 5 | AX22: MISIONAL | AY22: FUNCIONAMIENTO | AZ22: 80 | BA22: ='TOTAL CONTRATOS'!#REF! -> #REF! | BB22: 43210 | BC22: ='TOTAL CONTRATOS'!#REF! -> #REF! | BD22: ='TOTAL CONTRATOS'!#REF! -> #REF! | BE22: Convocatoria Directa
A23: 052-2022 | B23: C.P.Servicios | C23: NICOLAS ALONSO CHISCO FONTECHA | D23: CC | E23: 1018509074 | F23: 8 | G23: Prestar los servicios de apoyo técnico a la gestión de la Subdirección Administrativa y Financiera de la E.S.E. Centro Dermatológico “Federico Lleras Acosta” en cada una de sus áreas. | H23: Cuatro (4) meses y veintiocho (28) días | I23: 44594 | J23: ='TOTAL CONTRATOS'!F55 -> 44595 | K23: ='TOTAL CONTRATOS'!G55 -> 44742 | L23: 112 | M23: 44593 | N23: A02020200800309-20 | O23: P | P23: P | Q23: 9748267 | R23: a. Un primer pago, correspondiente desde la fecha de inicio de ejecución del contrato hasta el día 20 del mes correspondiente. b. Mensualidades vencidas con corte los días 20 de cada mes. | V23: 0.2 | W23: 0.1 | X23: * | Y23: * | Z23: * | AA23: * | AB23: =SUM(Q23) -> 9748267 | AC23: =+'TOTAL CONTRATOS'!#REF! -> #REF! | AD23: =SUM(AB23-AC23) -> #REF! | AE23: =SUM(AC23*100/AB23) -> #REF! | AF23: =+'TOTAL CONTRATOS'!#REF! -> #REF! | AG23: Subdirectora Administrativa y Financiera | AH23: Susana Valderrama Forero | AK23: Acta 07 del 01/02/2022 | AM23: Diagonal 51C Sur No. 55-06 Casa venecia Telefono 8170773 email: chisconicoals@gmail.com | AN23: NA | AO23: 36209 | AP23: SALUD TOTAL | AQ23: PROTECCION | AR23: 44503 | AS23: PENDIENTE | AT23: =+K23-J23 -> 147 | AU23: 44497 | AV23: 44502 | AW23: =IF(AV23="ANULADO","ANULADO",NETWORKDAYS.INTL(AU23,AV23)) -> 4 | AX23: APOYO | AY23: FUNCIONAMIENTO | AZ23: 160 | BA23: ='TOTAL CONTRATOS'!#REF! -> #REF! | BB23: 44496 | BC23: ='TOTAL CONTRATOS'!#REF! -> #REF! | BD23: ='TOTAL CONTRATOS'!#REF! -> #REF! | BE23: Convocatoria Directa
A24: 135-2022 | B24: C.P.Servicios | C24: NETUX S.A.S | D24: NIT | E24: 900331794 | F24: 4 | G24: Prestar el servicio de mantenimiento preventivo, correctivo y calibración del sistema de monitoreo digital de telemetría de la E.S.E “Centro Dermatológico Federico Lleras Acosta”. | H24: 6 MESES | I24: 44685 | J24: 44700 | K24: ='TOTAL CONTRATOS'!G135 -> 44883 | L24: 314 | M24: 44676 | N24: A020202008007015-20 | O24: 465 | P24: 44700 | Q24: 25730434 | R24: Un primero pago por valor de $3.400.000 correspondiente al alquiler de 16 equipos el cual se cancela una sola vez durante el tiempo que duren los equipos en el Centro y seis pagos parciales por valor de $3.721.739, por concepto, mantenimiento correctivo, mantenimiento preventivo, calibración de los sensores y el uso del aplicativo “mimonitor” donde se tiene en tiempo real las temperaturas y humedades de los equipos y áreas de control. Presentación de factura e informe de supervisión y certificación de cumplimiento para pagar a treinta (30) días, anexando certificado del pago a los sistemas de seguridad social a los que se encuentra obligada a cotizar. | V24: 0.2 | W24: 0.1 | X24: * | Y24: * | Z24: * | AA24: * | AB24: =SUM(Q24) -> 25730434 | AC24: =+'TOTAL CONTRATOS'!#REF! -> #REF! | AD24: =SUM(AB24-AC24) -> #REF! | AE24: =+AC24*100/AB24 -> #REF! | AF24: =+'TOTAL CONTRATOS'!#REF! -> #REF! | AG24: Subdirector Administrativo y Financiero | AH24: Susana Valderrama Forero | AI24: 51736889 | AJ24: 5 | AK24: Acta 21 del 28 de abril de 2022 | AM24: Circular 3 Av 73 - 34 3176415029 contacto@netuxtecnologia.com | AN24: 1.000 SMLMV | AO24: NA | AP24: NA | AQ24: NA | AR24: NA | AS24: PENDIENTE | AT24: =+K24-J24 -> 183 | AU24: 44675 | AV24: 44684 | AW24: =IF(AV24="ANULADO","ANULADO",NETWORKDAYS.INTL(AU24,AV24)) -> 7 | AX24: APOYO | AY24: FUNCIONAMIENTO | AZ24: NA | BA24: ='TOTAL CONTRATOS'!#REF! -> #REF! | BB24: NA | BC24: ='TOTAL CONTRATOS'!#REF! -> #REF! | BD24: ='TOTAL CONTRATOS'!#REF! -> #REF! | BE24: Convocatoria Directa
A25: 080-2022 | B25: C.P.Servicios Médico Asistenciales | C25: NATHALIA ELENA PLAZA ARTEAGA | D25: CC | E25: 52962594 | F25: 1 | G25: Prestar los servicios médicos asistenciales en consulta externa y/o procedimientos en la especialidad de Dermatología, y participar en actividades académicas en las instalaciones de la Empresa Social del Estado Centro Dermatológico Federico Lleras Acosta, cuando sea convocado (a). | H25: 8 MESES | I25: 44617 | J25: ='TOTAL CONTRATOS'!F82 -> 44624 | K25: ='TOTAL CONTRATOS'!G82 -> 44875 | L25: 167 | M25: 44608 | N25: A02020200900301-20 | O25: 191 | P25: 44623 | Q25: 80000000 | R25: a. Un primer pago, desde la fecha de inicio hasta el día 20 del mes correspondiente. Mensualidades vencidas con corte los días 20 de cada mes. PARAGRAFO: hora consulta y por evento procedimientos, según tarifas establecidas por la Dirección General. | U25: Suspensión 1: 11 al 17 de mayo de 2022, por motivos personal | V25: 0.2 | W25: 0.1 | X25: * | Y25: * | Z25: * | AA25: 44816 | AB25: =+Q25 -> 80000000 | AC25: =+'TOTAL CONTRATOS'!#REF! -> #REF! | AD25: =SUM(AB25-AC25) -> #REF! | AE25: =SUM(AC25*100/AB25) -> #REF! | AF25: =+'TOTAL CONTRATOS'!#REF! -> #REF! | AG25: Subdirector Técnico Cientifico Medico Especialista, Coordinadora Medica Profesional Especializada, Coordinador del Grupo de Enfermeria (C.Interna 55963 del 29 de ocy/21) | AH25: Fredy Mauricio Avila Marcela Soler Tovar Mauricio Alberto Angel Macias | AI25: 79.372.771 1.032.377.897 79.985.065 | AJ25: x 5 2 | AK25: Servicio Misional | AM25: Calle 150A N. 50-20 Ap 303 Victoria Norte Telefónos 6254968 - 3105854681 Email: natplaza@hotmail.com | AN25: NA | AO25: 30083 | AP25: ALIANSALUD EPS SA | AQ25: COLPENSIONES | AR25: 44624 | AS25: PENDIENTE | AT25: =+K25-J25 -> 251 | AU25: 44613 | AV25: 44617 | AW25: =IF(AV25="ANULADO","ANULADO",NETWORKDAYS.INTL(AU25,AV25)) -> 5 | AX25: MISIONAL | AY25: INVERSION | AZ25: 80 | BA25: ='TOTAL CONTRATOS'!#REF! -> #REF! | BB25: 43838 | BC25: ='TOTAL CONTRATOS'!#REF! -> #REF! | BD25: ='TOTAL CONTRATOS'!#REF! -> #REF! | BE25: Convocatoria Directa
A26: 143-2022 | B26: C.P.Servicios Médico Asistenciales | C26: NATHALIA CORREA VELEZ | D26: CC | E26: 1130605015 | F26: 0 | G26: Prestar los servicios médicos asistenciales en consulta externa y/o procedimientos en la especialidad de Dermatología, y participar en actividades académicas en las instalaciones de la Empresa Social del Estado Centro Dermatológico Federico Lleras Acosta, cuando sea convocado (a) | H26: 5 MESES | I26: 44698 | J26: ='TOTAL CONTRATOS'!F143 -> 44699 | K26: ='TOTAL CONTRATOS'!G143 -> 44851 | L26: ='TOTAL CONTRATOS'!H143 -> 303 | M26: ='TOTAL CONTRATOS'!I143 -> 44670 | N26: ='TOTAL CONTRATOS'!J143 -> A02020200900301-20 | O26: ='TOTAL CONTRATOS'!K143 -> 450 | P26: ='TOTAL CONTRATOS'!L143 -> 44699 | Q26: 30000000 | R26: a. Un primer pago, correspondiente desde la fecha de inicio de ejecución del contrato hasta el día 20 del mes correspondiente, previa presentación de la cuenta de cobro y/o factura e informe de supervisión y certificación de cumplimiento con los anexos referidos al pago a los sistemas de seguridad social a los que se encuentra obligada (o) a cotizar. b. Mensualidades vencidas con corte los días 20 de cada mes, previa presentación de la cuenta de cobro y/o factura e informe de supervisión certificación y cumplimiento expedido por la supervisora, el cual deberá acompañarse por los soportes antes referidos en el literal a). PARÁGRAFO PRIMERO: EL CENTRO cancelará la prestación de los servicios al CONTRATISTA, para lo cual tendrá en cuenta el número de pacientes atendidos por hora en consulta, y por evento se tendrá en cuenta el número y tipo de procedimientos, según tarifas establecidas por la Dirección General. La asistencia a Ateneo será reconocida sí cumple con 20 horas asistenciales semanales. PARÁGRAFO SEGUNDO: Los pagos están sujetos a la presentación de la cuenta de cobro y del formato PA-CDJ-FO-011 Informe de supervisión y certificación de cumplimiento de contrato u orden, con los anexos referidos al pago a los sistemas de seguridad social a los que se encuentra obligado (a) a cotizar). | V26: 0.2 | W26: 0.1 | X26: * | Y26: * | Z26: * | AA26: 44925 | AB26: =+Q26 -> 30000000 | AC26: =+'TOTAL CONTRATOS'!#REF! -> #REF! | AD26: =+AB26-AC26 -> #REF! | AE26: =+AC26*100/AB26 -> #REF! | AF26: =+'TOTAL CONTRATOS'!#REF! -> #REF! | AG26: Medico Especialista, Coordinadora Medica Subdirector Técnico Cientifico Jefe Oficina de Docencia e Investigacion (E) | AH26: Marcela Soler Tovar Mauricio Molina Achury Zulma Lorena Alvarado Alvarez | AI26: 1032377897 79368488 52075120 | AJ26: 5 8 7 | AK26: Servicio Misional | AM26: Calle 147 # 12 - 52 Apto 120 - Torre 1 Cel. 3216398910 ncorreavelez@gmail.com | AN26: NA | AO26: 31527 | AP26: Sanitas | AQ26: Colpensiones | AR26: 44699 | AS26: PENDIENTE | AT26: =+K26-J26 -> 152 | AU26: 44678 | AV26: 44684 | AW26: =IF(AV26="ANULADO","ANULADO",NETWORKDAYS.INTL(AU26,AV26)) -> 5 | AX26: MISIONAL | AY26: FUNCIONAMIENTO | AZ26: 40 | BA26: UNIVERSIDAD DEL ROSARIO Médica y Cirujana (19/01/2011) RETHUS - MEDICINA FUNDACIÓN UNIVERSITARIA DE CIENCIAS DE LA SALUD - FUCS Especialista en Dermatología (16/08/2019) Especialista en Epidemiología Clínica (17/08/2018) RETHUS - ESPECIALIZACIÓN EN EPIDEMIOLOGIA CLINICA ESPECIALIZACIÓN EN DERMATOLOGIA HOSPITLA MILITAR CENTRAL Atención Integral en Salud a Víctimas de Violencia Sexual (19/01/2022) FUNDACIÓN INTERAMERICANA DEL CORAZON Reanimación Basica para profesionales de la Salud (nov/2020) Programa de apoyo Vital Cardiovascular Avanzado (nov/2020) TRIBUNAL NACIONAL DE ETICA MEDICA (Certificacion del Sisteman de Informacion de Registro de Sanciones del Tribunal Nacional de Etica Medica) | BB26: 44579 | BC26: ='TOTAL CONTRATOS'!#REF! -> #REF! | BD26: ='TOTAL CONTRATOS'!#REF! -> #REF! | BE26: Convocatoria Directa
A27: 048-2022 | B27: C.P.Servicios Médico Asistenciales | C27: MONICA PAOLA NOVOA CANDIA | D27: CC | E27: 52884342 | F27: 6 | G27: Prestar servicios médicos asistenciales especializados en Dermatología General y Dermato-Pediatría, y participar en actividades académicas en las instalaciones de la Empresa Social del Estado Centro Dermatológico Federico Lleras Acosta, cuando sea convocado | H27: 8 MESES | I27: 44593 | J27: ='TOTAL CONTRATOS'!F51 -> 44595 | K27: ='TOTAL CONTRATOS'!G51 -> 44836 | L27: 064 | M27: 44579 | N27: A02020200900301-20 | O27: 103 | P27: 44595 | Q27: 35000000 | R27: a. Un primer pago, correspondiente desde la fecha de inicio de ejecución del contrato hasta el día 20 del mes correspondiente, previa presentación de la cuenta de cobro y/o factura e informe de supervisión y certificación de cumplimiento con los anexos referidos al pago a los sistemas de seguridad social a los que se encuentra obligada (o) a cotizar. b. Mensualidades vencidas con corte los días 20 de cada mes, previa presentación de la cuenta de cobro y/o factura e informe de supervisión y certificación de cumplimiento expedido por el (los) supervisor (es), el cual deberá acompañarse por los soportes antes referidos en el literal a). PARAGRAFO: EL CENTRO cancelará la prestación de los servicios a la CONTRATISTA, para lo cual tendrá en cuenta el número de pacientes atendidos por hora en consulta, y por evento se tendrá en cuenta el número y tipo de procedimientos, según tarifas establecidas por la Directora General. La asistencia a Ateneo será reconocida sí cumple con 20 horas asistenciales semanales. | V27: 0.2 | W27: 0.1 | X27: * | Y27: * | Z27: * | AB27: =+Q27 -> 35000000 | AC27: =+'TOTAL CONTRATOS'!#REF! -> #REF! | AD27: =SUM(AB27-AC27) -> #REF! | AE27: =SUM(AC27*100/AB27) -> #REF! | AF27: =+'TOTAL CONTRATOS'!#REF! -> #REF! | AG27: Subdirectora Técnico Cientifica (e) Medico Especialista, Coordinadora Medica (C.I. 46313 15 de junio /21) Jefe Oficina de Docencia e Investigacion | AH27: Alvaro Jose Tovar Cock Marcela Soler Tovar Mauricio Alberto Angel Macias | AI27: 79.238.958 1.032.377.897 79.985.065 | AJ27: 0 5 2 | AK27: Servicio Misional | AM27: ='TOTAL CONTRATOS'!#REF! -> #REF! | AN27: NA | AO27: 29941 | AP27: COMPENSAR EPS | AQ27: COLPENSIONES | AR27: 44595 | AS27: PENDIENTE | AT27: =+K27-J27 -> 241 | AU27: 44583 | AV27: 44593 | AW27: =IF(AV27="ANULADO","ANULADO",NETWORKDAYS.INTL(AU27,AV27)) -> 7 | AX27: MISIONAL | AY27: INVERSION | BA27: ='TOTAL CONTRATOS'!#REF! -> #REF! | BB27: 43844 | BC27: ='TOTAL CONTRATOS'!#REF! -> #REF! | BD27: ='TOTAL CONTRATOS'!#REF! -> #REF! | BE27: Convocatoria Directa
A28: 023-2022 | B28: C.P.Servicios Médico Asistenciales | C28: MONICA MARIA RAMIREZ ARDILA | D28: CC | E28: 39693146 | F28: 1 | G28: Prestar servicios médicos asistenciales especializados en Cirugía Plástica Reconstructiva y Estética y participar en actividades académicas en las instalaciones de la Empresa Social del Estado Centro Dermatológico Federico Lleras Acosta, cuando sea convocado (a). | H28: 8 MESES | I28: 44582 | J28: ='TOTAL CONTRATOS'!F25 -> 44588 | K28: ='TOTAL CONTRATOS'!G25 -> 44936 | L28: 058 | M28: 44575 | N28: A02020200900301-20 | O28: 50 | P28: 44586 | Q28: 50000000 | R28: a. Un primer pago, desde la fecha de inicio hasta el día veinte (20) del mes correspondiente. Mensualidades vencidas con corte los días veinte (20) de cada mes. PARAGRAFO: hora consulta y por evento procedimientos, según tarifas establecidas por la Dirección General. | V28: 0.2 | W28: 0.1 | X28: * | Y28: * | Z28: * | AA28: 44983 | AB28: =SUM(Q28) -> 50000000 | AC28: =+'TOTAL CONTRATOS'!#REF! -> #REF! | AD28: =SUM(AB28-AC28) -> #REF! | AE28: =SUM(AC28*100/AB28) -> #REF! | AF28: =+'TOTAL CONTRATOS'!#REF! -> #REF! | AG28: Subdirector (a) Técnico Cientifica (e) Medico Especialista, Coordinadora Medica Jefe Oficina de Docencia e Investigacion | AH28: Alvaro Jose Tovar Cock Marcela Soler Tovar Mauricio Alberto Angel Macias | AI28: 79.238.958 1.032.377.897 79.985.065 | AJ28: 0 5 2 | AK28: Servicio Misional | AM28: Calle 127 No. 9-45 apto. 203 Recodo del Country Telefono 3153510736 email: moniplastic@hotmail.com | AN28: NA | AO28: 23948 | AP28: EPS SANITAS | AQ28: PORVENIR | AR28: 44586 | AS28: PENDIENTE | AT28: =+K28-J28 -> 348 | AU28: 44575 | AV28: 44582 | AW28: =IF(AV28="ANULADO","ANULADO",NETWORKDAYS.INTL(AU28,AV28)) -> 6 | AX28: MISIONAL | AY28: FUNCIONAMIENTO | AZ28: No registra en el contrato | BA28: ='TOTAL CONTRATOS'!#REF! -> #REF! | BB28: 43417 | BC28: ='TOTAL CONTRATOS'!#REF! -> #REF! | BD28: ='TOTAL CONTRATOS'!#REF! -> #REF! | BE28: Convocatoria Directa
A29: 098-2022 | B29: C.P.Servicios Especializados | C29: MARTHA INIRIDA GUERRERO GUERRERO | D29: CC | E29: 20408885 | F29: 7 | G29: Prestar servicios especializados como miembro del Comité Editorial creado mediante la resolución 009 del 9 de enero de 2009 y modificada mediante la resolución 017 del 30 de enero de 2014 en calidad de profesional de la comunidad científica del Instituto, experto en disciplina diferente a la dermatología, con experiencia en investigación. | H29: 6 MESES | I29: 44624 | J29: ='TOTAL CONTRATOS'!F100 -> 44630 | K29: ='TOTAL CONTRATOS'!G100 -> 44813 | L29: 179 | M29: 44614 | N29: D19010300601901001-20 | O29: 210 | P29: 44628 | Q29: 5112000 | R29: Un primer y único pago una vez terminado el objeto del contrato. PARÁGRAFO: Los pagos están sujetos a la presentación de la cuenta de cobro y del formato PA-CDJ-FO-011 Informe de supervisión y certificación y cumplimiento de contrato u orden con los anexos referidos al pago de los sistemas de seguridad social a los que se encuentra obligado(a) a cotizar. | V29: 0.2 | W29: 0.1 | X29: * | Y29: * | Z29: * | AA29: * | AB29: =+Q29 -> 5112000 | AC29: =+'TOTAL CONTRATOS'!#REF! -> #REF! | AD29: =SUM(AB29-AC29) -> #REF! | AE29: =SUM(AC29*100/AB29) -> #REF! | AF29: =+'TOTAL CONTRATOS'!#REF! -> #REF! | AG29: Jefe Oficina de Docencia e Investigacion | AH29: Mauricio Alberto Angel Macias | AI29: 79985065 | AJ29: 2 | AK29: Servicio Misional | AM29: Carrera 3 No. 19-76 Casa 97 Ponylandia - Chía Telefono 8619443 email. marthainiridag@yahoo.com | AN29: NA | AO29: 19988 | AP29: COMPENSAR | AQ29: COLPENSIONES | AR29: 44629 | AS29: PENDIENTE | AT29: =+K29-J29 -> 183 | AU29: 44620 | AV29: 44622 | AW29: =IF(AV29="ANULADO","ANULADO",NETWORKDAYS.INTL(AU29,AV29)) -> 3 | AX29: APOYO | AY29: FUNCIONAMIENTO | AZ29: 80 | BA29: ='TOTAL CONTRATOS'!#REF! -> #REF! | BB29: 43858 | BC29: ='TOTAL CONTRATOS'!#REF! -> #REF! | BD29: ='TOTAL CONTRATOS'!#REF! -> #REF! | BE29: Convocatoria Directa
A30: 068-2022 | B30: C.P.Servicios Médico Asistenciales | C30: MARTHA CECILIA VALBUENA MESA | D30: CC | E30: 51820818 | F30: 1 | G30: Prestar servicios médicos asistenciales especializados en Dermatología, atender la Demanda de pacientes en el servicio de Fotobiología y participar en actividades académicas en las instalaciones de la Empresa Social del Estado Centro Dermatológico Federico Lleras Acosta, cuando sea convocado (a) | H30: 8 MESES | I30: 44608 | J30: ='TOTAL CONTRATOS'!F71 -> 44613 | K30: ='TOTAL CONTRATOS'!G71 -> 44930 | L30: 134 | M30: 44600 | N30: A02020200900301-20 | O30: 150 | P30: 44610 | Q30: 80000000 | R30: a. Un primer pago, desde la fecha de inicio hasta el día 20 del mes correspondiente. Mensualidades vencidas con corte los días 20 de cada mes. PARAGRAFO: hora consulta y por evento procedimientos, según tarifas establecidas por la Dirección General. | V30: 0.2 | W30: 0.1 | X30: * | Y30: * | Z30: * | AA30: 44775 | AB30: =+Q30 -> 80000000 | AC30: =+'TOTAL CONTRATOS'!#REF! -> #REF! | AD30: =SUM(AB30-AC30) -> #REF! | AE30: =SUM(AC30*100/AB30) -> #REF! | AF30: =+'TOTAL CONTRATOS'!#REF! -> #REF! | AG30: Subdirector Técnico Cientifico Medico Especialista, Coordinadora Medica (C.I. 46313 15 de junio /21) Jefe Oficina de Docencia e Investigacion | AH30: Fredy Mauricio Avila Marcela Soler Tovar Mauricio Alberto Angel Macias | AI30: 79.372.771 1.032.377.897 79.985.065 | AJ30: x 5 2 | AK30: Servicio Misional | AM30: Carrera 1 Este 70A-70 Apto. 401 Telefono 4646924 email : marvalbuena @yahoo.com | AN30: NA | AO30: 24272 | AP30: ALLIANSALUD | AQ30: COLFONDOS | AR30: p | AS30: PENDIENTE | AT30: =+K30-J30 -> 317 | AU30: 44217 | AV30: 44218 | AW30: =IF(AV30="ANULADO","ANULADO",NETWORKDAYS.INTL(AU30,AV30)) -> 2 | AX30: MISIONAL | AY30: INVERSION | AZ30: 80 | BA30: ='TOTAL CONTRATOS'!#REF! -> #REF! | BB30: 43840 | BC30: ='TOTAL CONTRATOS'!#REF! -> #REF! | BD30: ='TOTAL CONTRATOS'!#REF! -> #REF! | BE30: Convocatoria Directa
A31: 101-2022 | B31: C.P.Servicios Profesionales | C31: MARTHA CECILIA VALBUENA MESA | D31: CC | E31: 51820818 | F31: 1 | G31: Prestar los servicios profesionales para cumplir con las obligaciones como miembro del Comité Editorial en calidad de Dermatólogo. | H31: 6 MESES | I31: 44624 | J31: ='TOTAL CONTRATOS'!F103 -> 44629 | K31: ='TOTAL CONTRATOS'!G103 -> 44813 | L31: 180 | M31: 44614 | N31: D190103000601901001-20 | O31: 230 | P31: 44629 | Q31: 5112000 | R31: a. Un primer pago, correspondiente desde la fecha de inicio de ejecución del contrato hasta el 20 del mes correspondiente b. Mensualidades vencidas con corte los días 20 de cada mes. PARAGRAFO: Los pagos están sujetos a la presentación de la cuenta de cobro y del formato PA-CDJ-FO-011 Informe de supervisión y certificación y cumplimiento de contrato u orden con los anexos referidos al pago de los sistemas de seguridad social a los que se encuentra obligado(a) a cotizar. | V31: 0.2 | W31: 0.1 | X31: * | Y31: * | Z31: * | AA31: * | AB31: =+Q31 -> 5112000 | AC31: =+'TOTAL CONTRATOS'!#REF! -> #REF! | AD31: =SUM(AB31-AC31) -> #REF! | AE31: =SUM(AC31*100/AB31) -> #REF! | AF31: =+'TOTAL CONTRATOS'!#REF! -> #REF! | AG31: Jefe Oficina de Docencia e Investigacion | AH31: Mauricio Alberto Angel Macias | AI31: 79985065 | AJ31: 2 | AK31: Servicio Misional | AM31: Carrera 1 Este 70A-70 Apto. 401 Telefono 4646924 email : marvalbuena @yahoo.com | AN31: NA | AO31: 24272 | AP31: ALLIANSALUD | AQ31: COLFONDOS | AR31: 44630 | AS31: PENDIENTE | AT31: =+K31-J31 -> 184 | AW31: =IF(AV31="ANULADO","ANULADO",NETWORKDAYS.INTL(AU31,AV31)) -> 0 | AX31: MISIONAL | AY31: INVERSION | AZ31: 80 | BA31: ='TOTAL CONTRATOS'!#REF! -> #REF! | BB31: 43840 | BC31: ='TOTAL CONTRATOS'!#REF! -> #REF! | BD31: ='TOTAL CONTRATOS'!#REF! -> #REF! | BE31: Convocatoria Directa
A32: CESIÓN CTO 032-2022 | B32: C.P.Servicios | C32: MARIA ESPERANZA SANTANA ALMANZA | D32: CC | E32: 20866301 | F32: 1 | G32: Prestar los servicios técnicos en servicios farmacéuticos apoyando las actividades generales y especificas del proceso de farmacia, realizando verificación de productos y pedidos solicitados en la página web para su programación a domicilio | H32: 3 MESES Y 29 DÍAS | I32: 44713 | J32: 44714 | K32: 44834 | L32: 069 | M32: 44579 | N32: A02020200800309-20 | O32: 500 | P32: 44714 | Q32: 6165120 | R32: a. Un primer pago, desde la fecha de inicio hasta el día 20 del mes correspondiente. Mensualidades vencidas con corte los días 20 de cada mes. | U32: Se realiza cesión del contrato a partir del 02 de junio de 2022, por valor de $6.165.120. | V32: 0.2 | W32: 0.1 | X32: * | Y32: * | Z32: * | AA32: * | AB32: =+Q32 -> 6165120 | AC32: 0 | AD32: =SUM(AB32-AC32) -> 6165120 | AE32: =SUM(AC32*100/AB32) -> 0 | AF32: 0 | AG32: Profesional Universitario Química Farmacéutica | AH32: Claudia Patricia Acosta Mieles | AI32: 22732243 | AJ32: 4 | AK32: Servicio Misional | AM32: Diagonal 40 a Bis # 16 - 63 3106874666 maria.esperanza@misena.edu.co | AN32: NA | AO32: 31224 | AP32: COMPENSAR EPS | AQ32: PORVENIR | AR32: 44714 | AS32: PENDIENTE | AT32: =+K32-J32 -> 120 | AU32: 44712 | AV32: 44713 | AW32: =IF(AV32="ANULADO","ANULADO",NETWORKDAYS.INTL(AU32,AV32)) -> 2 | AX32: MISIONAL | AY32: FUNCIONAMEINTO | AZ32: 160 | BA32: SERVICION NACIONAL DE APRENDIZAJE SENA Tecnólogo en regencia de farmacia (12/12/2017) RETHUS - TECNOLOGIA EN REGENCIA DE FARMACIA | BB32: 44670 | BC32: OK | BD32: OK | BE32: Convocatoria Directa
A33: 138-2022 | B33: C.P.Servicios Médico Asistenciales | C33: MARIA CRISTINA RONDEROS ACEVEDO | D33: CC | E33: 52149686 | F33: 2 | G33: Prestar los servicios médicos asistenciales en consulta externa y/o procedimientos en la especialidad de Dermatología, realizar actividades de Auditoría médica de pares, apoyo a SIAU y participar en actividades académicas en las instalaciones de la Empresa Social del Estado Centro Dermatológico “Federico Lleras Acosta” E.S.E. | H33: 8 MESES | I33: 44686 | J33: ='TOTAL CONTRATOS'!F138 -> 44693 | K33: ='TOTAL CONTRATOS'!G138 -> 44937 | L33: 162 | M33: 44607 | N33: A02020200900301-20 | O33: 415 | P33: 44690 | Q33: 45000000 | R33: a. Un primer pago, correspondiente desde la fecha de inicio de ejecución del contrato hasta el día 20 del mes correspondiente, previa presentación de la cuenta de cobro y/o factura e informe de supervisión y certificación de cumplimiento con los anexos referidos al pago a los sistemas de seguridad social a los que se encuentra obligada (o) a cotizar. b. Mensualidades vencidas con corte los días 20 de cada mes, previa presentación de la cuenta de cobro y/o factura e informe de supervisión certificación y cumplimiento expedido por la supervisora, el cual deberá acompañarse por los soportes antes referidos en el literal a). PARÁGRAFO PRIMERO: EL CENTRO cancelará la prestación de los servicios al CONTRATISTA, para lo cual tendrá en cuenta el número de pacientes atendidos por hora en consulta, y por evento se tendrá en cuenta el número y tipo de procedimientos, según tarifas establecidas por la Dirección General. La asistencia a Ateneo será reconocida sí cumple con 20 horas asistenciales semanales. PARÁGRAFO SEGUNDO: Los pagos están sujetos a la presentación de la cuenta de cobro y del formato PA-CDJ-FO-011 Informe de supervisión y certificación de cumplimiento de contrato u orden, con los anexos referidos al pago a los sistemas de seguridad social a los que se encuentra obligado (a) a cotizar). | V33: 0.2 | W33: 0.1 | X33: * | Y33: * | Z33: * | AA33: 44776 | AB33: =SUM(Q33) -> 45000000 | AC33: =+'TOTAL CONTRATOS'!#REF! -> #REF! | AD33: =SUM(AB33-AC33) -> #REF! | AE33: =+AC33*100/AB33 -> #REF! | AF33: =+'TOTAL CONTRATOS'!#REF! -> #REF! | AG33: Medico Especialista, Coordinadora Medica Subdirector Técnico Cientifico Jefe Oficina de Docencia e Investigacion (E) | AH33: Marcela Soler Tovar Mauricio Molina Achury Zulma Lorena Alvarado Alvarez | AI33: 1032377897 79368488 52075120 | AJ33: 5 8 7 | AK33: Servicio Misional | AM33: Carrera 1 84 c 50 Torre 5 Apt 502 la Cabrera 3106660168 mronderos@hotmail.com | AN33: NA | AO33: 26991 | AP33: SANITAS | AQ33: PORVENIR | AR33: P | AS33: PENDIENTE | AT33: =+K33-J33 -> 244 | AX33: MISIONAL | AY33: FUNCIONAMIENTO | AZ33: 80 | BA33: ='TOTAL CONTRATOS'!#REF! -> #REF! | BB33: 43820 | BC33: ='TOTAL CONTRATOS'!#REF! -> #REF! | BD33: ='TOTAL CONTRATOS'!#REF! -> #REF! | BE33: Convocatoria Directa
A34: 066-2022 | B34: C.P.Servicios | C34: MARIA CONSUELO CORTES ECHEVERRI | D34: CC | E34: 51745924 | F34: 3 | G34: Prestar los servicios como apoyo administrativo para atender, recepcionar, radicar, direccionar y efectuar el seguimiento y el control de las solicitudes que llegan a la Ventanilla Única de Correspondencia del Centro ya sea interna o externa, dejando el respectivo registro en los consecutivos de comunicaciones oficiales enviadas y recibidas en el Sistema de Información establecido por la Entidad, dando cumplimiento a la normatividad vigente sobre la materia. | H34: cinco (05) meses | I34: 44606 | J34: ='TOTAL CONTRATOS'!F69 -> 44608 | K34: ='TOTAL CONTRATOS'!G69 -> 44757 | L34: 135 | M34: 44600 | N34: A02020200800309-20 | O34: P | P34: P | Q34: 9500000 | R34: a. Un primer pago, correspondiente desde la fecha de inicio de ejecución del contrato hasta el día 20 del mes correspondiente. b. Mensualidades vencidas con corte los días 20 de cada mes. PARAGRAFO: Los pagos están sujetos a la presentación de la cuenta de cobro y del formato PA-CDJ-FO-011 Informe de supervisión y certificación de cumplimiento de contrato u orden, con los anexos referidos al pago a los sistemas de seguridad social a los que se encuentra obligado (a) a cotizar. | V34: 0.2 | W34: 0.1 | X34: * | Y34: * | Z34: * | AA34: * | AB34: =+Q34 -> 9500000 | AC34: =+'TOTAL CONTRATOS'!#REF! -> #REF! | AD34: =+AB34-AC34 -> #REF! | AE34: =+AC34*100/AB34 -> #REF! | AF34: =+'TOTAL CONTRATOS'!#REF! -> #REF! | AG34: Técnico Administrativo 3124 - 16, responsable de Gestión Documental | AH34: Técnico Administrativo 3124 - 16, responsable de Gestión Documental | AI34: Luisa Liliana Cartagena | AJ34: 39567370 | AK34: Acta 09 del 10/02/2022 | AM34: Calle 86 A # 49 C - 24 3175448455 cortesconsuelo@hotmail.com | AN34: NA | AO34: 23421 | AP34: SANITAS | AQ34: COLPENSIONES (PENSIONADA) | AR34: 44607 | AS34: PENDIENTE | AT34: =+K34-J34 -> 149 | AU34: 44602 | AV34: 44606 | AW34: =IF(AV34="ANULADO","ANULADO",NETWORKDAYS.INTL(AU34,AV34)) -> 3 | AX34: APOYO | BA34: ='TOTAL CONTRATOS'!#REF! -> #REF! | BB34: 44595 | BC34: ='TOTAL CONTRATOS'!#REF! -> #REF! | BD34: ='TOTAL CONTRATOS'!#REF! -> #REF! | BE34: Convocatoria Directa
A35: 142-2022 | B35: C.P.Servicios | C35: MARIA ALEJANDRA LIZARAZO ROZO | D35: CC | E35: 1023976175 | F35: 3 | G35: Prestar los servicios de orientación e información de manera personalizada y humanizada en pre y post consulta a los usuarios del Centro Dermatológico “Federico Lleras Acosta”, en los módulos de atención interno y externo del SIAU, salas de espera y educación al paciente en pasillos | H35: 5 MESES | I35: 44694 | J35: ='TOTAL CONTRATOS'!F142 -> 44697 | K35: ='TOTAL CONTRATOS'!G142 -> 44849 | L35: 285 | M35: 44657 | N35: A02020200800309-20 | O35: P | P35: P | Q35: 7905000 | R35: a. Un primer pago, correspondiente desde la fecha de inicio de ejecución del contrato hasta el día 20 del mes correspondiente. b. Mensualidades vencidas con corte los días 20 de cada mes por un valor de UN MILLÓN QUINIENTOS OCHENTA Y UN MIL PESOS ($1.581.000). PARÁGRAFO: Los pagos están sujetos a la presentación de la cuenta de cobro y del formato PA-CDJ-FO-011 Informe de supervisión y certificación de cumplimiento de contrato u orden, con los anexos referidos al pago a los sistemas de seguridad social a los que se encuentra obligado (a) a cotizar). | V35: 0.2 | W35: 0.1 | X35: * | Y35: * | Z35: * | AA35: * | AB35: =+Q35 -> 7905000 | AC35: =+'TOTAL CONTRATOS'!#REF! -> #REF! | AD35: =+AB35-AC35 -> #REF! | AE35: =+AC35*100/AB35 -> #REF! | AF35: =+'TOTAL CONTRATOS'!#REF! -> #REF! | AG35: Medico Especialista, Coordinadora Medica Subdirector Técnico Cientifico | AH35: Marcela Soler Tovar Mauricio Molina Achury | AI35: 1032377897 79368488 | AJ35: 5 8 | AK35: Acta 023 del 10/05/2022 | AM35: Calle 72 sur # 92 -85 Cel: 3125305319 alejalizarazo2211@gmail.com | AN35: NA | AO35: 36280 | AP35: SANITAS | AQ35: PORVENIR | AS35: PENDIENTE | AT35: =+K35-J35 -> 152 | AU35: 44690 | AV35: 44693 | AW35: =IF(AV35="ANULADO","ANULADO",NETWORKDAYS.INTL(AU35,AV35)) -> 4 | AX35: APOYO | AY35: FUNCIONAMIENTO | BA35: COLEGIO JOSE JOAQUIN CASTRO MARTINEZ Bachiller Académico (24/11/2016) SENA Tecnólogo en Gestión del Talento Humano (21/08/2019) | BB35: 44601 | BC35: ='TOTAL CONTRATOS'!#REF! -> #REF! | BD35: ='TOTAL CONTRATOS'!#REF! -> #REF! | BE35: Convocatoria Directa
A36: 013-2022 | B36: C.P.Servicios | C36: MARIA ALEJANDRA COCA TORRES | D36: CC | E36: 1127612871 | F36: 7 | G36: Prestar los servicios profesionales para apoyar la gestión de la Subdirección Administrativa y Financiera y sus diferentes áreas | H36: A partir de la fecha de suscripcion del acta de inicio y hasta el dia 30 de junio de 2022. | I36: 44575 | J36: ='TOTAL CONTRATOS'!F15 -> 44578 | K36: ='TOTAL CONTRATOS'!G15 -> 44742 | L36: 049 | M36: 44575 | N36: A02020200800309-20 | O36: P | P36: 44578 | Q36: 17056000 | R36: a. Un primer pago, desde la fecha de inicio hasta el día 20 del mes correspondiente. Mensualidades vencidas con corte los días 20 de cada mes. | V36: 0.2 | W36: 0.1 | X36: * | Y36: * | Z36: * | AA36: * | AB36: =SUM(Q36) -> 17056000 | AC36: =+'TOTAL CONTRATOS'!#REF! -> #REF! | AD36: =SUM(AB36-AC36) -> #REF! | AE36: =SUM(AC36*100/AB36) -> #REF! | AF36: =+'TOTAL CONTRATOS'!#REF! -> #REF! | AG36: Subdirectora Administrativa y Financiera | AH36: Susana Valderrama Forero | AI36: 51736889 | AJ36: 5 | AK36: P | AM36: Calle 46 No. 9-98 Telefono 3125128763 email: marialecococa@gmail.com | AN36: NA | AO36: 29259 | AP36: EPS SANITAS | AQ36: PORVENIR | AR36: P | AS36: PENDIENTE | AT36: =+K36-J36 -> 164 | BA36: ='TOTAL CONTRATOS'!#REF! -> #REF! | BC36: ='TOTAL CONTRATOS'!#REF! -> #REF! | BD36: ='TOTAL CONTRATOS'!#REF! -> #REF! | BE36: Convocatoria Directa
A37: 024-2022 | B37: C.P.Servicios | C37: MARGARITA MARIA GARRIDO JULIO | D37: CC | E37: 1128051229 | F37: 3 | G37: Prestar los servicios profesionales de jefe de Enfermería con el fin de realizar las actividades de carácter asistencial y administrativas inherentes al proceso de salud pública de la Subdirección Técnico-Científica. | H37: 8 MESES | I37: 44586 | J37: ='TOTAL CONTRATOS'!F26 -> 44587 | K37: ='TOTAL CONTRATOS'!G26 -> 44915 | L37: 078 | M37: 44580 | N37: A02020200900301-20 | O37: 53 | P37: 44587 | Q37: 29952000 | R37: a. Un primer pago, correspondiente desde la fecha de inicio de ejecución del contrato hasta el día 20 del mes correspondiente. b. Mensualidades vencidas con corte los días 20 de cada mes. | V37: 0.2 | W37: 0.1 | X37: * | Y37: * | Z37: * | AA37: * | AB37: =SUM(Q37) -> 29952000 | AC37: =+'TOTAL CONTRATOS'!#REF! -> #REF! | AD37: =SUM(AB37-AC37) -> #REF! | AE37: =SUM(AC37*100/AB37) -> #REF! | AF37: =+'TOTAL CONTRATOS'!#REF! -> #REF! | AG37: Medio Especialista Medio Tiempo Salud Publica | AH37: Danik de los angeles Valera Antequera | AI37: 32703491 | AJ37: 7 | AK37: Servicio Misional | AM37: Avenida Caracas No. 1-05 Apto. 405 Bloque 4 Telefono: 3004969443 email: marquigarridoj07@hotmail.com | AN37: NA | AO37: 31753 | AP37: SANITAS EPS | AQ37: COLFONDOS | AR37: 44587 | AS37: PENDIENTE | AT37: =+K37-J37 -> 328 | AU37: 44583 | AV37: 44586 | AW37: =IF(AV37="ANULADO","ANULADO",NETWORKDAYS.INTL(AU37,AV37)) -> 2 | AX37: MISIONAL | AY37: INVERSION | AZ37: 160 | BA37: ='TOTAL CONTRATOS'!#REF! -> #REF! | BB37: 44092 | BC37: ='TOTAL CONTRATOS'!#REF! -> #REF! | BD37: ='TOTAL CONTRATOS'!#REF! -> #REF! | BE37: Convocatoria Directa
A38: 122-2022 | B38: C.P.Servicios Médico Asistenciales | C38: MANUEL FERNANDO ORTIZ CASTAÑEDA | D38: CC | E38: 79798171 | F38: 3 | G38: Prestar los servicios médicos asistenciales en consulta externa y/o procedimientos en la especialidad de Dermatología, y participar en actividades académicas en las instalaciones de la Empresa Social del Estado Centro Dermatológico Federico Lleras Acosta, cuando sea convocado (a). | H38: 8 MESES | I38: 44651 | J38: ='TOTAL CONTRATOS'!F123 -> 44656 | K38: ='TOTAL CONTRATOS'!G123 -> 44945 | L38: 062 | M38: 44579 | N38: A02020200900301-20 | O38: 322 | P38: 44655 | Q38: 50000000 | R38: a. Un primer pago, correspondiente desde la fecha de inicio de ejecución del contrato hasta el día 20 del mes correspondiente. b. Mensualidades vencidas con corte los días 20 de cada mes. PARÁGRAFO PRIMERO: EL CENTRO cancelará la prestación de los servicios al CONTRATISTA, para lo cual tendrá en cuenta el número de pacientes atendidos por hora en consulta, y por evento se tendrá en cuenta el número y tipo de procedimientos, según tarifas establecidas por el Director General. La asistencia a Ateneo será reconocida sí cumple con 20 horas asistenciales semanales. PARÁGRAFO SEGUNDO: Los pagos están sujetos a la presentación de la cuenta de cobro y del formato PA-CDJ-FO-011 Informe de supervisión y certificación de cumplimiento de contrato u orden, con los anexos referidos al pago a los sistemas de seguridad social a los que se encuentra obligado (a) a cotizar). | V38: 0.2 | W38: 0.1 | X38: * | Y38: * | Z38: * | AA38: 44697 | AB38: =SUM(Q38) -> 50000000 | AC38: =+'TOTAL CONTRATOS'!#REF! -> #REF! | AD38: =SUM(AB38-AC38) -> #REF! | AE38: =SUM(AC38*100/AB38) -> #REF! | AF38: =+'TOTAL CONTRATOS'!#REF! -> #REF! | AG38: Subdirector Técnico Cientifico Medico Especialista, Coordinadora Medica | AH38: Fredy Mauricio Avila Marcela Soler Tovar | AI38: 79.372.771 1.032.377.897 | AJ38: x 5 | AK38: Servicio Misional | AM38: Calle 97 # 70 - 90 Apartamento 402 Torre 1 Pontevedra 3104783139 manferorcar@hotmail.com | AN38: NA | AO38: 27813 | AP38: SANITAS | AQ38: PORVENIR | AR38: 44656 | AS38: PENDIENTE | AT38: =+K38-J38 -> 289 | AU38: 44644 | AV38: 44651 | AW38: =IF(AV38="ANULADO","ANULADO",NETWORKDAYS.INTL(AU38,AV38)) -> 6 | AX38: MISIONAL | AY38: FUNCIONAMIENTO | AZ38: 65 | BA38: ='TOTAL CONTRATOS'!#REF! -> #REF! | BB38: 44645 | BC38: ='TOTAL CONTRATOS'!#REF! -> #REF! | BD38: ='TOTAL CONTRATOS'!#REF! -> #REF! | BE38: Convocatoria Directa
A39: 082-2022 | B39: C.P.Servicios de Mantenimiento | C39: MACROSEARCH SAS | D39: NIT | E39: 830071701 | F39: 1 | G39: Servicio de mantenimiento preventivo y correctivo para los equipos del servicio de histopatología del Hospital Universitario Centro Dermatológico Federico Lleras Acosta E.S.E. “Federico Lleras Acosta”. | H39: 12 MESES | I39: 44617 | J39: ='TOTAL CONTRATOS'!F84 -> 44627 | K39: ='TOTAL CONTRATOS'!G84 -> 44991 | L39: 170 | M39: 44608 | N39: A020202008007015-20 | O39: 212 | P39: 44627 | Q39: 10881360 | R39: se cancelará de la siguiente manera: posterior a cada visita de mantenimiento preventivo previa presentación de factura de venta, recibido a satisfacción del servicio por parte del supervisor del contrato, mediante informe de supervisión, anexando certificado de pago al sistema de seguridad social a los que se encuentra obligada a cotizar. | V39: 0.2 | W39: 0.1 | X39: * | Y39: * | Z39: * | AA39: * | AB39: =SUM(Q39) -> 10881360 | AC39: =+'TOTAL CONTRATOS'!#REF! -> #REF! | AD39: =SUM(AB39-AC39) -> #REF! | AE39: =SUM(AC39*100/AB39) -> #REF! | AF39: =+'TOTAL CONTRATOS'!#REF! -> #REF! | AG39: Subdirector Administrativo y Financiero | AH39: Susana Valderrama Forero | AI39: 51736889 | AJ39: 5 | AK39: Acta 09 del 10/02/2022 | AM39: Calle 103 No. 45A-29 Telefono 6002126 emai: macrosearch@macrosearch.com.co | AN39: Sin limite de cuantia | AO39: NA | AP39: NA | AQ39: NA | AR39: NA | AS39: PENDIENTE | AT39: =+K39-J39 -> 364 | AU39: 44606 | AV39: 44616 | AW39: =IF(AV39="ANULADO","ANULADO",NETWORKDAYS.INTL(AU39,AV39)) -> 9 | AX39: APOYO | AY39: FUNCIOANAMIENTO | AZ39: NA | BA39: ='TOTAL CONTRATOS'!#REF! -> #REF! | BB39: NA | BC39: ='TOTAL CONTRATOS'!#REF! -> #REF! | BD39: ='TOTAL CONTRATOS'!#REF! -> #REF! | BE39: Convocatoria Directa
A40: 109-2022 | B40: C.P.Servicios | C40: LUZ DARY GUTIERREZ CASTAÑEDA | D40: CC | E40: 52329634 | F40: 2 | G40: Prestar los servicios profesionales especializados en genética e investigación para dar continuidad a la realización del proyecto “Supervivencia y factores pronóstico en pacientes con Melanoma lentiginoso acral en dos centros de referencia en Colombia. Estudio de cohorte. Años 2021-2026”-1DIS02-6AÑ realizado en convenio con el Instituto Nacional de Cancerología E.S.E. | H40: 10 MESES | I40: 44634 | J40: ='TOTAL CONTRATOS'!F110 -> 44637 | K40: ='TOTAL CONTRATOS'!G110 -> 44942 | L40: 182 | M40: 44614 | N40: D19010300060190102102-20 | O40: 264 | P40: 44636 | Q40: 19100000 | R40: a. Un primer pago, correspondiente desde la fecha de inicio de ejecución del contrato hasta el 20 del mes correspondiente b. Mensualidades vencidas con corte los días 20 de cada mes. PARÁGRAFO: Los pagos están sujetos a la presentación de la cuenta de cobro y del formato PA-CDJ-FO-011 Informe de supervisión y certificación y cumplimiento de contrato u orden con los anexos referidos al pago de los sistemas de seguridad social a los que se encuentra obligado(a) a cotizar. | V40: 0.2 | W40: 0.1 | X40: * | Y40: * | Z40: * | AA40: * | AB40: =SUM(Q40) -> 19100000 | AC40: =+'TOTAL CONTRATOS'!#REF! -> #REF! | AD40: =SUM(AB40-AC40) -> #REF! | AE40: =SUM(AC40*100/AB40) -> #REF! | AF40: =+'TOTAL CONTRATOS'!#REF! -> #REF! | AG40: Jefe Oficina de Docencia e Investigacion | AH40: Mauricio Alberto Angel Macias | AI40: 79985065 | AJ40: 2 | AK40: Servicio Misional | AM40: Calle 69 No. 96-78 Telefono 3166490241 email: luz_dary2001@yahoo.com | AN40: NA | AO40: 27401 | AP40: COMPENSAR | AQ40: COLPENSIONES | AR40: 44637 | AS40: PENDIENTE | AT40: =+K40-J40 -> 305 | AU40: 44620 | AV40: 44622 | AW40: =IF(AV40="ANULADO","ANULADO",NETWORKDAYS.INTL(AU40,AV40)) -> 3 | AX40: MISIONAL | AY40: FUNCIONAMIENTO | AZ40: 30 | BA40: ='TOTAL CONTRATOS'!#REF! -> #REF! | BB40: 44344 | BC40: ='TOTAL CONTRATOS'!#REF! -> #REF! | BD40: ='TOTAL CONTRATOS'!#REF! -> #REF! | BE40: Convocatoria Directa
A41: 152-2022 | B41: C.P.Servicios Profesionales | C41: LUZ DARY BUITRAGO GONZALEZ | D41: CC | E41: 52126501 | G41: Prestar servicios de apoyo profesional a los procesos de conciliación y depuración de cuentas de cartera y anticipos tendientes a dar cumplimiento a planes de mejoramiento vigentes y apoyo en actividades de procedimientos de cartera. | H41: 4 MESES | I41: 44722 | J41: 44725 | K41: P | L41: 403 | M41: 44720 | N41: A02020200800309-20 | O41: 534 | P41: 44725 | Q41: 10000000 | R41: a. Un primer pago, correspondiente desde la fecha de inicio de ejecución del contrato hasta el día 20 del mes correspondiente, previa presentación de la cuenta de cobro e informe de supervisión y certificación de cumplimiento con los anexos referidos al pago a los sistemas de seguridad social a los que se encuentra obligado a cotizar. b. Mensualidades vencidas por valor de DOS MILLONES QUINIENTOS MIL PESOS MCTE ($2.500.000) con corte los días 20 de cada mes, previa presentación de la cuenta de cobro e informe de supervisión y certificación de cumplimiento expedido por el supervisor, el cual deberá acompañarse por los soportes antes referidos en el literal a). | V41: 0.2 | W41: 0.1 | X41: * | Y41: * | Z41: * | AA41: * | AB41: =SUM(Q41) -> 10000000 | AC41: 0 | AD41: =SUM(AB41-AC41) -> 10000000 | AE41: =SUM(AC41*100/AB41) -> 0 | AF41: 0 | AG41: Subdirector Administrativo y Financiero | AH41: Susana Valderrama Forero | AI41: 51736889 | AJ41: 5 | AK41: Acta Comité Contratos 027 del 09 de junio de 2022 | AS41: PENIDIENTE | AT41: =+K41-J41 -> #VALUE! | AW41: =IF(AV41="ANULADO","ANULADO",NETWORKDAYS.INTL(AU41,AV41)) -> 0 | AX41: APOYO | AY41: FUNCIONAMIENTO | BC41: Verificado 13 de junio de 2022 OK | BD41: Verificado 13 de junio de 2022 Acta de inicio | BE41: Contratacion Directa
A42: 117-2022 | B42: C.P.Servicios Médico Asistenciales | C42: LUIS ARTURO GAMBOA SUAREZ | D42: CC | E42: 79238272 | F42: 7 | G42: Prestar los servicios médicos asistenciales en consulta externa (modalidad presencial y Telemedicina) y/o procedimientos en la especialidad de Dermatología. Participar en actividades académicas en las instalaciones de la Empresa Social del Estado Centro Dermatológico Federico Lleras Acosta, cuando sea convocado (a). | H42: 8 MESES | I42: 44645 | J42: ='TOTAL CONTRATOS'!F118 -> 44649 | K42: ='TOTAL CONTRATOS'!G118 -> 44954 | L42: 237 | M42: 44635 | N42: A020200200900301-20 | O42: 290 | P42: 44645 | Q42: 90000000 | R42: a. Un primer pago, desde la fecha de inicio hasta el día veinte (20) del mes correspondiente. Mensualidades vencidas con corte los días veinte (20) de cada mes. PARAGRAFO: hora consulta y por evento procedimientos, según tarifas establecidas por la Dirección General. | V42: 0.2 | W42: 0.1 | X42: * | Y42: * | Z42: * | AA42: 44773 | AB42: =SUM(Q42) -> 90000000 | AC42: =+'TOTAL CONTRATOS'!#REF! -> #REF! | AD42: =SUM(AB42-AC42) -> #REF! | AE42: =SUM(AC42*100/AB42) -> #REF! | AF42: =+'TOTAL CONTRATOS'!#REF! -> #REF! | AG42: Subdirector Técnico Cientifico Medico Especialista, Coordinadora Medica Jefe Oficina de Docencia e Investigacion | AH42: Fredy Mauricio Avila Marcela Soler Tovar Mauricio Alberto Angel Macias | AI42: 79.372.771 1.032.377.897 79.985.065 | AJ42: x 5 2 | AK42: Servicio Misional | AM42: Carrera 70 G No, 127A-97 APTO 103 Telefono 3002132455 email: gamboaluisart@yahoo.com | AN42: NA | AO42: 23721 | AP42: COMPENSAR | AQ42: COLFONDOS | AR42: 44648 | AS42: PENDIENTE | AT42: =+K42-J42 -> 305 | AU42: 44636 | AV42: 44645 | AW42: =IF(AV42="ANULADO","ANULADO",NETWORKDAYS.INTL(AU42,AV42)) -> 8 | AX42: MISIONAL | AY42: FUNCIONAMIENTO | AZ42: 8 HORAS MINIMAS MENSUALES AUDITORIA MEDICA | BA42: ='TOTAL CONTRATOS'!#REF! -> #REF! | BB42: 43698 | BC42: ='TOTAL CONTRATOS'!#REF! -> #REF! | BD42: ='TOTAL CONTRATOS'!#REF! -> #REF! | BE42: Convocatoria Directa
A43: 126-2022 | B43: C.P.Servicios Médico Asistenciales | C43: LILIANA ANDREA LIZARAZO AREVALO | D43: CC | E43: 46454334 | F43: 0 | G43: Prestar los servicios médicos asistenciales en consulta externa y/o procedimientos en la especialidad de Dermatología, y participar en actividades académicas en las instalaciones de la Empresa Social del Estado Centro Dermatológico Federico Lleras Acosta, cuando sea convocado (a). | H43: 6 MESES | I43: 44659 | J43: ='TOTAL CONTRATOS'!F127 -> 44678 | K43: ='TOTAL CONTRATOS'!G127 -> 44860 | L43: 266 | M43: 44651 | N43: A02020200900301-20 | O43: 382 | P43: 44676 | Q43: 40000000 | R43: a. Un primer pago, correspondiente desde la fecha de inicio de ejecución del contrato hasta el día 20 del mes correspondiente. b. Mensualidades vencidas con corte los días 20 de cada mes. PARÁGRAFO PRIMERO: EL CENTRO cancelará la prestación de los servicios al CONTRATISTA, para lo cual tendrá en cuenta el número de pacientes atendidos por hora en consulta, y por evento se tendrá en cuenta el número y tipo de procedimientos, según tarifas establecidas por el Director General. La asistencia a Ateneo será reconocida sí cumple con 20 horas asistenciales semanales. PARÁGRAFO SEGUNDO: Los pagos están sujetos a la presentación de la cuenta de cobro y del formato PA-CDJ-FO-011 Informe de supervisión y certificación de cumplimiento de contrato u orden, con los anexos referidos al pago a los sistemas de seguridad social a los que se encuentra obligado (a) a cotizar). | V43: 0.2 | W43: 0.1 | X43: * | Y43: * | Z43: * | AB43: =SUM(Q43) -> 40000000 | AC43: =+'TOTAL CONTRATOS'!#REF! -> #REF! | AD43: =SUM(AB43-AC43) -> #REF! | AE43: =SUM(AC43*100/AB43) -> #REF! | AF43: =+'TOTAL CONTRATOS'!#REF! -> #REF! | AG43: Subdirector Técnico Cientifico Medico Especialista, Coordinadora Medica | AH43: Fredy Mauricio Avila Marcela Soler Tovar | AI43: 79.372.771 1.032.377.897 | AJ43: x 5 | AK43: Servicio Misional | AM43: Calle 10 # 37 A 32 casa la Esperanza - Duitama Cel: 3052445912 andreadoctor@hotmail.com | AN43: NA | AO43: 29957 | AP43: COMPENSAR | AQ43: PROTECCION | AR43: 44678 | AS43: PENDIENTE | AT43: =+K43-J43 -> 182 | AU43: 44657 | AV43: 44659 | AW43: =IF(AV43="ANULADO","ANULADO",NETWORKDAYS.INTL(AU43,AV43)) -> 3 | AX43: MISIONAL | AY43: FUNCIONAMIENTO | AZ43: 80 | BA43: ='TOTAL CONTRATOS'!#REF! -> #REF! | BB43: 44649 | BC43: ='TOTAL CONTRATOS'!#REF! -> #REF! | BD43: ='TOTAL CONTRATOS'!#REF! -> #REF! | BE43: Convocatoria Directa
A44: 009-2022 | B44: C.P.Servicios | C44: LIDA JASBLEIDY ROMERO GARCIA | D44: CC | E44: 52226886 | F44: 9 | G44: Prestar los servicios profesionales como Ingeniero Biomédico para la E.S.E. Centro Dermatológico “Federico Lleras Acosta” | H44: A partir de la fecha de suscripcion del acta de inicio y hasta el dia 30 de junio de 2022. | I44: 44575 | J44: ='TOTAL CONTRATOS'!F11 -> 44578 | K44: ='TOTAL CONTRATOS'!G11 -> 44742 | L44: 052 | M44: 44575 | N44: A02020200800303-20 | O44: P | P44: 44578 | Q44: 20128267 | R44: a. Un primer pago, desde la fecha de inicio hasta el día veinte (20) del mes correspondiente. Mensualidades vencidas con corte los días veinte (20) de cada mes. | V44: 0.2 | W44: 0.1 | X44: * | Y44: * | Z44: * | AB44: =SUM(Q44) -> 20128267 | AC44: =+'TOTAL CONTRATOS'!#REF! -> #REF! | AD44: =SUM(AB44-AC44) -> #REF! | AE44: =SUM(AC44*100/AB44) -> #REF! | AF44: =+'TOTAL CONTRATOS'!#REF! -> #REF! | AG44: Subdirectora Administrativa y Financiera | AH44: Susana Valderrama Forero | AI44: 51736889 | AJ44: 5 | AK44: P | AM44: jas_romero@hotmail.com | AR44: P | AS44: PENDIENTE | AT44: =+K44-J44 -> 164 | BA44: ='TOTAL CONTRATOS'!#REF! -> #REF! | BC44: ='TOTAL CONTRATOS'!#REF! -> #REF! | BD44: ='TOTAL CONTRATOS'!#REF! -> #REF! | BE44: Convocatoria Directa
A45: 100-2022 | B45: C.P.Servicios | C45: LEYES VERTICALES ASCENSORES SAS | D45: NIT | E45: 901355804 | F45: 7 | G45: Prestar los servicios de mantenimiento integral (predictivo, preventivo y correctivo) del bien inmueble ascensor de residuos, ubicado en las instalaciones de la E.S.E Centro Dermatológico Federico Lleras Acosta, Sede Asistencial. | H45: 10 MESES | I45: 44624 | J45: ='TOTAL CONTRATOS'!F102 -> 44634 | K45: ='TOTAL CONTRATOS'!G102 -> 44939 | L45: 168 | M45: 44608 | N45: A020202008007011-20 | O45: 312 | P45: 44649 | Q45: 10986078 | R45: A) Un primer pago desde la fecha de inicio de ejecución del contrato hasta el día 20 del mes correspondiente, previa presentación de cuenta de cobro y/o factura e informe de supervisión y certificación de cumplimiento con los anexos referidos al pago a los sistemas de seguridad social a los que se encuentra obligado a cotizar. B) Mensualidades vencidas con corte los días 20 de cada mes, previa presentación de cuenta de cobro y/o factura e informe de supervisión y certificación de cumplimiento expedido por la supervisora en cual deberá acompañarse por los soportes antes referidos en el literal A | V45: 0.2 | W45: 0.1 | X45: * | Y45: * | Z45: * | AA45: * | AB45: =+Q45 -> 10986078 | AC45: =+'TOTAL CONTRATOS'!#REF! -> #REF! | AD45: =SUM(AB45-AC45) -> #REF! | AE45: =SUM(AC45*100/AB45) -> #REF! | AF45: =+'TOTAL CONTRATOS'!#REF! -> #REF! | AG45: Subdirector Administrativo y Financiero | AH45: Susana Valderrama Forero | AI45: 51736889 | AJ45: 5 | AK45: Acta 11 del 24 de febrero de 2022 | AM45: Calle 23B No. 80B-90 Telefono 3045918667/ 3155114405 Email: leyesverticalesas@gmail.com | AN45: Sin limite de cuantia | AO45: NA | AP45: NA | AQ45: NA | AR45: NA | AS45: PENDIIENTE | AT45: =+K45-J45 -> 305 | AU45: 44616 | AV45: 44622 | AW45: =IF(AV45="ANULADO","ANULADO",NETWORKDAYS.INTL(AU45,AV45)) -> 5 | AX45: APOYO | AY45: FUNCIONAMIENTO | AZ45: NA | BA45: ='TOTAL CONTRATOS'!#REF! -> #REF! | BB45: NA | BC45: ='TOTAL CONTRATOS'!#REF! -> #REF! | BD45: ='TOTAL CONTRATOS'!#REF! -> #REF! | BE45: Convocatoria Directa
A46: 029-2022 | B46: C.P.Servicios | C46: LETTY DEL PILAR MESTRA DIAZ | D46: CC | E46: 34995249 | F46: 1 | G46: Prestación de servicios de orientación e información en pre y post consulta a los usuarios del Centro Dermatológico “Federico Lleras Acosta”, en los módulos de atención interno y externo del SIAU, salas de espera y educación al paciente en pasillos, apoyar la gestión de respuestas a PQRS y solicitudes realizadas a la oficina de SIAU. | H46: A partir de la fecha de suscripcion del acta de inicio y hasta el dia 30 de junio de 2022. | I46: 44586 | J46: ='TOTAL CONTRATOS'!F31 -> 44587 | K46: ='TOTAL CONTRATOS'!G31 -> 44742 | L46: 082 | M46: 44581 | N46: A02020200800309-20 | O46: 56 | P46: 44587 | Q46: 10810800 | R46: a. Un primer pago, correspondiente desde la fecha de inicio de ejecución del contrato hasta el día 20 del mes correspondiente. b. Mensualidades vencidas con corte los días 20 de cada mes. | V46: 0.2 | W46: 0.1 | X46: * | Y46: * | Z46: * | AA46: * | AB46: =SUM(Q46) -> 10810800 | AC46: =+'TOTAL CONTRATOS'!#REF! -> #REF! | AD46: =SUM(AB46-AC46) -> #REF! | AE46: =+AC46*100/AB46 -> #REF! | AF46: =+'TOTAL CONTRATOS'!#REF! -> #REF! | AG46: Profesonal Universitario, Coordinadora del SIAU | AH46: Ximena Villabona Mediina | AI46: 1030648917 | AJ46: 0 | AM46: Carrera 106 No. 143-12 Telefono 3505104715 juanjose2609@hotmail.com | AN46: NA | AO46: 24600 | AP46: COMPENSAR | AQ46: PORVENIR | AR46: 44587 | AS46: PENDIENTE | AT46: 267 | AU46: 44580 | AV46: 44583 | AW46: 3 | AX46: APOYO | AY46: FUNCIONAMIENTO | AZ46: 160 | BA46: ='TOTAL CONTRATOS'!#REF! -> #REF! | BB46: 43840 | BC46: ='TOTAL CONTRATOS'!#REF! -> #REF! | BD46: ='TOTAL CONTRATOS'!#REF! -> #REF! | BE46: Convocatoria Directa
A47: 015-2022 | B47: C.P.Servicios Médico Asistenciales | C47: LEONOR INES CIFUENTES TANG | D47: CC | E47: 30400265 | F47: 0 | G47: Prestar los servicios médicos asistenciales en consulta externa y/o procedimientos en la especialidad de Dermatología, y participar en actividades académicas en las instalaciones de la Empresa Social del Estado Centro Dermatológico Federico Lleras Acosta, cuando sea convocado (a). | H47: 8 MESES | I47: 44578 | J47: ='TOTAL CONTRATOS'!F17 -> 44582 | K47: ='TOTAL CONTRATOS'!G17 -> 44953 | L47: 040 | M47: 44574 | N47: A02020200900301-20 | O47: 39 | P47: 44582 | Q47: 75000000 | R47: a. Un primer pago, desde la fecha de inicio hasta el día veinte (20) del mes correspondiente. Mensualidades vencidas con corte los días veinte (20) de cada mes. PARAGRAFO: hora consulta y por evento procedimientos, según tarifas establecidas por la Dirección General. | U47: Suspensión 1: 07 de abril de 2022 y hasta el día 18 de abril de 2022, por motivo de índole personal. | V47: 0.2 | W47: 0.1 | X47: * | Y47: * | Z47: * | AA47: 44833 | AB47: =SUM(Q47) -> 75000000 | AC47: =+'TOTAL CONTRATOS'!#REF! -> #REF! | AD47: =SUM(AB47-AC47) -> #REF! | AE47: =SUM(AC47*100/AB47) -> #REF! | AF47: =+'TOTAL CONTRATOS'!#REF! -> #REF! | AG47: Subdirector (a) Técnico Cientifica (e) Medico Especialista, Coordinadora Medica Jefe Oficina de Docencia e Investigacion | AH47: Alvaro Jose Tovar Cock Marcela Soler Tovar Mauricio Alberto Angel Macias | AI47: 79.238.958 1.032.377.897 79.985.065 | AJ47: 0 5 2 | AK47: Servicio Misional | AM47: Carrera 77 No. 19-87 Torre 6 Apto.1116 Conjunto el Refugio Ciuidadela la Felicidad. Telefono 3186934010 Email: lic20209@hotmail.com | AN47: NA | AO47: 28908 | AP47: SALUD TOTAL | AQ47: COLPENSONES | AR47: 44580 | AS47: PENDIENTE | AT47: =+K47-J47 -> 371 | AU47: 44574 | AV47: 44578 | AW47: =IF(AV47="ANULADO","ANULADO",NETWORKDAYS.INTL(AU47,AV47)) -> 3 | AX47: MISIONAL | AY47: FUNCIONAMIENTO | AZ47: 80 | BA47: ='TOTAL CONTRATOS'!#REF! -> #REF! | BB47: 44088 | BC47: ='TOTAL CONTRATOS'!#REF! -> #REF! | BD47: ='TOTAL CONTRATOS'!#REF! -> #REF! | BE47: Convocatoria Directa
A48: 057-2022 | B48: C.P.Servicios Profesionales | C48: LEONARDO PULIDO PRIETO | D48: CC | E48: 19362727 | F48: 8 | G48: Prestar servicios médicos especializados de consulta externa supervisada en Dermatología Quirúrgica y Oncológica, así como participar en la Junta de decisiones Dermatológicas, y apoyar la parte editorial del libro de Cáncer como producto Técnico Científico del Centro. | H48: Ocho (8) meses | I48: 44596 | J48: ='TOTAL CONTRATOS'!F60 -> 44599 | K48: ='TOTAL CONTRATOS'!G60 -> 44840 | L48: 093 | M48: 44587 | N48: A02020200900301-20 | O48: 114 | P48: 44596 | Q48: 16640000 | R48: a. Un primer pago, desde la fecha de inicio hasta el día veinte (20) del mes correspondiente. Mensualidades vencidas con corte los días veinte (20) de cada mes. PARAGRAFO: hora consulta y por evento procedimientos, según tarifas establecidas por la Dirección General. | V48: 0.2 | W48: 0.1 | X48: * | Y48: * | Z48: * | AA48: 44777 | AB48: =+Q48 -> 16640000 | AC48: =+'TOTAL CONTRATOS'!#REF! -> #REF! | AD48: =SUM(AB48-AC48) -> #REF! | AE48: =SUM(AC48*100/AB48) -> #REF! | AF48: =+'TOTAL CONTRATOS'!#REF! -> #REF! | AG48: Subdirector (a) Técnico Cientifica (e) Medico Especialista, Coordinadora Medica Jefe Oficina de Docencia e Investigacion | AH48: Alvaro Jose Tovar Cock Marcela Soler Tovar Mauricio Alberto Angel Macias | AI48: 79.238.958 1.032.377.897 79.985.065 | AJ48: 0 5 2 | AK48: Servicio Misional | AM48: Carrera 18 A No. 143-72 apto 406 Telefono 3158036774 email: lpulidop76@hotmail.com | AN48: NA | AO48: 21591 | AP48: ALIANSALUD | AQ48: COLPENSIONES | AR48: 44598 | AS48: PENDIENTE | AT48: =+K48-J48 -> 241 | AU48: 44590 | AV48: 44594 | AW48: =IF(AV48="ANULADO","ANULADO",NETWORKDAYS.INTL(AU48,AV48)) -> 3 | AX48: MISIONAL | AY48: FUNCIONAMIENETO | AZ48: 160 | BA48: ='TOTAL CONTRATOS'!#REF! -> #REF! | BB48: 43883 | BC48: ='TOTAL CONTRATOS'!#REF! -> #REF! | BD48: ='TOTAL CONTRATOS'!#REF! -> #REF! | BE48: Convocatoria Directa
A49: 093-2022 | B49: C.P.Servicios | C49: LEIDY ROCIO VALENCIA VASQUEZ | D49: CC | E49: 1022977719 | F49: 0 | G49: Prestar los servicios profesionales de apoyo al área de calidad para el otorgamiento, seguimiento y mantenimiento del Sistema de Gestión de Calidad del Centro Dermatológico Federico Lleras Acosta E.S.E. | H49: 11 MESES | I49: 44622 | J49: ='TOTAL CONTRATOS'!F95 -> 44623 | K49: ='TOTAL CONTRATOS'!G95 -> 44959 | L49: 201 | M49: 44620 | N49: A02020200800309-20 | O49: 194 | P49: 44623 | Q49: 27500000 | R49: a. Un primer pago, correspondiente desde la fecha de inicio de ejecución del contrato hasta el día veinte del mes correspondiente, previa concertación del cronograma de actividades con el supervisor y la presentación de la cuenta de cobro y/o factura e informe de supervisión y certificación cumplimiento con los anexos referidos al pago a los sistemas de seguridad social a los que se encuentra obligada (o) a cotizar. b. Mensualidades vencidas por valor de DOS MILLONES QUINIENTOS MIL PESOS MCTE ($2.500.000) con corte los días 20 de cada mes, previa presentación de la cuenta de cobro y/o factura e informe de supervisión y certificación de cumplimiento expedido por la supervisora, el cual deberá acompañarse por los soportes antes referidos en el literal a). | V49: 0.2 | W49: 0.1 | X49: * | Y49: * | Z49: * | AA49: * | AB49: =+Q49 -> 27500000 | AC49: =+'TOTAL CONTRATOS'!#REF! -> #REF! | AD49: =SUM(AB49-AC49) -> #REF! | AE49: =SUM(AC49*100/AB49) -> #REF! | AF49: =+'TOTAL CONTRATOS'!#REF! -> #REF! | AG49: Profesional Especiallizado responsable del Area de Calidad | AH49: Claudia Lucia Colorado Salamanca | AI49: 51898631 | AJ49: 7 | AK49: Acta 12 del 01 de marzo de 2022 | AM49: Carrera 11 No. 67A-09 Sur Apto 301 Torre 10 El Porvenir Telefono 3192945750 valencia-lady@hotmail.com | AN49: NA | AO49: 33752 | AP49: COMPENSAR EPS | AQ49: PORVENIR | AR49: 44623 | AS49: PENDIENTE | AT49: =+K49-J49 -> 336 | AU49: 44621 | AV49: 44622 | AW49: =IF(AV49="ANULADO","ANULADO",NETWORKDAYS.INTL(AU49,AV49)) -> 2 | AX49: APOYO | AY49: FUNCIONAMIENTO | AZ49: 160 | BA49: ='TOTAL CONTRATOS'!#REF! -> #REF! | BB49: 44622 | BC49: ='TOTAL CONTRATOS'!#REF! -> #REF! | BD49: ='TOTAL CONTRATOS'!#REF! -> #REF! | BE49: Convocatoria Directa
A50: 022-2022 | B50: C.P.Servicios | C50: LAURA VARGAS MORA | D50: CC | E50: 52211260 | F50: 3 | G50: Prestar los servicios profesionales especializados en la Asesoría de la Dirección General-Planeación que apoye en la consolidación, reporte y seguimiento de cada una de las políticas que integran las 7 dimensiones del Modelo Integrado de Planeación y seguimiento de los controles establecidos en los riesgos institucionales, para contribuir y cumplir los objetivos y metas institucionales de la E.S.E Centro Dermatológico Federico Lleras Acosta | H50: A partir de la fecha de suscripcion del acta de inicio y hasta el dia 30 de junio de 2022. | I50: 44582 | J50: ='TOTAL CONTRATOS'!F24 -> 44586 | K50: ='TOTAL CONTRATOS'!G24 -> 44742 | L50: 088 | M50: 44582 | N50: A02020200800309-20 | O50: p | P50: 44586 | Q50: 21770666 | R50: a. Un primer pago, desde la fecha de inicio hasta el día 20 del mes correspondiente. Mensualidades vencidas con corte los días 20 de cada mes. | V50: 0.2 | W50: 0.1 | X50: * | Y50: * | Z50: * | AA50: * | AB50: =SUM(Q50) -> 21770666 | AC50: =+'TOTAL CONTRATOS'!#REF! -> #REF! | AD50: =SUM(AB50-AC50) -> #REF! | AE50: =SUM(AC50*100/AB50) -> #REF! | AF50: =+'TOTAL CONTRATOS'!#REF! -> #REF! | AG50: Asesor de Direccion General | AH50: William Narvaez Mendoza | AI50: 15876282 | AJ50: 4 | AK50: P | AM50: Calle 181 No. 17B-40 C asa 2 Telefono 3208386418 email: lalavm17@gmail.com | AN50: NA | AO50: 27675 | AP50: EPS SANITAS | AQ50: COLPENSIONES | AR50: 44582 | AS50: PENDIENTE | AT50: =+K50-J50 -> 156 | AU50: 44582 | AV50: 44582 | AW50: =IF(AV50="ANULADO","ANULADO",NETWORKDAYS.INTL(AU50,AV50)) -> 1 | AX50: APOYO | AY50: FUNCIONAMIENTO | AZ50: 160 | BA50: ='TOTAL CONTRATOS'!#REF! -> #REF! | BB50: 43759 | BC50: ='TOTAL CONTRATOS'!#REF! -> #REF! | BD50: ='TOTAL CONTRATOS'!#REF! -> #REF! | BE50: Contratacion Directa
A51: 115-2022 | B51: C.P.Servicios | C51: LAURA VALENTINA GONZALEZ MORENO | D51: CC | E51: 1032506233 | F51: 1 | G51: Prestar servicios de apoyo al Sistema de Gestión Ambiental en la Empresa Social del Estado Hospital Universitario Centro Dermatológico “Federico Lleras Acosta”. | H51: 120 DÍAS | I51: 44642 | J51: ='TOTAL CONTRATOS'!F116 -> 44644 | K51: ='TOTAL CONTRATOS'!G116 -> 44765 | L51: 225 | M51: 44631 | N51: A02020200800309-20 | O51: 284 | P51: 44644 | Q51: 7200000 | R51: a. Un primer pago, correspondiente desde la fecha de inicio de ejecución del contrato hasta el día 20 del mes correspondiente. b. Mensualidades vencidas con corte los días 20 de cada mes por un valor de UN MILLÓN OCHOCIENTOS MIL PESOS ($1.800.000) MCTE. PARÁGRAFO PRIMERO: Los pagos están sujetos a la presentación de la cuenta de cobro y del formato PA-CDJ-FO-011 Informe de supervisión y certificación de cumplimiento de contrato u orden, con los anexos referidos al pago a los sistemas de seguridad social a los que se encuentra obligado (a) a cotizar. PARÁGRAFO SEGUNDO: El Centro Dermatológico Federico Lleras Acosta E.S.E. consignará los pagos a nombre de Laura Valentina Gonzalez Moreno cuenta de ahorros No. 24035385347 entidad bancaria Caja Social. | V51: 0.2 | W51: 0.1 | X51: * | Y51: * | Z51: * | AA51: * | AB51: =SUM(Q51) -> 7200000 | AC51: =+'TOTAL CONTRATOS'!#REF! -> #REF! | AD51: =SUM(AB51-AC51) -> #REF! | AE51: =SUM(AC51*100/AB51) -> #REF! | AF51: =+'TOTAL CONTRATOS'!#REF! -> #REF! | AG51: Subdirector Administrativo y Financiero | AH51: Susana Valderrama Forero | AI51: 51736889 | AJ51: 5 | AK51: Acta 15 del 10 de marzo de 2022 | AM51: Calle 3 A No. 71 A - 38 3164693805 - 3022160894 lv.gonzalezm@uniandes.edu.co | AN51: NA | AO51: 36345 | AP51: SANITAS | AQ51: COLPENSIONES | AR51: 44644 | AS51: PENDIENTE | AT51: =+K51-J51 -> 121 | AU51: 44635 | AV51: 44642 | AW51: =IF(AV51="ANULADO","ANULADO",NETWORKDAYS.INTL(AU51,AV51)) -> 6 | AX51: APOYO | AY51: FUNCIONAMIENTO | AZ51: NA | BA51: ='TOTAL CONTRATOS'!#REF! -> #REF! | BB51: 44623 | BC51: ='TOTAL CONTRATOS'!#REF! -> #REF! | BD51: ='TOTAL CONTRATOS'!#REF! -> #REF! | BE51: Convocatoria Directa
A52: 001-2022 | B52: C.P.Servicios | C52: LADY VANESSA MELO GONZALEZ | D52: CC | E52: 1000623086 | F52: 8 | G52: Prestar los servicios de apoyo a la gestión de la Subdirección Administrativa y Financiera en el área de cajas de las sedes de la entidad en el horario de funcionamiento establecido por la Empresa Social del Estado Centro Dermatológico “Federico Lleras Acosta | H52: A partir de la fecha de suscripcion del acta de inicio y hasta el dia 30 de junio de 2022. | I52: 44568 | J52: ='TOTAL CONTRATOS'!F3 -> 44573 | K52: ='TOTAL CONTRATOS'!G3 -> 44742 | L52: 006 | M52: 44565 | N52: A02020200800309-20 | O52: 006 | P52: 44573 | Q52: 8416200 | R52: a. Un primer pago, correspondiente desde la fecha de inicio de ejecución del contrato hasta el día 20 del mes correspondiente. b. Mensualidades vencidas con corte los días 20 de cada mes. | V52: 0.2 | W52: 0.1 | X52: * | Y52: * | Z52: * | AA52: * | AB52: =SUM(Q52) -> 8416200 | AC52: =+'TOTAL CONTRATOS'!#REF! -> #REF! | AD52: =SUM(AB52-AC52) -> #REF! | AE52: =SUM(AC52*100/AB52) -> #REF! | AF52: =+'TOTAL CONTRATOS'!#REF! -> #REF! | AG52: Tecnico Administrativo, responsable de del area de cajas | AH52: Francisco Javier Peña Santacruz | AI52: 10480755 | AJ52: 7 | AK52: p | AM52: Calle 36 G Sur No. 1-53 Este Telefono 3124229635 email: melogonzalezl@gmail.com | AN52: NA | AO52: 37375 | AP52: EPS SANITAS | AQ52: PROTECCION | AR52: 44572 | AS52: PENDIENTE | AT52: =+K52-J52 -> 169 | AU52: 44567 | AV52: 44568 | AW52: =IF(AV52="ANULADO","ANULADO",NETWORKDAYS.INTL(AU52,AV52)) -> 2 | AX52: APOYO | AY52: FUNCIONAMIENTO | AZ52: 160 | BA52: ='TOTAL CONTRATOS'!#REF! -> #REF! | BB52: 44280 | BC52: ='TOTAL CONTRATOS'!#REF! -> #REF! | BD52: ='TOTAL CONTRATOS'!#REF! -> #REF! | BE52: Convocatoria Directa
A53: 020-2022 | B53: C.P.Servicios | C53: KAREN VIVIANA CUBILLOS TORRES | D53: CC | E53: 1015433098 | F53: 5 | G53: Prestar servicios de apoyo en la Subdirección Técnico-Científica en el área de consulta externa para la planeación diaria de agenda médica, revisión de cuentas médicas, seguimiento y control a contratos de los profesionales, en las instalaciones de la Empresa Social del Estado Centro Dermatológico Federico Lleras Acosta, cuando sea convocado (a). | H53: A partir de la fecha de suscripcion del acta de inicio y hasta el dia 30 de junio de 2022. | I53: 44581 | J53: ='TOTAL CONTRATOS'!F22 -> 44582 | K53: ='TOTAL CONTRATOS'!G22 -> 44742 | L53: 067 | M53: 44579 | N53: A02020200800309-20 | O53: 40 | P53: 44582 | Q53: 11509056 | R53: a. Un primer pago, correspondiente desde la fecha de inicio de ejecución del contrato hasta el día 20 del mes correspondiente. b. Mensualidades vencidas con corte los días 20 de cada mes. | V53: 0.2 | W53: 0.1 | X53: * | Y53: * | Z53: * | AA53: * | AB53: =SUM(Q53) -> 11509056 | AC53: =+'TOTAL CONTRATOS'!#REF! -> #REF! | AD53: =SUM(AB53-AC53) -> #REF! | AE53: =SUM(AC53*100/AB53) -> #REF! | AF53: =+'TOTAL CONTRATOS'!#REF! -> #REF! | AG53: Subdirectora Técnico Cientifica (e) | AH53: Alvaro Jose Tovar Cock | AI53: 79238958 | AJ53: 0 | AK53: P | AM53: cll 83 N 95 D 04 302 BOCHICA 1; Telefono: 3138586888, Email: kvis.15@hotmail.com | AN53: NA | AO53: 33815 | AP53: SURA | AQ53: PORVENIR | AR53: 44582 | AS53: PENDIENTE | AT53: =+K53-J53 -> 160 | AU53: 44574 | AV53: 44579 | AW53: =IF(AV53="ANULADO","ANULADO",NETWORKDAYS.INTL(AU53,AV53)) -> 4 | AX53: APOYO | AY53: FUNCIONAMIENTO | AZ53: 43847 | BA53: ='TOTAL CONTRATOS'!#REF! -> #REF! | BB53: 43847 | BC53: ='TOTAL CONTRATOS'!#REF! -> #REF! | BD53: ='TOTAL CONTRATOS'!#REF! -> #REF! | BE53: Convocatoria Directa
A54: 011-2022 | B54: C.P.Servicios | C54: JULIAN LARROTA ROJAS | D54: CC | E54: 1018474644 | F54: 3 | G54: Prestar los servicios profesionales con el fin de apoyar y dar seguimiento en el área de Ambiente Físico y obras civiles de la E.S.E Centro Dermatológico “Federico Lleras Acosta”. | H54: A partir de la fecha de suscripcion del acta de inicio y hasta el dia 30 de junio de 2022. | I54: 44562 | J54: ='TOTAL CONTRATOS'!F13 -> 44578 | K54: ='TOTAL CONTRATOS'!G13 -> 44742 | L54: 048 | M54: 44575 | N54: A02020200800309-20 | O54: P | P54: P | Q54: 17056000 | R54: a. Un primer pago, desde la fecha de inicio de ejecución hasta el día 20 del mes correspondiente. b. Mensualidades vencidas al día 20 de cada mes. | V54: 0.2 | W54: 0.1 | X54: * | Y54: * | Z54: * | AA54: * | AB54: =+Q54 -> 17056000 | AC54: =+'TOTAL CONTRATOS'!#REF! -> #REF! | AD54: =SUM(AB54-AC54) -> #REF! | AE54: =SUM(AC54*100/AB54) -> #REF! | AF54: =+'TOTAL CONTRATOS'!#REF! -> #REF! | AG54: Subdirectora Administrativa y Financiera | AH54: Susana Valderrama Forero | AI54: 51736889 | AJ54: 5 | AK54: P | AM54: Calle 53 No. 36A-88 Apartamento 102 Nicolas de Federman Telefono 3008224178 email: julian69_2501@hotmail.com | AN54: NA | AO54: 34764 | AP54: NUEVA EPS | AQ54: PORVENIR | AR54: P | AS54: PENDIENTE | AT54: =+K54-J54 -> 164 | AW54: =IF(AV54="ANULADO","ANULADO",NETWORKDAYS.INTL(AU54,AV54)) -> 0 | AX54: APOYO | AY54: FUNCIOAMIENTO | AZ54: 160 | BA54: ='TOTAL CONTRATOS'!#REF! -> #REF! | BC54: ='TOTAL CONTRATOS'!#REF! -> #REF! | BD54: ='TOTAL CONTRATOS'!#REF! -> #REF! | BE54: Convocatoria Directa
A55: 086-2022 | B55: C.P.Servicios | C55: JOSÉ MARTÍN CAMPOS TORRES | D55: CC | E55: 14326556 | F55: 4 | G55: Prestar servicios tecnológicos para apoyar las actividades del Área de Informática del Hospital Universitario Centro Dermatológico Federico Lleras Acosta E.S.E | H55: 6 MESES | I55: 44621 | J55: ='TOTAL CONTRATOS'!F88 -> 44622 | K55: ='TOTAL CONTRATOS'!G88 -> 44805 | L55: 163 | M55: 44607 | N55: A02020200800309-20 | O55: 186 | P55: 44621 | Q55: 15000000 | R55: a. Un primer pago, correspondiente desde la fecha de inicio de ejecución del contrato hasta el día 20 del mes correspondiente, previa presentación de la cuenta de cobro y/o factura e informe de supervisión y cumplimiento con los anexos referidos al pago a los sistemas de seguridad social a los que se encuentra obligada (o) a cotizar. b. Mensualidades vencidas por valor de DOS MILLONES QUINIENTOS MIL PESOS MCTE ($2.500.000) con corte los días 20 de cada mes, previa presentación de la cuenta de cobro y/o factura e informe de supervisión y cumplimiento expedido por la supervisora, el cual deberá acompañarse por los soportes antes referidos en el literal a). | V55: 0.2 | W55: 0.1 | X55: * | Y55: * | Z55: * | AA55: * | AB55: =+Q55 -> 15000000 | AC55: =+'TOTAL CONTRATOS'!#REF! -> #REF! | AD55: =SUM(AB55-AC55) -> #REF! | AE55: =SUM(AC55*100/AB55) -> #REF! | AF55: =+'TOTAL CONTRATOS'!#REF! -> #REF! | AG55: Profesional Universitario responsable del Area de Informatica | AH55: Juan Carlos Vasquez Ramirez | AI55: 80149659 | AJ55: 5 | AK55: Acta No.10 17/2/2022 | AM55: Calle 1 C # 12 A 11 3202883122 josmartct@gmail.com | AN55: NA | AO55: 30438 | AP55: SALUD TOTAL | AQ55: PORVENIR | AR55: 44622 | AS55: PENDIENTE | AT55: =+K55-J55 -> 183 | AU55: 44613 | AV55: 44620 | AW55: =IF(AV55="ANULADO","ANULADO",NETWORKDAYS.INTL(AU55,AV55)) -> 6 | AX55: APOYO | AY55: FUNCIONAMIENTO | BA55: ='TOTAL CONTRATOS'!#REF! -> #REF! | BB55: 44613 | BC55: ='TOTAL CONTRATOS'!#REF! -> #REF! | BD55: ='TOTAL CONTRATOS'!#REF! -> #REF! | BE55: Convocatoria Directa
A56: 078-2022 | B56: C.P.Servicios | C56: JOSE GERZAIN RODRIGUEZ TORO | D56: CC | E56: 17029561 | F56: 9 | G56: Prestar sus servicios como Profesional de Medicina en Apoyo a la Oficina de Docencia e Investigación en los programas de enfermedades tropicales y cutáneas en las instalaciones de la Empresa Social del Estado Centro Dermatológico Federico Lleras Acosta, cuando sea convocado, y apoyar la edición del libro de Cáncer como producto Técnico Científico del Centro | H56: 6 MESES | I56: 44616 | J56: ='TOTAL CONTRATOS'!F80 -> 44620 | K56: ='TOTAL CONTRATOS'!G80 -> 44800 | L56: 116 | M56: 44594 | N56: D190103000601901001-20 | O56: 173 | P56: 44617 | Q56: 12480000 | R56: a. Un primer pago, desde la fecha de inicio hasta el día veinte (20) del mes correspondiente. Mensualidades vencidas con corte los días veinte (20) de cada mes. | V56: 0.2 | W56: 0.1 | X56: * | Y56: * | Z56: * | AA56: * | AB56: =+Q56 -> 12480000 | AC56: =+'TOTAL CONTRATOS'!#REF! -> #REF! | AD56: =+AB56-AC56 -> #REF! | AE56: =SUM(AC56*100/AB56) -> #REF! | AF56: =+'TOTAL CONTRATOS'!#REF! -> #REF! | AG56: Jefe Oficina de Docencia e Investigacion | AH56: Mauricio Alberto Angel Macias | AI56: 79985065 | AJ56: 2 | AK56: Servicio Misional | AM56: Carrera 56B No. 127-67 Telefono: 3156482036 email: gerzainrodriguez@gmail.com | AN56: NA | AO56: 14440 | AP56: SISTEMA PROPIO DE SEGURIDAD SOCIAL UNIVERSIDAD NACIONAL DE COLOMBIA | AQ56: FONDO PENSONAL UNIVERSIDAD NACIONAL DE COLOMBIA | AR56: 44618 | AS56: PENDINTE | AT56: =+K56-J56 -> 180 | AU56: 44596 | AV56: 44600 | AW56: =IF(AV56="ANULADO","ANULADO",NETWORKDAYS.INTL(AU56,AV56)) -> 3 | AX56: MISIONAL | AY56: INVERSION | BA56: ='TOTAL CONTRATOS'!#REF! -> #REF! | BB56: 44432 | BC56: ='TOTAL CONTRATOS'!#REF! -> #REF! | BD56: ='TOTAL CONTRATOS'!#REF! -> #REF! | BE56: Convocatoria Directa
A57: 079-2022 | B57: C.P.Servicios | C57: JORGE YAMID CORREA ADARME | D57: CC | E57: 74374094 | F57: 6 | G57: Prestación de servicios como Auxiliar de Enfermería, en las dos sedes; en la toma de signos vitales a pacientes de consulta externa y apoyar demás actividades que sean encomendadas en esa área, así como en Biopsias, Procedimientos, Cirugía, Consulta Externa y Clínicas. | H57: 8 MESES | I57: 44616 | J57: ='TOTAL CONTRATOS'!F81 -> 44617 | K57: ='TOTAL CONTRATOS'!G81 -> 44858 | L57: 158 | M57: 44607 | N57: A02020200900301-20 | O57: 172 | P57: 44616 | Q57: 12654720 | R57: a. Un primer pago, correspondiente desde la fecha de inicio de ejecución del contrato hasta el día 20 del mes correspondiente. b. Mensualidades vencidas con corte los días 20 de cada mes. | V57: 0.2 | W57: 0.1 | X57: * | Y57: * | Z57: * | AA57: * | AB57: =+Q57 -> 12654720 | AC57: =+'TOTAL CONTRATOS'!#REF! -> #REF! | AD57: =+AB57-AC57 -> #REF! | AE57: =SUM(AC57*100/AB57) -> #REF! | AF57: =+'TOTAL CONTRATOS'!#REF! -> #REF! | AG57: Profesional Especializada Coordinadora de Grupo de Enfermeria | AH57: Gladys Magdalena Diaz Forero | AI57: 35497735 | AJ57: 5 | AK57: Servicio Misional | AM57: Carrera 56 No. 167A-25 Interior 1 502 Telefono 3105624101 email: tatola8@gmail.com | AN57: NA | AO57: 28943 | AP57: EPS SANITAS | AQ57: COLPENSIONES | AR57: 44617 | AS57: PENDIENTE | AT57: =+K57-J57 -> 241 | AU57: 44610 | AV57: 44616 | AW57: =IF(AV57="ANULADO","ANULADO",NETWORKDAYS.INTL(AU57,AV57)) -> 5 | AX57: MISIONAL | AY57: FUNCIONAMIENTO | AZ57: NA | BA57: ='TOTAL CONTRATOS'!#REF! -> #REF! | BB57: 43757 | BC57: ='TOTAL CONTRATOS'!#REF! -> #REF! | BD57: ='TOTAL CONTRATOS'!#REF! -> #REF! | BE57: Convocatoria Directa
A58: 099-2022 | B58: C.P.Servicios | C58: JORGE ENRIQUE NIÑO CAMELO | D58: CC | E58: 1026574930 | F58: 3 | G58: Prestar servicios técnicos para apoyar las actividades del Área de Informática del Hospital Universitario Centro Dermatológico Federico Lleras Acosta E.S.E. en lo que se refiere a la atención del soporte técnico informático. | H58: 6 MESES | I58: 44624 | J58: ='TOTAL CONTRATOS'!F101 -> 44627 | K58: ='TOTAL CONTRATOS'!G101 -> 44764 | L58: 194 | M58: 44616 | N58: A02020200800309-20 | O58: 209 | P58: 44627 | Q58: 9322560 | R58: a. Un primer pago, correspondiente desde la fecha de inicio de ejecución del contrato hasta el día 20 del mes correspondiente, previa presentación de la cuenta de cobro y/o factura e informe de supervisión y cumplimiento con los anexos referidos al pago a los sistemas de seguridad social a los que se encuentra obligada (o) a cotizar. b. Mensualidades vencidas por valor de un millón quinientos cincuenta y tres mil setecientos sesenta pesos MCTE ($1.553760) con corte los días 20 de cada mes, previa presentación de la cuenta de cobro y/o factura e informe de supervisión y cumplimiento expedido por la supervisora, el cual deberá acompañarse por los soportes antes referidos en el literal a). | V58: 0.2 | W58: 0.1 | X58: * | Y58: * | Z58: * | AA58: * | AB58: =+Q58 -> 9322560 | AC58: =+'TOTAL CONTRATOS'!#REF! -> #REF! | AD58: =SUM(AB58-AC58) -> #REF! | AE58: =SUM(AC58*100/AB58) -> #REF! | AF58: =+'TOTAL CONTRATOS'!#REF! -> #REF! | AG58: Profesional Universitario responsable del Area de Informatica | AH58: Juan Carlos Vasquez Ramirez | AI58: 80149659 | AJ58: 5 | AK58: Acta 12 del 01 de marzo de 2022 | AM58: Cra 49 A No. 174 A - 83 3195330702 jorgecamelo15@gmail.com | AN58: NA | AO58: 33968 | AP58: FAMISANAR EPS | AQ58: PORVENIR | AR58: 44625 | AS58: PENDIIENTE | AT58: =+K58-J58 -> 137 | AU58: 44617 | AV58: 44624 | AW58: =IF(AV58="ANULADO","ANULADO",NETWORKDAYS.INTL(AU58,AV58)) -> 6 | AX58: APOYO | AY58: FUNCIONAMIENTO | BA58: ='TOTAL CONTRATOS'!#REF! -> #REF! | BB58: 44615 | BC58: ='TOTAL CONTRATOS'!#REF! -> #REF! | BD58: ='TOTAL CONTRATOS'!#REF! -> #REF! | BE58: Convocatoria Directa
A59: 131-2022 | B59: O.P.Servicios | C59: JOHN FREDY ZAMBRANO MARIN | D59: CC | E59: 80793655 | F59: 7 | G59: Prestar los servicios profesionales con la elaboración y presentación de la información exógena DIAN y SHD (Secretaria de Hacienda Distrital) vigencia 2021. | H59: 2 MESES | I59: 44672 | J59: ='TOTAL CONTRATOS'!F131 -> 44673 | K59: ='TOTAL CONTRATOS'!G131 -> 44733 | L59: 289 | M59: 44658 | N59: A02020200800309-20 | O59: 357 | P59: 44672 | Q59: 3800000 | R59: a. Un primer pago correspondiente desde la fecha de inicio de ejecución del contrato hasta el día 20 del mes correspondiente, previa presentación de la cuenta de cobro y/o factura e informe de supervisión y cumplimiento con los anexos referidos al pago a los sistemas de seguridad social a los que se encuentra obligada a cotizar. b. Mensualidades vencidas con corte los días 20 de cada mes por valor de UN MILLÓN NOVECIENTOS MIL PESOS MCTE ($1.900.000), previa presentación de la cuenta de cobro y/o factura e informe de supervisión y cumplimiento expedido por la supervisora, el cual deberá acompañarse por los soportes antes referidos en el literal a. | V59: * | W59: * | X59: * | Y59: * | Z59: * | AA59: * | AB59: =SUM(Q59) -> 3800000 | AC59: =+'TOTAL CONTRATOS'!#REF! -> #REF! | AD59: =SUM(AB59-AC59) -> #REF! | AE59: =+AC59*100/AB59 -> #REF! | AF59: =+'TOTAL CONTRATOS'!#REF! -> #REF! | AG59: Subdirector Administrativo y Financiero | AH59: Susana Valderrama Forero | AI59: 51736889 | AJ59: 5 | AK59: Cuantía inferior a 5 SMLMV | AM59: Calle 47 A Sur No. 3B-77 Teléfono: 2651949 Email: johnfry123@gmail.com | AN59: NA | AO59: 30751 | AP59: SALUD TOTAL | AQ59: PROTECCION | AR59: 44673 | AS59: PENDIENTE | AT59: =+K59-J59 -> 60 | AU59: 44659 | AV59: 44672 | AW59: =IF(AV59="ANULADO","ANULADO",NETWORKDAYS.INTL(AU59,AV59)) -> 10 | AX59: APOYO | AY59: FUNCIONAMIENTO | AZ59: NA | BA59: ='TOTAL CONTRATOS'!#REF! -> #REF! | BB59: 43876 | BC59: ='TOTAL CONTRATOS'!#REF! -> #REF! | BD59: ='TOTAL CONTRATOS'!#REF! -> #REF! | BE59: Convocatoria Directa
A60: 124-2022 | B60: C.P.Servicios | C60: JOHN ALEXANDER NOVA VILLANUEVA | D60: CC | E60: 79795720 | F60: 3 | G60: Prestar los servicios profesionales especializados como investigador principal, para dar continuidad al proyecto “Supervivencia y factores pronóstico en pacientes con Melanoma lentiginoso acral en dos centros de referencia en Colombia. Estudio de cohorte. Años 2021-2026”-1DIS02-6AÑ realizado en convenio con el Instituto Nacional de Cancerología. | H60: 10 MESES | I60: 44656 | J60: ='TOTAL CONTRATOS'!F125 -> ANULADO | K60: ='TOTAL CONTRATOS'!G125 -> ANULADO | L60: 183 | M60: 44614 | N60: D19010300060190102102-20 | O60: 352 | P60: 44663 | Q60: 14472000 | R60: a. Un primer pago, correspondiente desde la fecha de inicio de ejecución del contrato hasta el 20 del mes correspondiente b. Mensualidades vencidas con corte los días 20 de cada mes. PARAGRAFO: Los pagos están sujetos a la presentación de la cuenta de cobro y del formato PA-CDJ-FO-011 Informe de supervisión y certificación y cumplimiento de contrato u orden con los anexos referidos al pago de los sistemas de seguridad social a los que se encuentra obligado(a) a cotizar. | V60: 0.2 | W60: 0.1 | X60: * | Y60: * | Z60: * | AB60: =SUM(Q60) -> 14472000 | AC60: =+'TOTAL CONTRATOS'!#REF! -> #REF! | AD60: =SUM(AB60-AC60) -> #REF! | AE60: =SUM(AC60*100/AB60) -> #REF! | AF60: =+'TOTAL CONTRATOS'!#REF! -> #REF! | AG60: Jefe Oficina de Docencia e Investigacion (E) | AH60: ZULMA LORENA ALVARADO ÁLVAREZ | AI60: XXXXXXXXX | AJ60: X | AK60: Servicio Misional | AM60: Cra 50 B 64 - 44 Apto 1801 t2 3003023660 johnnovavilla@yahoo.com | AN60: NA | AO60: 28524 | AP60: COMPENSAR | AQ60: COLFONDOS | AR60: 44664 | AS60: PENDIENTE | AT60: =+K60-J60 -> #VALUE! | AU60: 44620 | AV60: 44621 | AW60: =IF(AV60="ANULADO","ANULADO",NETWORKDAYS.INTL(AU60,AV60)) -> 2 | AX60: MISIONAL | AY60: INVERSION | BA60: ='TOTAL CONTRATOS'!#REF! -> #REF! | BB60: 44212 | BC60: ='TOTAL CONTRATOS'!#REF! -> #REF! | BD60: ='TOTAL CONTRATOS'!#REF! -> #REF! | BE60: Convocatoria Directa
A61: 054-2022 | B61: C.P.Servicios Médico Asistenciales | C61: JOHN ALEXANDER NOVA VILLANUEVA | D61: CC | E61: 79795720 | F61: 3 | G61: Prestar los servicios médicos asistenciales en consulta externa y/o procedimientos en la especialidad de Dermatología, y participar en actividades académicas en las instalaciones de la Empresa Social del Estado Centro Dermatológico Federico Lleras Acosta, cuando sea convocado (a). | H61: ocho (8) meses | I61: 44594 | J61: ='TOTAL CONTRATOS'!F57 -> 44611 | K61: ='TOTAL CONTRATOS'!G57 -> 44852 | L61: 095 | M61: 44587 | N61: A02020200900301-20 | O61: 126 | P61: 44602 | Q61: 25000000 | R61: a. Un primer pago, desde la fecha de inicio hasta el día 20 del mes correspondiente. Mensualidades vencidas con corte los días 20 de cada mes. PARAGRAFO: hora consulta y por evento procedimientos, según tarifas establecidas por la Dirección General. | V61: 0.2 | W61: 0.1 | X61: * | Y61: * | Z61: * | AA61: 44683 | AB61: =+Q61 -> 25000000 | AC61: =+'TOTAL CONTRATOS'!#REF! -> #REF! | AD61: =SUM(AB61-AC61) -> #REF! | AE61: =SUM(AC61*100/AB61) -> #REF! | AF61: =+'TOTAL CONTRATOS'!#REF! -> #REF! | AG61: Subdirector (a) Técnico Cientifica (e) Medico Especialista, Coordinadora Medica Jefe Oficina de Docencia e Investigacion | AH61: Alvaro Jose Tovar Cock Marcela Soler Tovar Mauricio Alberto Angel Macias | AI61: 79.238.958 1.032.377.897 79.985.065 | AJ61: 0 5 2 | AK61: Servicio Misional | AM61: Carrera 50B No. 69-44 Telefono : 3003023660 email: johnnovavilla@yahoo.com | AN61: NA | AO61: 28524 | AP61: COMPENSAR | AQ61: COLFONDOS | AR61: 44611 | AS61: PENDIENTE | AT61: =+K61-J61 -> 241 | AU61: 44590 | AV61: 44594 | AW61: =IF(AV61="ANULADO","ANULADO",NETWORKDAYS.INTL(AU61,AV61)) -> 3 | AX61: MISIONAL | AY61: FUNCIONAMIENTO | AZ61: No registra en el contrato | BA61: ='TOTAL CONTRATOS'!#REF! -> #REF! | BB61: 44212 | BC61: ='TOTAL CONTRATOS'!#REF! -> #REF! | BD61: ='TOTAL CONTRATOS'!#REF! -> #REF! | BE61: Convocatoria Directa
A62: 004-2022 | B62: C.P.Servicios | C62: JOHANA MARCELA BRAVO HERNANDEZ | D62: cc | E62: 1022343564 | F62: 5 | G62: Prestar los servicios técnicos de apoyo a la gestión en el área de Cajas de la Subdirección Administrativa y Financiera en las diferentes sedes de la E.S.E. Centro Dermatológico Federico Lleras Acosta. | H62: A partir de la fecha de suscripcion del acta de inicio y hasta el dia 30 de junio de 2022. | I62: 44572 | J62: ='TOTAL CONTRATOS'!F6 -> 44573 | K62: ='TOTAL CONTRATOS'!G6 -> 44742 | L62: 017 | M62: 44572 | N62: A02020200800309-20 | O62: P | P62: 44573 | Q62: 8416200 | R62: a. Un primer pago, desde la fecha de inicio hasta el día veinte (20) del mes correspondiente. Mensualidades vencidas con corte los días veinte (20) de cada mes. | V62: 0.2 | W62: 0.1 | X62: * | Y62: * | Z62: * | AA62: * | AB62: =SUM(Q62) -> 8416200 | AC62: =+'TOTAL CONTRATOS'!#REF! -> #REF! | AD62: =SUM(AB62-AC62) -> #REF! | AE62: =SUM(AC62*100/AB62) -> #REF! | AF62: =+'TOTAL CONTRATOS'!#REF! -> #REF! | AG62: Tecnico Administrativo, responsable de del area de cajas | AH62: Francisco Javier Peña Santacruz | AI62: 10480755 | AJ62: 7 | AK62: P | AM62: Calle 84 Sur No. 9-22 Telefono 3057731183/ 3483419 email. Jmarcelabravo@gmail.com | AN62: NA | AO62: 32177 | AP62: EPS SANITAS | AQ62: COLPENSIONES | AR62: 44574 | AS62: PENDIENTE | AT62: =+K62-J62 -> 169 | AU62: 44568 | AV62: 44572 | AW62: =IF(AV62="ANULADO","ANULADO",NETWORKDAYS.INTL(AU62,AV62)) -> 3 | AX62: APOYO | AY62: FUNCIONAMENTO | AZ62: 160 | BA62: ='TOTAL CONTRATOS'!#REF! -> #REF! | BB62: 44357 | BC62: ='TOTAL CONTRATOS'!#REF! -> #REF! | BD62: ='TOTAL CONTRATOS'!#REF! -> #REF! | BE62: Convocatoria Directa
A63: 153-2022 | B63: C.P.Servicios | C63: JOHAN ESTEBAN DE LA CRUZ MATABAJOY | D63: CC | E63: 1004547483 | F63: 8 | G63: Prestar los servicios de apoyo en salud Ocupacional al área de Seguridad y Salud en el trabajo de la E.S.E Centro Dermatológico “Federico Lleras Acosta”. | H63: 7 MESES | I63: 44726 | J63: 44727 | K63: P | L63: 402 | M63: 44720 | N63: A02020200800309-20 | O63: 536 | P63: 44727 | Q63: 17500000 | R63: a. Un primer pago, correspondiente desde la fecha de inicio de ejecución del contrato hasta el día 20 del mes correspondiente, previa presentación de la cuenta de cobro e informe de supervisión y certificación de cumplimiento con los anexos referidos al pago de los sistemas de seguridad social a los que se encuentra obligado a cotizar. b. Mensualidades vencidas por valor de Dos millones quinientos mil pesos MCTE ($2.500.000), con corte los días 20 de cada mes, previa presentación de la cuenta de cobro e informe de supervisión y certificación de cumplimiento expedida por el supervisor, el cual deberá acompañarse por los soportes antes referidos en el literal a. | V63: 0.2 | W63: 0.1 | X63: * | Y63: * | Z63: * | AA63: * | AB63: =SUM(Q63) -> 17500000 | AC63: 0 | AD63: =SUM(AB63-AC63) -> 17500000 | AE63: =SUM(AC63*100/AB63) -> 0 | AF63: 0 | AG63: Subdirector Administrativo y Financiero | AH63: Susana Valderrama Forero | AI63: 51736889 | AJ63: 5 | AK63: Acta Comité Contratos 027 del 09 de junio de 2022 | AM63: CALLE 41 BIS A SUR 7B 34 ESTE 3219025659 cruzjohan962@gmail.com | AN63: NA | AO63: 36524 | AP63: SANITAS | AQ63: PORVENIR | AR63: 44727 | AS63: PENIDIENTE | AT63: =+K63-J63 -> #VALUE! | AU63: 44721 | AV63: 44725 | AW63: =IF(AV63="ANULADO","ANULADO",NETWORKDAYS.INTL(AU63,AV63)) -> 3 | AX63: APOYO | AY63: FUNCIONAMIENTO | AZ63: NA | BA63: INSTITUCIÓN EDUCATIVA "NUETRA SEÑORA DE LAS LAJAS" Bachiller Académico (05/12/2015) INSTITUTO DE EDUCACIÓN TÉCNICA - INESUR Técnico Laboral en Sistemas Programación y redes (15/10/2011) SECRETARIA DISTRITAL DE SALUD Curso Promoción y Prevención en Salud (01/08/2017) Curso Primer Respondiente para Comunidad (23/08/2017) SENA Tecnólogo en Salud Ocupacional (30/04/2018) FUNDACIÓN UNIPYMES Curso SG-SST como lo establece la circular 063 de 2020 y el decreto 1072 de 2015 (20 horas virtuales) (30/04/2022) | BB63: 44721 | BC63: Verificado 14 de junio de 2022 OK | BD63: Verificado 14 de junio de 2022 Acta de inicio | BE63: Contratacion Directa
A64: 147-2022 | B64: C.P.Servicios Profesionales | C64: JOHAN ANDRES RODRIGUEZ | D64: CC | E64: 1069730927 | F64: 6 | G64: Prestar los servicios como profesional de enfermería realizando actividades como líder del Comité de Prevención, Control y Vigilancia Epidemiológica de las “Infecciones Asociadas a la Atención en la Salud” y del Programa de Prevención de Infecciones para las áreas de Calidad y la Subdirección Técnico-Científica. | H64: 8 MESES | I64: 44708 | J64: ='TOTAL CONTRATOS'!F147 -> 44719 | K64: ='TOTAL CONTRATOS'!G147 -> 44963 | L64: 334 | M64: 44690 | N64: ='TOTAL CONTRATOS'!J147 -> A02020200900301-20 | O64: ='TOTAL CONTRATOS'!K147 -> 513 | P64: ='TOTAL CONTRATOS'!L147 -> 44719 | Q64: 32032000 | R64: : a. Un primer pago, correspondiente desde la fecha de inicio de ejecución del contrato hasta el día veinte del mes correspondiente, previa presentación de la cuenta de cobro y/o factura e informe de supervisión y certificación de cumplimiento con los anexos referidos al pago a los sistemas de seguridad social que se encuentre obligada (o) a cotizar. b. Mensualidades vencidas con corte los días 20 de cada mes por un valor de $ 4.004.000. PARAGRAFO: Los pagos están sujetos a la presentación de la cuenta de cobro y del formato PA-CDJ-FO-011 Informe de supervisión y certificación de cumplimiento de contrato u orden, el cual deberá acompañarse por los soportes antes referidos en el literal a). | V64: 0.2 | W64: 0.1 | X64: * | Y64: * | Z64: * | AA64: * | AB64: =SUM(Q64) -> 32032000 | AC64: =+'TOTAL CONTRATOS'!#REF! -> #REF! | AD64: =SUM(AB64-AC64) -> #REF! | AE64: =SUM(AC64*100/AB64) -> #REF! | AF64: 0 | AG64: Medico Especialista, Coordinadora Medica Subdirector Técnico Cientifico Profesional Especializada Coordinadora de Grupo de Enfermeria | AH64: Marcela Soler Tovar Mauricio Molina Achury Gladys Magdalena Diaz Forero | AI64: 1032377897 79368488 35497735 | AJ64: 5 8 5 | AK64: Servicio Misional | AM64: Carrera 107 A No. 71A-13 Casa Bosques de Mariana Telefono : 3187296456 email: jandresrodriguez@javeriana.edu.com | AN64: NA | AO64: 32889 | AP64: COMPENSAR SALUD EPS | AQ64: PORVENIR | AR64: P | AS64: PENDIENTE | AT64: =+K64-J64 -> 244 | AU64: 44613 | AV64: 44616 | AW64: =IF(AV64="ANULADO","ANULADO",NETWORKDAYS.INTL(AU64,AV64)) -> 4 | AX64: APOYO | AY64: FUNCIONAMIENTO | AZ64: 160 | BA64: UNIDAD EDUCATIVA MUNICIPAL "CARLOS LOZANO Y LOZANO" Bachiller Académico (01/12/2006) UNIVERSIDAD DE CUNDINAMARCA Enfermero (17/12/2013) RETHUS- Enfemeria UNIVERSIDAD DE CUNDINAMARCA Reaminacion Cardiopulmonar Soporte Vital basico y Avanzado (Noviembre/2019) PONTIFICIA UNIVERSIDAD JAVERIANA "Curso Internacional en Análisis de Brotes, Modelamiento y Respuesta en Salud Pública" (24/06/2021 y 09/07/2021) ACADEMIA DE PERITOS FORENSES Curso Atención Integral en saluda a victimas de violencia sexual (05/10/2021) | BB64: 44466 | BC64: Verificado 27 de mayo de 2022 POLIZA | BD64: Verificado el 27 de mayo de 2022 Acta de Inicio | BE64: Convocatoria Directa
A65: 110-2022 | B65: C.P.Servicios | C65: JESUS ALBERTO BALLESTEROS BALLESTEROS | D65: CC | E65: 1234093707 | F65: 7 | G65: Prestación de servicios profesionales como investigador, para validar un marcador molecular que permita diferenciar L. (V.) panamensis y L. (V.) guyanensis, con sensibilidad de al menos el 85%, a partir de muestras de pacientes (frotis directo), en el marco del proyecto de investigación “Frecuencia de las especies de Leishmania en pacientes atendidos en Bogotá y evaluación del desempeño diagnóstico del frotis directo” 1DIS02-1AD, en convenio con la universidad Javeriana. | H65: 6 MESES | I65: 44634 | J65: ='TOTAL CONTRATOS'!F111 -> 44636 | K65: ='TOTAL CONTRATOS'!G111 -> 44819 | L65: 200 | M65: 44620 | N65: D19010300060190102102-20 | O65: 254 | P65: 44636 | Q65: 10800000 | R65: a. Un primer pago, correspondiente desde la fecha de inicio de ejecución del contrato hasta el 20 del mes correspondiente b. Mensualidades vencidas por valor de UN MILLÓN OCHOCIENTOS MIL PESOS MCTE ($1.800.000) con corte los días 20 de cada mes. PARAGRAFO: Los pagos están sujetos a la presentación de la cuenta de cobro y del formato PA-CDJ-FO-011 Informe de supervisión y certificación y cumplimiento de contrato u orden con los anexos referidos al pago de los sistemas de seguridad social a los que se encuentra obligado(a) a cotizar. | V65: 0.2 | W65: 0.1 | X65: * | Y65: * | Z65: * | AA65: * | AB65: =SUM(Q65) -> 10800000 | AC65: =+'TOTAL CONTRATOS'!#REF! -> #REF! | AD65: =SUM(AB65-AC65) -> #REF! | AE65: =SUM(AC65*100/AB65) -> #REF! | AF65: =+'TOTAL CONTRATOS'!#REF! -> #REF! | AG65: Jefe Oficina de Docencia e Investigacion Profesional Especiallizado responsable del Area de Calidad | AH65: Mauricio Alberto Angel Macias Claudia Lucia Colorado Salamanca | AI65: 79985065 51898631 | AJ65: 2 7 | AK65: Servicio Misional | AM65: Carrera 72 Bis No. 24D-50 Telefono 3218570920 email: jesus0199@outlook.com | AN65: NA | AO65: 36176 | AP65: EPS SURA | AQ65: PROTECCION | AR65: 44636 | AS65: PENDIENTE | AT65: =+K65-J65 -> 183 | AU65: 44628 | AV65: 44634 | AW65: =IF(AV65="ANULADO","ANULADO",NETWORKDAYS.INTL(AU65,AV65)) -> 5 | AX65: MISIONAL | AY65: FUNCIONAMIENTO | BA65: ='TOTAL CONTRATOS'!#REF! -> #REF! | BB65: 43874 | BC65: ='TOTAL CONTRATOS'!#REF! -> #REF! | BD65: ='TOTAL CONTRATOS'!#REF! -> #REF! | BE65: Convocatoria Directa
A66: 096-2022 | B66: C.P.Servicios | C66: JENNIFER CAROLINA FAJARDO FONSECA | D66: CC | E66: 52877747 | F66: 6 | G66: Prestar servicios especializados como investigador principal en el desarrollo de la investigación código 1DIS02-6AJ “Estudio sobre el efecto de los cannabinoides en la modulación de la respuesta inflamatoria en queratinocitos” en el marco del contrato de investigación “Modulación de la respuesta inflamatoria de queratinocitos” suscrito entre la E.S.E. Centro Dermatológico Federico Lleras Acosta y la empresa Khiron Colombia S.A.S y su otrosí No.1. | H66: 5 MESES | I66: 44623 | J66: ='TOTAL CONTRATOS'!F98 -> 44629 | K66: ='TOTAL CONTRATOS'!G98 -> 44781 | L66: 186 | M66: 44614 | N66: D19010300060190102102-20 | O66: 211 | P66: 44627 | Q66: 20000000 | R66: a. Un primer pago, correspondiente desde la fecha de inicio de ejecución del contrato hasta el 20 del mes correspondiente b. Mensualidades vencidas con corte los días 20 de cada mes. PARAGRAFO: Los pagos están sujetos a la presentación de la cuenta de cobro y del formato PA-CDJ-FO-011 Informe de supervisión y certificación y cumplimiento de contrato u orden con los anexos referidos al pago de los sistemas de seguridad social a los que se encuentra obligado(a) a cotizar | V66: 0.2 | W66: 0.1 | X66: * | Y66: * | Z66: * | AA66: * | AB66: =+Q66 -> 20000000 | AC66: =+'TOTAL CONTRATOS'!#REF! -> #REF! | AD66: =SUM(AB66-AC66) -> #REF! | AE66: =SUM(AC66*100/AB66) -> #REF! | AF66: =+'TOTAL CONTRATOS'!#REF! -> #REF! | AG66: Jefe Oficina de Docencia e Investigacion | AH66: Mauricio Alberto Angel Macias | AI66: 79985065 | AJ66: 2 | AK66: Servicio Misional | AM66: Transversal 70 Sur No. 67B-80 Apto 916 Calle 59C Sur No. 47A-09 (*) Telefono: 3183056634 email: jcarolina.fajardof@gmail.com | AN66: NA | AO66: 30409 | AP66: COMPENSAR EPS | AQ66: COLFONDOS | AR66: 44629 | AS66: PENDIENTE | AT66: =+K66-J66 -> 152 | AU66: 44364 | AV66: 44368 | AW66: =IF(AV66="ANULADO","ANULADO",NETWORKDAYS.INTL(AU66,AV66)) -> 3 | AX66: MISIONAL | AY66: INVERSION | BA66: ='TOTAL CONTRATOS'!#REF! -> #REF! | BB66: 44628 | BC66: ='TOTAL CONTRATOS'!#REF! -> #REF! | BD66: ='TOTAL CONTRATOS'!#REF! -> #REF! | BE66: Convocatoria Directa
A67: 120-2022 | B67: C.P.Servicios | C67: JAMS TECHNOLOGY S.A.S. | D67: NIT | E67: 830048286 | F67: 8 | G67: Prestar el servicio de mantenimiento integral (preventivo, predictivo y correctivo) de la planta telefónica, ubicada en las instalaciones de la E.S.E Centro Dermatológico Federico Lleras Acosta. | H67: 10 MESES | I67: 44648 | J67: ='TOTAL CONTRATOS'!F121 -> 44651 | K67: ='TOTAL CONTRATOS'!G121 -> 44956 | L67: 231 | M67: 44635 | N67: A020202008007015-20 | O67: 314 | P67: 44651 | Q67: 17845692 | R67: A. Un primer pago, correspondiente desde la fecha de inicio de ejecución del contrato hasta el día 20 del mes correspondiente, previa presentación de la cuenta de cobro y/o factura e informe de supervisión y certificación de cumplimiento con los anexos referidos al pago a los sistemas de seguridad social a los que se encuentra obligada (o) a cotizar. B.Mensualidades vencidas por un valor de $1.784.659,2 con corte los días 20 de cada mes, previa presentación de la cuenta de cobro y/o factura e informe de supervisión y certificación de cumplimiento expedido por la supervisora, el cual deberá acompañarse por los soportes antes referidos en el literal A | V67: 0.2 | W67: 0.1 | X67: * | Y67: 0.05 | Z67: 0.1 | AA67: * | AB67: =SUM(Q67) -> 17845692 | AC67: =+'TOTAL CONTRATOS'!#REF! -> #REF! | AD67: =SUM(AB67-AC67) -> #REF! | AE67: =SUM(AC67*100/AB67) -> #REF! | AF67: =+'TOTAL CONTRATOS'!#REF! -> #REF! | AG67: Subdirector Administrativo y Financiero | AH67: Susana Valderrama Forero | AI67: 51736889 | AJ67: 5 | AK67: Acta Comité Contratos 016 del 17 de marzo de 2022 | AM67: Calle 8 C No. 78C-55 Telefono: jamstechnology@gmaiil.com 4241111 - 4247262 | AN67: NA | AO67: NA | AP67: NA | AQ67: NA | AR67: NA | AS67: PENDIENTE | AT67: =+K67-J67 -> 305 | AU67: 44638 | AV67: 44642 | AW67: =IF(AV67="ANULADO","ANULADO",NETWORKDAYS.INTL(AU67,AV67)) -> 3 | AX67: APOYO | AY67: FUNCIONAMIENTO | AZ67: NA | BA67: ='TOTAL CONTRATOS'!#REF! -> #REF! | BB67: NA | BC67: ='TOTAL CONTRATOS'!#REF! -> #REF! | BD67: ='TOTAL CONTRATOS'!#REF! -> #REF! | BE67: Convocatoria Directa
A68: 148-2022 | B68: C.P.Servicios | C68: JAMS TECHNOLOGY S.A.S | D68: NIT | E68: 830048286 | F68: 8 | G68: Prestar el servicio de mantenimiento integral (preventivo, predictivo y correctivo) de los circuitos cerrados de televisión que se encuentran en las diferentes sedes asistenciales de la E.S.E Centro Dermatológico Federico Lleras Acosta. | H68: 7 MESES | I68: 44712 | J68: ='TOTAL CONTRATOS'!F148 -> 44725 | K68: ='TOTAL CONTRATOS'!G148 -> 44938 | L68: 343 | M68: 44691 | N68: ='TOTAL CONTRATOS'!J148 -> A020202008007015-20 | O68: ='TOTAL CONTRATOS'!K148 -> 533 | P68: ='TOTAL CONTRATOS'!L148 -> 44725 | Q68: 8800000 | R68: El valor del presente contrato se hará en tres (3) pagos de igual valor previa presentación de factura con el lleno de los requisitos legales, certificación de paz y salvo de aportes al sistema de seguridad integral obligado a cotizar y demás parafiscales, junto con el informe de mantenimiento e informe de supervisión de esté. El CENTRO consignará los pagos del contrato en una entidad financiera indicada por el proponente, donde éste posea una cuenta corriente o de ahorros, afiliada al sistema automático de pagos – SAP. | V68: 0.1 | W68: 0.1 | X68: * | Y68: 0.05 | Z68: 0.05 | AA68: * | AB68: =SUM(Q68) -> 8800000 | AC68: =+'TOTAL CONTRATOS'!#REF! -> #REF! | AD68: =SUM(AB68-AC68) -> #REF! | AE68: =SUM(AC68*100/AB68) -> #REF! | AF68: 0 | AG68: Subdirector Administrativo y Financiero | AH68: Susana Valderrama Forero | AI68: 51736889 | AJ68: 5 | AK68: Acta 025 del 17/05/2022 | AM68: Calle 8 C No. 78 C - 55 jamstechnology@gmail.com 4241111 - 4247262 | AN68: NA | AO68: NA | AP68: NA | AQ68: NA | AR68: NA | AS68: PENDIENTE | AT68: =+K68-J68 -> 213 | AU68: 44698 | AV68: 44707 | AW68: =IF(AV68="ANULADO","ANULADO",NETWORKDAYS.INTL(AU68,AV68)) -> 8 | AX68: APOYO | AY68: FUNCIONAMIENTO | AZ68: NA | BA68: NA | BB68: NA | BC68: Verificado 31 de mayo de 2022 POLIZA ACUERDO, SARLAF, AUTORIZACION…. | BD68: Verificado el 27 de mayo de 2022 Acta de Inicio | BE68: Convocatoria Directa
A69: 012-2022 | B69: C.P.Servicios | C69: INGRID MAYERLY ARIAS ARIAS | D69: CC | E69: 1023895240 | F69: 6 | G69: Prestar los servicios como técnico de almacén, con el fin de apoyar las actividades correspondientes a la recepción técnica, organización, alistamiento y despacho de estos, toma de temperaturas y humedad en las diferentes bodegas de almacenamiento institucional, así como lo referente a la realización de inventarios y gestión documental del Área | H69: A partir de la fecha de suscripcion del acta de inicio y hasta el dia 30 de junio de 2022. | I69: 44575 | J69: ='TOTAL CONTRATOS'!F14 -> 44578 | K69: ='TOTAL CONTRATOS'!G14 -> 44742 | L69: 051 | M69: 44575 | N69: A02020200800309-20 | O69: p | P69: 44578 | Q69: 8642800 | R69: a. Un primer pago correspondiente desde la fecha de inicio de ejecución del contrato hasta el día 20 del mes correspondiente. b. Mensualidades vencidas con corte los días 20 de cada mes. | V69: 0.2 | W69: 0.1 | X69: * | Y69: * | Z69: * | AA69: * | AB69: =SUM(Q69) -> 8642800 | AC69: =+'TOTAL CONTRATOS'!#REF! -> #REF! | AD69: =SUM(AB69-AC69) -> #REF! | AE69: =SUM(AC69*100/AB69) -> #REF! | AF69: =+'TOTAL CONTRATOS'!#REF! -> #REF! | AG69: Tecnico Administrativo, responsable de del area de cajas | AH69: Francisco Javier Peña Santacruz | AI69: 10480755 | AJ69: 7 | AK69: P | AM69: Calle 35 Sur No. 10-30 Este Casa Los Alpes Teñefono: 3144350864 email: mayerlyariasarais@hotmail.co | AN69: NA | AO69: 32963 | AP69: EPS FAMISANAR EPS | AQ69: PORVENIR | AR69: 44576 | AS69: PENDIENTE | AT69: =+K69-J69 -> 164 | AU69: 44573 | AV69: 44578 | AW69: =IF(AV69="ANULADO","ANULADO",NETWORKDAYS.INTL(AU69,AV69)) -> 4 | AX69: APOYO | AY69: FUNCIONAMIENTO | AZ69: 160 | BA69: ='TOTAL CONTRATOS'!#REF! -> #REF! | BB69: 44309 | BC69: ='TOTAL CONTRATOS'!#REF! -> #REF! | BD69: ='TOTAL CONTRATOS'!#REF! -> #REF! | BE69: Convocatoria Directa
A70: 132-2022 | B70: C.P.Servicios | C70: HOLMAN OSIRIZ RUIZ MARTINEZ | D70: CC | E70: 80537836 | F70: 7 | G70: Apoyar las actividades del área de informática para el correcto funcionamiento del sistema informático del Hospital Universitario centro Dermatológico Federico Lleras Acosta E.S.E. | H70: 2 MESES | I70: 44676 | J70: ='TOTAL CONTRATOS'!F132 -> 44677 | K70: ='TOTAL CONTRATOS'!G132 -> 44737 | L70: 307 | M70: 44670 | N70: A02020200800309-20 | O70: 383 | P70: 44676 | Q70: 7000000 | R70: a. Un primer pago, correspondiente desde la fecha de inicio de la ejecución del contrato hasta el día veinte (20) calendario del mes correspondiente, previa presentación de la cuenta de cobro e informe de supervisión y cumplimiento con los anexos requeridos que soporten el pago a los sistemas de seguridad social a los que se encuentra obligado a cotizar. b. Mensualidades vencidas con corte al día veinte (20) calendario de cada mes por un valor de: TRES MILLONES QUINIENTOS MIL PESOS ($3.500.000), previa presentación de la cuenta de cobro e informe de supervisión y cumplimiento expedido por el supervisor, el cual deberá acompañarse por los soportes antes referidos. | V70: 0.2 | W70: 0.1 | X70: * | Y70: * | Z70: * | AA70: * | AB70: =SUM(Q70) -> 7000000 | AC70: =+'TOTAL CONTRATOS'!#REF! -> #REF! | AD70: =SUM(AB70-AC70) -> #REF! | AE70: =+AC70*100/AB70 -> #REF! | AF70: =+'TOTAL CONTRATOS'!#REF! -> #REF! | AG70: Subdirector Administrativo y Financiero | AH70: Susana Valderrama Forero | AI70: 51736889 | AJ70: 5 | AK70: Acta 20 del 21 de abril de 2022 | AM70: Calle 70 A 77 L 05 Piso 4 Bosa Nueva Granada 3174454174 holrui108@gmail.com | AN70: NA | AO70: 28371 | AP70: FAMISANAR EPS | AQ70: COLFONDOS | AR70: 44677 | AS70: PENDIENTE | AT70: =+K70-J70 -> 60 | AU70: 44672 | AV70: 44676 | AW70: =IF(AV70="ANULADO","ANULADO",NETWORKDAYS.INTL(AU70,AV70)) -> 3 | AX70: APOYO | AY70: FUNCIONAMIENTO | AZ70: NA | BA70: ='TOTAL CONTRATOS'!#REF! -> #REF! | BB70: 44571 | BC70: ='TOTAL CONTRATOS'!#REF! -> #REF! | BD70: ='TOTAL CONTRATOS'!#REF! -> #REF! | BE70: Convocatoria Directa
A71: 072-2022 | B71: C.P.Servicios Médico Asistenciales | C71: HECTOR JOSE CASTELLANOS LORDUY | D71: CC | E71: 19379828 | F71: 8 | G71: Prestar los servicios médicos asistenciales en consulta externa y/o procedimientos en la especialidad de Dermatología y de la clínica dermatológica de estética y cosmiatría; participar en actividades académicas en las instalaciones de la Empresa Social del Estado Centro Dermatológico Federico Lleras Acosta, cuando sea convocado (a). | H71: 8 MESES | I71: 44610 | J71: ='TOTAL CONTRATOS'!F75 -> 44616 | K71: ='TOTAL CONTRATOS'!G75 -> 44872 | L71: 052 | M71: 44579 | N71: A02020200900301-20 | O71: 157 | P71: 44614 | Q71: 90000000 | R71: a. Un primer pago, desde la fecha de inicio hasta el día veinte (20) del mes correspondiente. Mensualidades vencidas con corte los días veinte (20) de cada mes. PARAGRAFO: hora consulta y por evento procedimientos, según tarifas establecidas por la Dirección General. | V71: 0.2 | W71: 0.1 | X71: * | Y71: * | Z71: * | AA71: 44922 | AB71: =SUM(Q71) -> 90000000 | AC71: =+'TOTAL CONTRATOS'!#REF! -> #REF! | AD71: =SUM(AB71-AC71) -> #REF! | AE71: =+AC71*100/AB71 -> #REF! | AF71: =+'TOTAL CONTRATOS'!#REF! -> #REF! | AG71: Subdirector Técnico Cientifico Medico Especialista, Coordinadora Medica Profesional Especializada, Coordinador del Grupo de Enfermeria (C.Interna 55963 del 29 de ocy/21) | AH71: Fredy Mauricio Avila Marcela Soler Tovar Mauricio Alberto Angel Macias | AI71: 79.372.771 1.032.377.897 79.985.065 | AJ71: x 5 2 | AK71: Servicio Misional | AM71: Calle 96 No. 21-86 Apto. 301 Chico Norte O 602 Telefono 3102585981 Email: hcastell79@hotmail.com | AN71: NA | AO71: 21630 | AP71: UNISALUD | AQ71: COLPENSIONES (PENSIONADO) | AS71: PENDIENTE | AT71: =+K71-J71 -> 256 | AU71: 44602 | AV71: 44613 | AW71: =IF(AV71="ANULADO","ANULADO",NETWORKDAYS.INTL(AU71,AV71)) -> 8 | AX71: MISIONAL | AY71: INVERSION | AZ71: 72 | BA71: ='TOTAL CONTRATOS'!#REF! -> #REF! | BB71: 44607 | BC71: ='TOTAL CONTRATOS'!#REF! -> #REF! | BD71: ='TOTAL CONTRATOS'!#REF! -> #REF! | BE71: Convocatoria Directa
A72: 065-2022 | B72: C.P.Servicios Médico Asistenciales | C72: HECTOR CAMILO PEREZ CELY | D72: CC | E72: 1026564544 | F72: 0 | G72: Prestar los servicios médicos asistenciales especializados en Dermatología, en el área de biopsias, procedimientos y cirugía Dermatológica- Oncológica y participar en actividades académicas en las instalaciones de la Empresa Social del Estado Centro Dermatológico Federico Lleras Acosta, cuando sea convocado (a). | H72: 8 MESES | I72: 44606 | J72: ='TOTAL CONTRATOS'!F68 -> 44613 | K72: ='TOTAL CONTRATOS'!G68 -> 44854 | L72: 140 | M72: 44600 | N72: A02020200900301-20 | O72: 151 | P72: 44610 | Q72: 45000000 | R72: a. Un primer pago, correspondiente desde la fecha de inicio de ejecución del contrato hasta el día 20 del mes correspondiente. b. Mensualidades vencidas con corte los días 20 de cada mes. PARAGRAFO PRIMERO: EL CENTRO cancelará la prestación de los servicios al CONTRATISTA, para lo cual tendrá en cuenta el número de pacientes atendidos por hora en consulta, y por evento se tendrá en cuenta el número y tipo de procedimientos, según tarifas establecidas por el Director General. La asistencia a Ateneo será reconocida sí cumple con 20 horas asistenciales semanales. PARAGRAFO SEGUNDO: Los pagos están sujetos a la presentación de la cuenta de cobro y del formato PA-CDJ-FO-011 Informe de supervisión y certificación de cumplimiento de contrato u orden, con los anexos referidos al pago a los sistemas de seguridad social a los que se encuentra obligado (a) a cotizar). | V72: 0.2 | W72: 0.1 | X72: * | Y72: * | Z72: * | AA72: 44968 | AB72: =SUM(Q72) -> 45000000 | AC72: =+'TOTAL CONTRATOS'!#REF! -> #REF! | AD72: =SUM(AB72-AC72) -> #REF! | AE72: =SUM(AC72*100/AB72) -> #REF! | AF72: =+'TOTAL CONTRATOS'!#REF! -> #REF! | AG72: Subdirector (a) Técnico Cientifica (e) Medico Especialista, Coordinadora Medica Jefe Oficina de Docencia e Investigacion | AH72: Alvaro Jose Tovar Cock Marcela Soler Tovar Mauricio Alberto Angel Macias | AI72: 79.238.958 1.032.377.897 79.985.065 | AJ72: 0 5 2 | AK72: Servicio Misional | AM72: Carrera 32 No. 28-08 1402 Acevedo Tejada, Telefono 3166208456 email: hcperez@unal.edu.co | AN72: NA | AO72: 33101 | AP72: FAMISANAR EPS | AQ72: PROTECCION | AR72: 44611 | AS72: PENDIENTE | AT72: =+K72-J72 -> 241 | AU72: 44602 | AV72: 44603 | AW72: =IF(AV72="ANULADO","ANULADO",NETWORKDAYS.INTL(AU72,AV72)) -> 2 | AX72: MISONAL | AY72: INVERVSION | AZ72: No registra en el contrato | BA72: ='TOTAL CONTRATOS'!#REF! -> #REF! | BB72: 44504 | BC72: ='TOTAL CONTRATOS'!#REF! -> #REF! | BD72: ='TOTAL CONTRATOS'!#REF! -> #REF! | BE72: Convocatoria Directa
A73: 112-2022 | B73: C.P.Servicios | C73: HARVEY EMILSON POLOCHE RESTREPO | D73: CC | E73: 79366769 | F73: 3 | G73: Prestar los servicios de apoyo a la gestión de la Subdirección Administrativa y Financiera en temas de Gestión Documental del Centro Dermatológico “Federico Lleras Acosta”. | H73: 5 MESES | I73: 44635 | J73: ='TOTAL CONTRATOS'!F113 -> 44637 | K73: ='TOTAL CONTRATOS'!G113 -> 44789 | L73: 217 | M73: 44624 | N73: A02020200800309-20 | O73: 265 | P73: 44636 | Q73: 9500000 | R73: a. El pago se realizará en mensualidades vencidas de UN MILLÓN NOVECIENTOS MIL PESOS MCTE ($1.900.000) con corte a los días 20 de cada mes; previo informe de supervisión y entrega por parte del contratista de un informe que certifique el cumplimiento de las obligaciones y el certificado de pago de aportes de parafiscales. | V73: 0.2 | W73: 0.1 | X73: * | Y73: * | Z73: * | AA73: * | AB73: =SUM(Q73) -> 9500000 | AC73: =+'TOTAL CONTRATOS'!#REF! -> #REF! | AD73: =SUM(AB73-AC73) -> #REF! | AE73: =SUM(AC73*100/AB73) -> #REF! | AF73: =+'TOTAL CONTRATOS'!#REF! -> #REF! | AG73: Técnico Administrativo 3124 - 16, responsable de Gestión Documental | AH73: Luisa Liliana Cartagena | AI73: 39567370 | AK73: Acta 15 del 10 de marzo de 2022 | AM73: Calle 79 A No. 71 A -26 3209235521 harpore@gmail.com | AN73: NA | AO73: 23344 | AP73: SALUD TOTAL | AQ73: PORVENIR | AR73: 44637 | AS73: PENDIENTE | AT73: =+K73-J73 -> 152 | AU73: 44630 | AV73: 44634 | AW73: =IF(AV73="ANULADO","ANULADO",NETWORKDAYS.INTL(AU73,AV73)) -> 3 | AX73: APOYO | AY73: FUNCIONAMIENTO | BA73: ='TOTAL CONTRATOS'!#REF! -> #REF! | BB73: 44243 | BC73: ='TOTAL CONTRATOS'!#REF! -> #REF! | BD73: ='TOTAL CONTRATOS'!#REF! -> #REF!
A74: 044-2022 | B74: C.P.Servicios Médico Asistenciales | C74: HAROLD YAMID CASTAÑEDA CORTES | D74: CC | E74: 79801529 | F74: 9 | G74: Prestar los servicios médicos asistenciales especializados en Dermatología, y participar en actividades académicas en las instalaciones de la Empresa Social del Estado Centro Dermatológico Federico Lleras Acosta, cuando sea convocado (a). | H74: 8 MESES | I74: 44589 | J74: ='TOTAL CONTRATOS'!F47 -> 44593 | K74: ='TOTAL CONTRATOS'!G47 -> 44956 | L74: 57 | M74: 44575 | N74: A02020200900301-20 | O74: 96 | P74: 44593 | Q74: 50000000 | R74: a. Un primer pago, desde la fecha de inicio hasta el día veinte (20) del mes correspondiente. Mensualidades vencidas con corte los días veinte (20) de cada mes. PARAGRAFO: hora consulta y por evento procedimientos, según tarifas establecidas por la Dirección General. | V74: 0.2 | W74: 0.1 | X74: * | Y74: * | Z74: * | AA74: 44805 | AB74: =SUM(Q74) -> 50000000 | AC74: =+'TOTAL CONTRATOS'!#REF! -> #REF! | AD74: =SUM(AB74-AC74) -> #REF! | AE74: =SUM(AC74*100/AB74) -> #REF! | AF74: =+'TOTAL CONTRATOS'!#REF! -> #REF! | AG74: Subdirector (a) Técnico Cientifica (e) Medico Especialista, Coordinadora Medica Jefe Oficina de Docencia e Investigacion | AH74: Alvaro Jose Tovar Cock Marcela Soler Tovar Mauricio Alberto Angel Macias | AI74: 79.238.958 1.032.377.897 79.985.065 | AJ74: 0 5 2 | AK74: Servicio Misional | AM74: Carrera 17C No. 79-27 Torre 4 201 El Vergel Telefono 3103332308 email: harcas0@hotmail.com | AN74: NA | AO74: 27780 | AP74: MEDIMAS EPS | AQ74: COLFONDOS | AR74: 44594 | AS74: PENDIENTE | AT74: =+K74-J74 -> 363 | AU74: 44582 | AV74: 44586 | AW74: =IF(AV74="ANULADO","ANULADO",NETWORKDAYS.INTL(AU74,AV74)) -> 3 | AX74: MISIONAL | AY74: FUNCIONAMIENTO | AZ74: 80 | BA74: ='TOTAL CONTRATOS'!#REF! -> #REF! | BB74: 44257 | BC74: ='TOTAL CONTRATOS'!#REF! -> #REF! | BD74: ='TOTAL CONTRATOS'!#REF! -> #REF! | BE74: Convocatoria Directa
A75: 127-2022 | B75: C.P.Servicios | C75: GRUPO IYUNXI SAS | D75: NIT | E75: 900138661 | F75: 7 | G75: Implementar la herramienta ORFEO en nube para la gestión documental del Centro Dermatológico Federico Lleras Acosta E.S.E. | H75: 12 MESES | I75: 44659 | J75: ='TOTAL CONTRATOS'!F128 -> 44670 | K75: ='TOTAL CONTRATOS'!G128 -> 45034 | L75: 215 | M75: 44624 | N75: A020202008003011-20 | O75: 347 | P75: 44662 | Q75: 69615000 | R75: El valor del contrato se pagará previa presentación de la factura con el lleno de los requisitos legales e informe de supervisión y certificación de cumplimiento expedido por el (los) supervisor (es), el cual deberá (n) acompañarse por la Certificación de paz y salvo de los aportes al sistema de seguridad social y parafiscales. PARÁGRAFO PRIMERO: La E.S.E. Centro Dermatológico “Federico Lleras Acosta” consignará los pagos del contrato en una Entidad Financiera indicada por el proponente, donde éste posea una cuenta corriente o de ahorros, afiliada al sistema automático de pagos – SAP de la siguiente forma: 10% A los 8 días de iniciado el contrato y previa aprobación por parte de los supervisores del plan de trabajo 20% Aprobación por parte de los supervisores de la parametrización del Sistema 40% Aprobación por parte de los supervisores de la implementación y puesta en producción 30% El 30% restante se cancelará en tres pagos iguales, cada uno correspondiente al 10%, y serán distribuidos teniendo en cuenta la fecha en que la supervisión del contrato apruebe la implementación y puesta en producción del sistema. El último pago correspondiente al 10%, se pagará al finalizar el contrato a satisfacción. | V75: 0.2 | W75: 0.1 | X75: * | Y75: * | Z75: * | AA75: * | AB75: =SUM(Q75) -> 69615000 | AC75: =+'TOTAL CONTRATOS'!#REF! -> #REF! | AD75: =SUM(AB75-AC75) -> #REF! | AE75: =SUM(AC75*100/AB75) -> #REF! | AF75: =+'TOTAL CONTRATOS'!#REF! -> #REF! | AG75: Técnico Administrativo 3124 - 16, responsable de Gestión Documental Profesional Universitario responsable del Area de Informatica | AH75: Luisa Liliana Cartagena Juan Carlos Vasquez Ramirez | AI75: 39567370 80149659 | AJ75: X 5 | AK75: Acta 19 del 29 de marzo de 2022 | AM75: Calle 97 No. 61-09 3162279392 info@iyu.com.co | AN75: NA | AO75: NA | AP75: NA | AQ75: NA | AR75: NA | AS75: PENDIENTE | AT75: =+K75-J75 -> 364 | AU75: 44650 | AV75: 44658 | AW75: =IF(AV75="ANULADO","ANULADO",NETWORKDAYS.INTL(AU75,AV75)) -> 7 | AX75: APOYO | AY75: FUNCIONAMIENTO | BA75: ='TOTAL CONTRATOS'!#REF! -> #REF! | BB75: NA | BC75: ='TOTAL CONTRATOS'!#REF! -> #REF! | BD75: ='TOTAL CONTRATOS'!#REF! -> #REF! | BE75: Convocatoria Cerrada
A76: 055-2022 | B76: C.P.Servicios | C76: GINA ANTONIA OROZCO OROZCO | D76: CC | E76: 22550392 | F76: 1 | G76: Prestar los servicios de apoyo a la gestión de la Subdirección Administrativa y Financiera en temas de Gestión Documental del Centro Dermatológico “Federico Lleras Acosta” | H76: A partir de la fecha de suscripcion del acta de inicio y hasta el dia 30 de junio de 2022. | I76: 44595 | J76: ='TOTAL CONTRATOS'!F58 -> 44596 | K76: ='TOTAL CONTRATOS'!G58 -> 44742 | L76: 114 | M76: 44594 | N76: A02020200800309-20 | O76: P | P76: P | Q76: 9500000 | R76: a. Un primer pago, correspondiente desde la fecha de inicio de ejecución del contrato hasta el día 20 del mes correspondiente. b. Mensualidades vencidas con corte los días 20 de cada mes. | V76: 0.2 | W76: 0.1 | X76: * | Y76: * | Z76: * | AA76: * | AB76: =+Q76 -> 9500000 | AC76: =+'TOTAL CONTRATOS'!#REF! -> #REF! | AD76: =SUM(AB76-AC76) -> #REF! | AE76: =SUM(AC76*100/AB76) -> #REF! | AF76: =+'TOTAL CONTRATOS'!#REF! -> #REF! | AG76: Profesional Especializado, responsable del Area de Tesoreria | AH76: Rosa Julia Gutierrez Ortega | AI76: 39631114 | AJ76: 0 | AK76: Acta 07 del 01/02/2022 | AM76: Carrera 87A No. 6A-15 Telefono 3118121508 email: ginaantonia34@gmail.com | AN76: NA | AO76: 29684 | AP76: SALUD TOTAL | AQ76: COLPENSIONES | AR76: 44595 | AS76: PENDIENTE | AT76: =+K76-J76 -> 146 | AU76: 44594 | AV76: 44595 | AW76: =IF(AV76="ANULADO","ANULADO",NETWORKDAYS.INTL(AU76,AV76)) -> 2 | AX76: APOYO | AY76: FUNCIONAMIENTO | AZ76: 160 | BA76: ='TOTAL CONTRATOS'!#REF! -> #REF! | BB76: 44594 | BC76: ='TOTAL CONTRATOS'!#REF! -> #REF! | BD76: ='TOTAL CONTRATOS'!#REF! -> #REF! | BE76: Convocatoria Directa
A77: 008-2022 | B77: C.P.Servicios Médico Asistenciales | C77: FABIAN ARLEY DIAZ NORE | D77: CC | E77: 80166812 | F77: 8 | G77: Prestar los servicios médicos asistenciales en consulta externa y/o procedimientos en la especialidad de Dermatología, y participar en actividades académicas en las instalaciones de la Empresa Social del Estado Centro Dermatológico Federico Lleras Acosta, cuando sea convocado (a). | H77: 8 MESES | I77: 44578 | J77: ='TOTAL CONTRATOS'!F10 -> 44580 | K77: ='TOTAL CONTRATOS'!G10 -> 44950 | L77: 039 | M77: 44574 | N77: A02020200900301-20 | O77: 31 | P77: 44580 | Q77: 90000000 | R77: a. Un primer pago, desde la fecha de inicio hasta el día veinte (20) del mes correspondiente. Mensualidades vencidas con corte los días veinte (20) de cada mes. PARAGRAFO: hora consulta y por evento procedimientos, según tarifas establecidas por la Dirección General. | U77: No.1: En enero 24 de 2022 se suspende a partir de 25 al 30 de enero de 2022. Reinicio 1: el 31 de enero de 2022, va hasta el 24 de septiembre de 2022 | V77: 0.2 | W77: 0.1 | X77: * | Y77: * | Z77: * | AA77: 44854 | AB77: =SUM(Q77) -> 90000000 | AC77: =+'TOTAL CONTRATOS'!#REF! -> #REF! | AD77: =SUM(AB77-AC77) -> #REF! | AE77: =SUM(AC77*100/AB77) -> #REF! | AF77: =+'TOTAL CONTRATOS'!#REF! -> #REF! | AG77: Subdirector (a) Técnico Cientifica (e) Medico Especialista, Coordinadora Medica Jefe Oficina de Docencia e Investigacion | AH77: Alvaro Jose Tovar Cock Marcela Soler Tovar Mauricio Alberto Angel Macias | AI77: 79.238.958 1.032.377.897 79.985.065 | AJ77: 0 5 2 | AK77: Servicio Misional | AM77: Calle 93 No. 72-20 Edificio Pontenovo Telefono 35026619423 email: diaznorefabian@gmail.com | AN77: NA | AO77: 29914 | AP77: FAMISANAR EPS | AQ77: COLPENSIONES | AR77: 44580 | AS77: PENDIENTE | AT77: =+K77-J77 -> 370 | AU77: 44575 | AV77: 44578 | AW77: =IF(AV77="ANULADO","ANULADO",NETWORKDAYS.INTL(AU77,AV77)) -> 2 | AX77: MISIONAL | AY77: FUNCIONAMIENTO | AZ77: 160 | BA77: ='TOTAL CONTRATOS'!#REF! -> #REF! | BB77: 43501 | BC77: ='TOTAL CONTRATOS'!#REF! -> #REF! | BD77: ='TOTAL CONTRATOS'!#REF! -> #REF! | BE77: Convocatoria Directa
A78: 059-2022 | B78: C.P.Servicios | C78: ERIKA HANSLADY ULLOA CEPEDA | D78: CC | E78: 52982672 | F78: 1 | G78: Prestar los servicios técnicos de apoyo a la gestión en el área de cajas de la Subdirección Administrativa y Financiera en las sedes de la Empresa Social del Estado Centro Dermatológico Federico Lleras Acosta”. | H78: CUATRO (4) MESES Y VEINTICUATRO (24) DÍAS | I78: 44596 | J78: ='TOTAL CONTRATOS'!F62 -> 44599 | K78: ='TOTAL CONTRATOS'!G62 -> 44742 | L78: 130 | M78: 44596 | N78: A02020200900301-20 | O78: P | P78: P | Q78: 7459200 | R78: a. Un primer pago, correspondiente desde la fecha de inicio de ejecución del contrato hasta el día 20 del mes correspondiente. b. Mensualidades vencidas con corte los días 20 de cada mes. | V78: 0.2 | W78: 0.1 | X78: * | Y78: * | Z78: * | AA78: * | AB78: =+Q78 -> 7459200 | AC78: =+'TOTAL CONTRATOS'!#REF! -> #REF! | AD78: =SUM(AB78-AC78) -> #REF! | AE78: =SUM(AC78*100/AB78) -> #REF! | AF78: =+'TOTAL CONTRATOS'!#REF! -> #REF! | AG78: Tecnico Administrativo, responsable de del area de cajas | AH78: Francisco Javier Peña Santacruz | AI78: 10480755 | AJ78: 7 | AK78: Acta 08 del 03/02/2022 | AM78: Carrera 112b No. 20B-11 Apartamento Palestina Telefono 3187489895 email: hanslady_2011@hotmail.com | AN78: NA | AO78: 30611 | AP78: CRUZ BLANCA | AQ78: PORVENIR | AR78: 44599 | AS78: PENDIENTE | AT78: =+K78-J78 -> 143 | AW78: =IF(AV78="ANULADO","ANULADO",NETWORKDAYS.INTL(AU78,AV78)) -> 0 | AX78: APOYO | AY78: FUNCIONAMIENTO | AZ78: 160 | BA78: ='TOTAL CONTRATOS'!#REF! -> #REF! | BB78: 44601 | BC78: ='TOTAL CONTRATOS'!#REF! -> #REF! | BD78: ='TOTAL CONTRATOS'!#REF! -> #REF! | BE78: Convocatoria Directa
A79: 026-2022 | B79: C.P.Servicios Especializados | C79: EMPRESA DE SEGURIDAD Y VIGILANCIA SERVICONFOR LTDA | D79: NIT | E79: 860517560 | F79: 3 | G79: Prestar el servicio de vigilancia armada y seguridad privada; monitoreo de los bienes muebles e inmuebles que se encuentren en custodia de la ESE Centro Dermatológico “Federico Lleras Acosta | H79: 6 MESES | I79: 44586 | J79: ='TOTAL CONTRATOS'!F28 -> 44587 | K79: ='TOTAL CONTRATOS'!G28 -> 44767 | L79: 011 | M79: 44568 | N79: A02020200800502-20 | O79: p | P79: 44587 | Q79: 256473228 | R79: El pago se realizará en mensualidades vencidas, previo informe de supervisiòn y entrega por parte del contratista del certificado de pago de aprotes parafiscales y factura respectiva del mes. | V79: 0.2 | W79: 0.2 | X79: * | Y79: 0.05 | Z79: 50 SMLMV | AA79: * | AB79: =SUM(Q79) -> 256473228 | AC79: =+'TOTAL CONTRATOS'!#REF! -> #REF! | AD79: =SUM(AB79-AC79) -> #REF! | AE79: =SUM(AC79*100/AB79) -> #REF! | AF79: =+'TOTAL CONTRATOS'!#REF! -> #REF! | AG79: Subdirector Administrativo y Financiero | AH79: Susana Valderrama Forero | AI79: 51736889 | AJ79: 5 | AK79: P | AM79: Calle 79B No. 50-15 Teléfonos: 7430773 Fax: 7440589 email: comercial@serviconfor.com | AN79: Sin limite de Cuantia | AO79: NA | AP79: NA | AQ79: NA | AR79: NA | AS79: PENDIENTE | AT79: =+K79-J79 -> 180 | AU79: 44579 | AV79: 44586 | AW79: =IF(AV79="ANULADO","ANULADO",NETWORKDAYS.INTL(AU79,AV79)) -> 6 | AX79: APOYO | AY79: FUNCIONAMIENTO | AZ79: 160 | BA79: ='TOTAL CONTRATOS'!#REF! -> #REF! | BB79: NA | BC79: ='TOTAL CONTRATOS'!#REF! -> #REF! | BD79: ='TOTAL CONTRATOS'!#REF! -> #REF! | BE79: Convocatoria Cerrada 002 sesion comité 18 de enero de 2022
A80: 150-2022 | B80: C.P.Servicios | C80: EMMA NAIR OLIVARES BELTRAN | D80: CC | E80: 51961844 | F80: 8 | G80: Prestar servicios de apoyo técnico en servicios farmacéuticos en el área de farmacia de las dos sedes de la E.S.E Centro Dermatológico “Federico Lleras Acosta | H80: 3 MESES | I80: 44713 | J80: ='TOTAL CONTRATOS'!F150 -> 44718 | K80: ='TOTAL CONTRATOS'!G150 -> 44809 | L80: 323 | M80: 44679 | N80: ='TOTAL CONTRATOS'!J150 -> A02020200800309-20 | O80: ='TOTAL CONTRATOS'!K150 -> 507 | P80: ='TOTAL CONTRATOS'!L150 -> 44718 | Q80: 4742400 | R80: a Un primer pago, correspondiente desde la fecha de inicio de ejecución del contrato hasta el día 20 del mes correspondiente, previa presentación de la cuenta de cobro y/o factura e informe de supervisión y certificación de cumplimiento con los anexos referidos al pago a los sistemas de seguridad social a los que se encuentra obligada (o) a cotizar. b. Mensualidades vencidas por valor de $ 1.580.800 con corte los días 20 de cada mes, previa presentación de la cuenta de cobro y/o factura e informe de supervisión y certificación de cumplimiento expedido por la supervisora, el cual deberá acompañarse por los soportes antes referidos en el literal. | V80: 0.2 | W80: 0.1 | X80: * | Y80: * | Z80: * | AA80: * | AB80: =SUM(Q80) -> 4742400 | AC80: =+'TOTAL CONTRATOS'!#REF! -> #REF! | AD80: =SUM(AB80-AC80) -> #REF! | AE80: =SUM(AC80*100/AB80) -> #REF! | AF80: 0 | AG80: Profesional Universitario Química Farmacéutica | AH80: Claudia Patricia Acosta Mieles | AI80: 22732243 | AJ80: 4 | AK80: Servicio Misional | AM80: Diagonal 18 a Sur - 2 a 31 enair99764gmail.com 3012928787 | AN80: NA | AO80: 25447 | AP80: FAMISANAR EPS | AQ80: COLPENSIONES | AR80: 44718 | AS80: PENDIENTE | AT80: =+K80-J80 -> 91 | AU80: 44707 | AV80: 44712 | AW80: =IF(AV80="ANULADO","ANULADO",NETWORKDAYS.INTL(AU80,AV80)) -> 4 | AX80: APOYO | AY80: FUNCIONAMIENTO | AZ80: NA | BA80: CENTRO COMERCIAL MADRE ELISA RONCALLO Bachiller Comercia (10/12/2000) SENA Curso fundamentos para la administración de medicamentos (04/06/2012) INGABO Técnico laboral Auxiliar en servicios farmacéuticos (08/07/2012) COVERSALUD Capacitación de Atención de Víctimas de Violencia Sexual (02/12/2021) | BB80: 44705 | BC80: Verificado 03 de junio de 2022 OK | BD80: Verificado el 07 de junio de 2022 OK | BE80: Convocatoria Directa
A81: 140-2022 | B81: C.P.Servicios Médico Asistenciales | C81: ELVER ALIRIO CAMACHO ANGEL | D81: CC | E81: 79494906 | F81: 4 | G81: Prestar los servicios médicos asistenciales en consulta externa en la especialidad de Cirugía Vascular Periférica y participar en actividades académicas en las instalaciones de la Empresa Social del Estado Centro Dermatológico Federico Lleras Acosta, cuando sea convocado (a). | H81: 8 MESES | I81: 44693 | J81: ='TOTAL CONTRATOS'!F140 -> 44707 | K81: ='TOTAL CONTRATOS'!G140 -> 44951 | L81: 132 | M81: 44599 | O81: P | P81: P | Q81: 8000000 | R81: a Un primer pago, correspondiente desde la fecha de inicio de ejecución del contrato hasta el día 20 del mes correspondiente, previa presentación de la cuenta de cobro y/o factura e informe de supervisión y certificación de cumplimiento con los anexos referidos al pago a los sistemas de seguridad social a los que se encuentra obligada (o) a cotizar. b. Mensualidades vencidas con corte los días 20 de cada mes, previa presentación de la cuenta de cobro y/o factura e informe de supervisión certificación y cumplimiento expedido por la supervisora, el cual deberá acompañarse por los soportes antes referidos en el literal a). PARÁGRAFO PRIMERO: EL CENTRO cancelará la prestación de los servicios al CONTRATISTA, según la tabla de honorarios médicos vigencia 2022 establecida mediante la Resolución 063 del 10 de mayo de 2022 por la Dirección General. | V81: 0.2 | W81: 0.1 | X81: * | Y81: * | Z81: * | AB81: =SUM(Q81) -> 8000000 | AC81: =+'TOTAL CONTRATOS'!#REF! -> #REF! | AD81: =SUM(AB81-AC81) -> #REF! | AE81: =+AC81*100/AB81 -> #REF! | AF81: =+'TOTAL CONTRATOS'!#REF! -> #REF! | AG81: Medico Especialista, Coordinadora Medica Subdirector Técnico Cientifico Jefe Oficina de Docencia e Investigacion (E) | AH81: Marcela Soler Tovar Mauricio Molina Achury Zulma Lorena Alvarado Alvarez | AI81: 1032377897 79368488 52075120 | AJ81: 5 8 7 | AK81: Servicio Misional | AN81: NA | AT81: =+K81-J81 -> 244 | AX81: MISIONAL | AY81: FUNCIONAMIENTO | BC81: ='TOTAL CONTRATOS'!#REF! -> #REF! | BD81: ='TOTAL CONTRATOS'!#REF! -> #REF! | BE81: Convocatoria Directa
A82: 154-2022 | B82: C.P.Servicios | C82: ELIANA GISSELL ROZO ANDRADE | D82: CC | E82: 1010218950 | F82: 7 | G82: Prestar servicios de apoyo técnico a la Subdirección Técnico-Científica de orientación e información a los usuarios en la atención de los servicios que requiera en el Centro Dermatológico “Federico Lleras Acosta”, en los módulos de atención al usuario interno y externo del Sistema de Información de Atención al Usuario, salas de espera y educación al paciente en pasillos | H82: 3 MESES | I82: 44728 | J82: 44729 | K82: P | L82: 408 | M82: 44725 | N82: A02020200900301-20 | O82: 548 | P82: 44729 | Q82: 5533500 | R82: a. Un primer pago, correspondiente desde la fecha de inicio de ejecución del contrato hasta el día 20 del mes correspondiente. b. Mensualidades vencidas con corte los días 20 de cada mes por un valor de $1.581.000. PARAGRAFO: Los pagos están sujetos a la presentación de la cuenta de cobro y del formato PA-CDJ-FO-011 Informe de supervisión y certificación de cumplimiento de contrato u orden, el cual deberá acompañarse por los soportes antes referidos en el literal a). | V82: 0.2 | W82: 0.1 | X82: * | Y82: * | Z82: * | AA82: * | AB82: =SUM(Q82) -> 5533500 | AC82: 0 | AD82: =SUM(AB82-AC82) -> 5533500 | AE82: =SUM(AC82*100/AB82) -> 0 | AF82: 0 | AG82: Medico Especialista, Coordinadora Medica Subdirector Técnico Cientifico | AH82: Marcela Soler Tovar Mauricio Molina Achury | AI82: 1032377897 79368488 | AJ82: 5 8 | AK82: Acta Comité Contratos 028 del 14 de junio de 2022 | AM82: Calle 32 Bis sur # 12 k 69 3242045913 elianagra2511@gmail.com | AN82: NA | AO82: 34673 | AP82: SURA | AQ82: PROTECCION | AR82: 44729 | AS82: PENIDIENTE | AT82: =+K82-J82 -> #VALUE! | AU82: 44725 | AV82: 44728 | AW82: =IF(AV82="ANULADO","ANULADO",NETWORKDAYS.INTL(AU82,AV82)) -> 4 | AX82: APOYO | AY82: FUNCIONAMIENTO | AZ82: NA | BA82: SENA Ténico en servicios de Alojamiento (01/08/2013) UNIMINUTO Administradora de Empresas (06/12/2021) | BB82: 44715 | BC82: Verificado 17 de junio de 2022 POLIZA | BD82: Verificado 16 de junio de 2022 Acta de inicio | BE82: Contratacion Directa
A83: 133-2022 | B83: C.P.Servicios | C83: ELEDEK SALENA CARRILLO AMAYA | D83: CC | E83: 56055281 | F83: 3 | G83: Prestar los servicios profesionales como apoyo para el área de presupuesto que permita realizar el registro de operaciones presupuestales, control del archivo documental, apoyo en la elaboración y presentación oportuna de informes externos e internos y actualización del módulo de presupuesto en el software de Dinámica Gerencial. | H83: 8 MESES | I83: 44680 | J83: ='TOTAL CONTRATOS'!F133 -> 44683 | K83: ='TOTAL CONTRATOS'!G133 -> 44927 | L83: 294 | M83: 44659 | N83: A02020200800309-20 | O83: 404 | P83: 44683 | Q83: 32000000 | R83: a. Un primer pago, correspondiente desde la fecha de inicio de ejecución del contrato hasta el día 20 del mes correspondiente, previa presentación de la cuenta de cobro e informe de supervisión y certificación de cumplimiento con los anexos referidos al pago a los sistemas de seguridad social a los que se encuentra obligado a cotizar. b. Mensualidades vencidas por valor de CUATRO MILLONES DE PESOS MCTE ($4.000.000), con corte los días 20 de cada mes, previa presentación de la cuenta de cobro e informe de supervisión y certificación de cumplimiento expedido por el supervisor, el cual deberá acompañarse por los soportes antes referidos en el literal a). | V83: 0.2 | W83: 0.1 | X83: * | Y83: * | Z83: * | AA83: * | AB83: 32000000 | AC83: =+'TOTAL CONTRATOS'!#REF! -> #REF! | AD83: 32000000 | AE83: 0 | AF83: =+'TOTAL CONTRATOS'!#REF! -> #REF! | AG83: Subdirector Administrativo y Financiero | AH83: Susana Valderrama Forero | AI83: 51736889 | AJ83: 5 | AK83: Acta 21 del 28 de abril de 2022 | AM83: Avenida Caracas 1 - 01 elesalenac@gmail.com 3204289000 | AN83: NA | AO83: 26786 | AP83: FAMISANAR EPS | AQ83: COLPENSIONES | AR83: 44683 | AS83: PENDIENTE | AT83: #VALUE! | AU83: 44679 | AV83: 44683 | AW83: 3 | AX83: APOYO | AY83: FUNCIONAMIENTO | AZ83: NA | BA83: ='TOTAL CONTRATOS'!#REF! -> #REF! | BB83: 43846 | BC83: ='TOTAL CONTRATOS'!#REF! -> #REF! | BD83: ='TOTAL CONTRATOS'!#REF! -> #REF! | BE83: Convocatoria Directa
A84: 010-2022 | B84: C.P.Servicios | C84: ELDO MARIN MONTENEGRO BENAVIDES | D84: CC | E84: 98337647 | F84: 9 | G84: Prestar los servicios profesionales de apoyo a la gestión del área Ambiental como ingeniero ambiental en la E.S.E Centro Dermatológico “Federico Lleras Acosta”. | H84: A partir de la fecha de suscripcion del acta de inicio y hasta el dia 30 de junio de 2022. | I84: 44575 | J84: ='TOTAL CONTRATOS'!F12 -> 44578 | K84: ='TOTAL CONTRATOS'!G12 -> 44742 | L84: 047 | M84: 44575 | N84: A02020200800303-20 | O84: P | P84: 44578 | Q84: 16389067 | R84: a. Un primer pago, desde la fecha de inicio hasta el día veinte (20) del mes correspondiente. Mensualidades vencidas con corte los días veinte (20) de cada mes. | V84: 0.2 | W84: 0.1 | X84: * | Y84: * | Z84: * | AA84: * | AB84: =SUM(Q84) -> 16389067 | AC84: =+'TOTAL CONTRATOS'!#REF! -> #REF! | AD84: =SUM(AB84-AC84) -> #REF! | AE84: =SUM(AC84*100/AB84) -> #REF! | AF84: =+'TOTAL CONTRATOS'!#REF! -> #REF! | AG84: Subdirectora Administrativa y Financiera | AH84: Susana Valderrama Forero | AI84: 51736889 | AJ84: 5 | AK84: P | AM84: Avenida Caracas No. 1-05 Bloque 1 apto 3021 Telefono 3143830440 email: moningamb@yahoo.es | AN84: NA | AO84: 26796 | AP84: EPS SANITAS | AQ84: PORVENIR | AR84: 44576 | AS84: PENDIENTE | AT84: =+K84-J84 -> 164 | AU84: 44574 | AV84: 44578 | AW84: =IF(AV84="ANULADO","ANULADO",NETWORKDAYS.INTL(AU84,AV84)) -> 3 | AX84: APOYO | AY84: FUNCIONAMIENTO | AZ84: 160 | BA84: ='TOTAL CONTRATOS'!#REF! -> #REF! | BB84: 44327 | BC84: ='TOTAL CONTRATOS'!#REF! -> #REF! | BD84: ='TOTAL CONTRATOS'!#REF! -> #REF! | BE84: Convocatoria Directa
A85: 069-2022 | B85: C.P.Servicios Médico Asistenciales | C85: DORIS JEANNETTE QUINTERO PARDO | D85: CC | E85: 41793664 | F85: 1 | G85: Prestar los servicios médicos asistenciales en consulta externa en la especialidad de Anestesiología, incluyendo valoración preanestésica, asistencia al paciente en el quirófano y atención al paciente en Sala de recuperación de las Sedes del Centro Dermatológico, y participar en actividades académicas en las instalaciones de la Empresa Social del Estado Centro Dermatológico Federico Lleras Acosta, cuando sea convocada. | H85: 8 MESES | I85: 44608 | J85: ='TOTAL CONTRATOS'!F72 -> 44621 | K85: ='TOTAL CONTRATOS'!G72 -> 44865 | L85: 131 | M85: 44599 | N85: A02020200900301-20 | O85: 162 | P85: 44615 | Q85: 15000000 | R85: a. Un primer pago, desde la fecha de inicio hasta el día veinte (20) del mes correspondiente. Mensualidades vencidas con corte los días veinte (20) de cada mes. PARAGRAFO: hora consulta y por evento procedimientos, según tarifas establecidas por la Dirección General. | V85: 0.2 | W85: 0.1 | X85: * | Y85: * | Z85: * | AA85: 44687 | AB85: =SUM(Q85) -> 15000000 | AC85: =+'TOTAL CONTRATOS'!#REF! -> #REF! | AD85: =SUM(AB85-AC85) -> #REF! | AE85: =SUM(AC85*100/AB85) -> #REF! | AF85: =+'TOTAL CONTRATOS'!#REF! -> #REF! | AG85: Subdirector Técnico Cientifico Medico Especialista, Coordinadora Medica (C.I. 46313 15 de junio /21) Jefe Oficina de Docencia e Investigacion | AH85: Fredy Mauricio Avila Marcela Soler Tovar Mauricio Alberto Angel Macias | AI85: 79.372.771 1.032.377.897 79.985.065 | AJ85: x 5 2 | AK85: Servicio Misional | AM85: Calle 159 No. 54-81 Torre 4 Apto. 306 Cantalejo Telefono 3124334104 email: dorisj.quintero.pardo@gmail.com | AN85: NA | AO85: 21963 | AP85: FAMISANAR EPS | AQ85: COLPENSIONES (PENSIONADO) | AR85: 44616 | AS85: PENDIENTE | AT85: =+K85-J85 -> 244 | AU85: 44602 | AV85: 44606 | AW85: =IF(AV85="ANULADO","ANULADO",NETWORKDAYS.INTL(AU85,AV85)) -> 3 | AX85: MISIONAL | AY85: INVERSION | AZ85: 80 | BA85: ='TOTAL CONTRATOS'!#REF! -> #REF! | BB85: 44608 | BC85: ='TOTAL CONTRATOS'!#REF! -> #REF! | BD85: ='TOTAL CONTRATOS'!#REF! -> #REF! | BE85: Convocatoria Directa
A86: 073-2022 | B86: O.P.Servicios | C86: DILASER S.A. | D86: Nit | E86: 811046078 | F86: 4 | G86: Servicio de diagnóstico de funcionamiento de la cámara medicam 1000 serie MC10000683 del equipo ATBM Fotofinder de uso asistencial de consulta externa, en la casa matriz Fotofinder Alemania. | H86: 2 MESES | I86: 44610 | J86: ='TOTAL CONTRATOS'!F76 -> 44614 | K86: ='TOTAL CONTRATOS'!G76 -> 44733 | L86: 147 | M86: 44602 | N86: A020202008003011-20 | O86: 152 | P86: 44610 | Q86: 2041200 | R86: cancelará en un pago total al finalizar el servicio, previa presentación de factura e informe de supervisión y certificación de cumplimiento para pagar a treinta (30) días, anexando certificado del pago a los sistemas de seguridad social a los que se encuentra obligada a cotizar. | T86: Prorroga 1: En abril 21 de 2022 se prorroga el plazo por dos (2) meses, es decir, hasta el 21 de junio de 2022. | V86: * | W86: * | X86: * | Y86: * | Z86: * | AA86: * | AB86: =SUM(Q86) -> 2041200 | AC86: =+'TOTAL CONTRATOS'!#REF! -> #REF! | AD86: =SUM(AB86-AC86) -> #REF! | AE86: 0 | AF86: =+'TOTAL CONTRATOS'!#REF! -> #REF! | AG86: Subdirector Administrativo y Financiero | AH86: Susana Valderrama Forero | AI86: 51736889 | AJ86: 5 | AK86: Cuantía inferior a 5 SMLMV | AM86: Cra. 13 No. 98- 70 Oficina 403 Bogotá coor.biomedica@meditech.com Teléfono: 8903435 EXT 105 | AN86: Sin limite de cuantia | AO86: NA | AP86: NA | AQ86: NA | AR86: NA | AS86: PENDIENTE PENDIENTE | AT86: =+K86-J86 -> 119 | AU86: 44609 | AV86: 44610 | AW86: =IF(AV86="ANULADO","ANULADO",NETWORKDAYS.INTL(AU86,AV86)) -> 2 | AX86: APOYO | AY86: FUNCIONAMIENTO | AZ86: NA | BA86: ='TOTAL CONTRATOS'!#REF! -> #REF! | BB86: NA | BC86: ='TOTAL CONTRATOS'!#REF! -> #REF! | BD86: ='TOTAL CONTRATOS'!#REF! -> #REF! | BE86: Contratacion Directa
A87: 139-2022 | B87: O.P.Servicios | C87: DILASER S.A. | D87: NIT | E87: 811046078 | F87: 4 | G87: Prestar el servicio de reparación de la cámara 1000 serie MC10000683 del Equipo ATBM del área asistencial de la E.S.E Centro Dermatológico Federico Lleras Acosta, la cual se encuentra en la casa matriz Fotofinder Alemania. | H87: 2 MESES | I87: 44691 | J87: ='TOTAL CONTRATOS'!F139 -> 44693 | K87: ='TOTAL CONTRATOS'!G139 -> 44753 | L87: 322 | M87: 44678 | N87: A020202008007015-20 | O87: 424 | P87: 44691 | Q87: 2936325 | R87: Un pago total al finalizar el servicio, previa presentación de factura e informe de supervisión y certificación de cumplimiento para pagar a pronto pago (8) días, anexando certificado del pago a los sistemas de seguridad social a los que se encuentra obligada a cotizar. | V87: * | W87: * | X87: * | Y87: * | Z87: * | AA87: * | AB87: =SUM(Q87) -> 2936325 | AC87: =+'TOTAL CONTRATOS'!#REF! -> #REF! | AD87: =SUM(AB87-AC87) -> #REF! | AE87: =+AC87*100/AB87 -> #REF! | AF87: =+'TOTAL CONTRATOS'!#REF! -> #REF! | AG87: Subdirector Administrativo y Financiero | AH87: Susana Valderrama Forero | AI87: 51736889 | AJ87: 5 | AK87: Cuantía inferior a 5 SMLMV | AM87: Cra. 13 No. 98- 70 Oficina 403 Bogotá coor.biomedica@meditech.com Teléfono: 8903435 EXT 105 | AN87: Sin limite de cuantia | AO87: NA | AP87: NA | AQ87: NA | AR87: NA | AS87: PENDIENTE | AT87: =+K87-J87 -> 60 | AX87: APOYO | AY87: FUNCIONAMIENTO | AZ87: NA | BA87: NA | BB87: NA | BC87: ='TOTAL CONTRATOS'!#REF! -> #REF! | BD87: ='TOTAL CONTRATOS'!#REF! -> #REF! | BE87: Convocatoria Directa
A88: 040-2022 | B88: C.P.Servicios Médico Asistenciales | C88: DIANA PATRICIA CRIZON DIAZ | D88: CC | E88: 1047371979 | F88: 8 | G88: Prestar los servicios médicos asistenciales especializados en Dermatología, y participar en actividades académicas en las instalaciones de la Empresa Social del Estado Centro Dermatológico Federico Lleras Acosta, cuando sea convocado (a). | H88: 8 MESES | I88: 44582 | J88: ='TOTAL CONTRATOS'!F43 -> 44595 | K88: ='TOTAL CONTRATOS'!G43 -> 44836 | L88: 076 | M88: 44580 | N88: A02020200900301-20 | O88: 99 | P88: 44594 | Q88: 20000000 | R88: a. Un primer pago, correspondiente desde la fecha de inicio de ejecución del contrato hasta el día 20 del mes correspondiente. b. Mensualidades vencidas con corte los días 20 de cada mes. | V88: 0.2 | W88: 0.1 | X88: * | Y88: * | Z88: * | AA88: 44830 | AB88: =SUM(Q88) -> 20000000 | AC88: =+'TOTAL CONTRATOS'!#REF! -> #REF! | AD88: =SUM(AB88-AC88) -> #REF! | AE88: =SUM(AC88*100/AB88) -> #REF! | AF88: =+'TOTAL CONTRATOS'!#REF! -> #REF! | AG88: Subdirector (a) Técnico Cientifica (e) Medico Especialista, Coordinadora Medica Jefe Oficina de Docencia e Investigacion | AH88: Alvaro Jose Tovar Cock Marcela Soler Tovar Mauricio Alberto Angel Macias | AI88: 79.238.958 1.032.377.897 79.985.065 | AJ88: 0 5 2 | AK88: Servicio Misional | AM88: CALLE 113 # 55 - 67 APARTAMENTO 201 PUENTE LARGO CEL:3008142474 dianac4@gmail.com | AN88: NA | AO88: 31320 | AP88: SANITAS | AQ88: COLPENSIONES | AR88: 44594 | AS88: PENDIENTE | AT88: =+K88-J88 -> 241 | AU88: 44582 | AV88: 44588 | AW88: =IF(AV88="ANULADO","ANULADO",NETWORKDAYS.INTL(AU88,AV88)) -> 5 | AX88: MISONAL | AY88: INVERSION | AZ88: 80 | BA88: ='TOTAL CONTRATOS'!#REF! -> #REF! | BB88: 43901 | BC88: ='TOTAL CONTRATOS'!#REF! -> #REF! | BD88: ='TOTAL CONTRATOS'!#REF! -> #REF! | BE88: Convocatoria Directa
A89: 111-2022 | B89: C.P.Servicios Profesionales | C89: DIANA MARCELA PARRA MUÑOZ | D89: CC | E89: 1030593755 | F89: 6 | G89: Prestar servicios profesionales en el laboratorio de investigación del Centro apoyando el diseño experimental de procedimientos y el entrenamiento del estudiante de pregrado para la ejecución de las técnicas; cultivo de parásitos de Leishmania spp., y células U937 e infección de macrófagos con parásitos de Leishmania spp, para el proyecto de investigación “Dinámica del colesterol en macrófagos infectados con las especies de Leishmania spp. Más prevalentes en Colombia: Entendiendo la patogénesis de una enfermedad con limitadas opciones terapéuticas”-1DIS02-1AE. | H89: 6 MESES | I89: 44634 | J89: ='TOTAL CONTRATOS'!F112 -> 44645 | K89: ='TOTAL CONTRATOS'!G112 -> 44828 | L89: 136 | M89: 44600 | N89: D19010300060190103302-20 | O89: 282 | P89: 44644 | Q89: 9240000 | R89: a. Un primer pago, correspondiente desde la fecha de inicio de ejecución del contrato hasta el día veinte del mes correspondiente, previa presentación de la cuenta de cobro y/o factura e informe de supervisión y cumplimiento con los anexos referidos al pago a los sistemas de seguridad social a los que se encuentra obligada (o) a cotizar. b. Mensualidades vencidas con corte los días 20 de cada mes, previa presentación de la cuenta de cobro y/o factura e informe de supervisión y cumplimiento expedido por la supervisora, el cual deberá acompañarse por los soportes antes referidos en el literal a). | V89: 0.2 | W89: 0.1 | X89: * | Y89: * | Z89: * | AA89: * | AB89: =SUM(Q89) -> 9240000 | AC89: =+'TOTAL CONTRATOS'!#REF! -> #REF! | AD89: =SUM(AB89-AC89) -> #REF! | AE89: =SUM(AC89*100/AB89) -> #REF! | AF89: =+'TOTAL CONTRATOS'!#REF! -> #REF! | AG89: Jefe Oficina de Docencia e Investigacion Profesional Especializada Coordinadora de Apoyo Diagnostico | AH89: Mauricio Alberto Angel Macias Bibiana Chavarro Portillo | AI89: 79985065 53133739 | AJ89: 2 8 | AK89: Servicio Misional | AM89: Calle 12 Sur No. 74-85 Casa Santa Ana Sur Telefono 3122741541 email: dmparram@unal.edu.co | AN89: NA | AO89: 33394 | AP89: COMPENSAR SALUD EPS | AQ89: COLFONDOS | AR89: 44645 | AS89: PENDIENTE | AT89: =+K89-J89 -> 183 | AU89: 44616 | AV89: 44624 | AW89: =IF(AV89="ANULADO","ANULADO",NETWORKDAYS.INTL(AU89,AV89)) -> 7 | AX89: APOYO | AY89: FUNCIONAMIENTO | AZ89: 80 | BA89: ='TOTAL CONTRATOS'!#REF! -> #REF! | BB89: 44582 | BC89: ='TOTAL CONTRATOS'!#REF! -> #REF! | BD89: ='TOTAL CONTRATOS'!#REF! -> #REF! | BE89: Convocatoria Directa
A90: 045-2022 | B90: C.P.Servicios Médico Asistenciales | C90: DIANA LULU RUIZ CORTES | D90: CC | E90: 53028611 | F90: 5 | G90: Prestar los servicios médicos asistenciales especializados en Dermatología, y participar en actividades académicas en las instalaciones de la Empresa Social del Estado Centro Dermatológico Federico Lleras Acosta, cuando sea convocado (a). | H90: 8 MESES | I90: 44592 | J90: ='TOTAL CONTRATOS'!F48 -> 44597 | K90: ='TOTAL CONTRATOS'!G48 -> 44850 | L90: 063 | M90: 44579 | N90: A02020200900301-20 | O90: 113 | P90: 44596 | Q90: 60000000 | R90: a. Un primer pago, desde la fecha de inicio hasta el día veinte (20) del mes correspondiente. Mensualidades vencidas con corte los días veinte (20) de cada mes. PARAGRAFO: hora consulta y por evento procedimientos, según tarifas establecidas por la Dirección General. | U90: Suspensión 1: El día 07 de abril de 2022, suspende la ejecución del contrato a partir del día 07 al 18 deabril de 2022, por motivo de índole personal Reinicio1: | V90: 0.2 | W90: 0.1 | X90: * | Y90: * | Z90: * | AA90: 44844 | AB90: =+Q90 -> 60000000 | AC90: =+'TOTAL CONTRATOS'!#REF! -> #REF! | AD90: =SUM(AB90-AC90) -> #REF! | AE90: =SUM(AC90*100/AB90) -> #REF! | AF90: =+'TOTAL CONTRATOS'!#REF! -> #REF! | AG90: Subdirector (a) Técnico Cientifica (e) Medico Especialista, Coordinadora Medica Jefe Oficina de Docencia e Investigacion | AH90: Alvaro Jose Tovar Cock Marcela Soler Tovar Mauricio Alberto Angel Macias | AI90: 79.238.958 1.032.377.897 79.985.065 | AJ90: 0 5 2 | AK90: Servicio Misional | AM90: Carrera 71 No.81-55 Casa la Clarita Telefono 3152222501 email: diana.ruizc@hotmail.com | AN90: NA | AO90: 30970 | AP90: SANITAS EPS | AQ90: COLPENSIONES | AR90: 44594 | AS90: PENDIENTE | AT90: =+K90-J90 -> 253 | AU90: 44583 | AV90: 44592 | AW90: =IF(AV90="ANULADO","ANULADO",NETWORKDAYS.INTL(AU90,AV90)) -> 6 | AX90: MISIONAL | AY90: FUNCIONAMIENTO | BA90: ='TOTAL CONTRATOS'!#REF! -> #REF! | BB90: 43834 | BC90: ='TOTAL CONTRATOS'!#REF! -> #REF! | BD90: ='TOTAL CONTRATOS'!#REF! -> #REF! | BE90: Convocatoria Directa
A91: 095-2022 | B91: C.P.Servicios | C91: DIANA KATERINNE GARCIA GARAY | D91: CC | E91: 1031160229 | F91: 9 | G91: Prestar los servicios profesionales en biología molecular en el proyecto “Supervivencia y factores pronóstico en pacientes con Melanoma lentiginoso acral en dos centros de referencia en Colombia. Estudio de cohorte. Años 2021-2026”-1DIS02-6AJ realizado en convenio con el Instituto Nacional de Cancerología. | H91: 5 MESES | I91: 44623 | J91: ='TOTAL CONTRATOS'!F97 -> 44635 | K91: ='TOTAL CONTRATOS'!G97 -> 44779 | L91: 181 | M91: 44614 | N91: D19010300060190102102-20 | O91: 243 | P91: 44634 | Q91: 8400000 | R91: a. Un primer pago, correspondiente desde la fecha de inicio de ejecución del contrato hasta el 20 del mes correspondiente b. Mensualidades vencidas con corte los días 20 de cada mes. PARÁGRAFO: Los pagos están sujetos a la presentación de la cuenta de cobro y del formato PA-CDJ-FO-011 Informe de supervisión y certificación y cumplimiento de contrato u orden con los anexos referidos al pago de los sistemas de seguridad social a los que se encuentra obligado(a) a cotizar | V91: 0.2 | W91: 0.1 | X91: * | Y91: * | Z91: * | AA91: * | AB91: =+Q91 -> 8400000 | AC91: =+'TOTAL CONTRATOS'!#REF! -> #REF! | AD91: =SUM(AB91-AC91) -> #REF! | AE91: =SUM(AC91*100/AB91) -> #REF! | AF91: =+'TOTAL CONTRATOS'!#REF! -> #REF! | AG91: Jefe Oficina de Docencia e Investigacion | AH91: Mauricio Alberto Angel Macias | AI91: 79985065 | AJ91: 2 | AK91: Servicio Misional | AM91: Kr. 23 D No. 40 Sur-28 Casa Telefono 3058509236 email: dkgarcia@unal.edu.co | AN91: NA | AO91: 34915 | AP91: EPS SANITAS | AQ91: PORVENIR | AR91: 44635 | AS91: PENDIENTE | AT91: =+K91-J91 -> 144 | AU91: 44620 | AV91: 44622 | AW91: =IF(AV91="ANULADO","ANULADO",NETWORKDAYS.INTL(AU91,AV91)) -> 3 | AX91: MISIONAL | AY91: FUNCIONAMIENTO | AZ91: 160 | BA91: ='TOTAL CONTRATOS'!#REF! -> #REF! | BB91: 43559 | BC91: ='TOTAL CONTRATOS'!#REF! -> #REF! | BD91: ='TOTAL CONTRATOS'!#REF! -> #REF! | BE91: Convocatoria Directa
A92: 049-2022 | B92: C.P.Servicios Profesionales | C92: DIANA CATALINA PEÑA GARCIA | D92: CC | E92: 53077432 | F92: 2 | G92: Prestar los servicios de apoyo como Instrumentadora Quirúrgica en salas de cirugía, y central de esterilización, para su correcto funcionamiento, y apoyar demás actividades que le sean encomendadas en esta área. | H92: 8 MESES | I92: 44593 | J92: ='TOTAL CONTRATOS'!F52 -> 44595 | K92: ='TOTAL CONTRATOS'!G52 -> 44836 | L92: 044 | M92: 44575 | N92: A02020200900301-20 | O92: 104 | P92: 44595 | Q92: 24000000 | R92: Pagos mensuales, correspondientes desde la fecha de inicio de ejecución del contrato hasta el día 20 del mes correspondiente, previa presentación de la cuenta de cobro y/o factura e informe de supervisión y cumplimiento con los anexos referidos que soporten el pago a los sistemas de seguridad social a los que se encuentra obligada a cotizar. b. Mensualidades vencidas con corte los días 20 de cada mes, previa presentación de la cuenta de cobro y/o factura e informe de supervisión y cumplimiento el cual deberá acompañarse por los soportes antes referidos. PARAGRAFO: EL CENTRO cancelara las prestaciones de los servicios al CONTRATISTA en mensualidades de $ 1.000.000.oo más un 25% de las tarifas contenidas en el manual tarifario ACITEQ (Asociación colombiana de instrumentadores quirúrgicos profesionales) de los procedimientos realizados a los pacientes efectivamente atendidos por la Instrumentadora en Salas de Cirugía. | V92: 0.2 | W92: 0.1 | X92: * | Y92: * | Z92: * | AA92: * | AB92: =SUBTOTAL(9,Q92) -> 24000000 | AC92: =+'TOTAL CONTRATOS'!#REF! -> #REF! | AD92: =SUM(AB92-AC92) -> #REF! | AE92: =SUM(AC92*100/AB92) -> #REF! | AF92: =+'TOTAL CONTRATOS'!#REF! -> #REF! | AG92: Profesional Especializada Coordinadora de Grupo de Enfermeria | AH92: Gladys Magdalena Diaz Forero | AI92: 35497735 | AJ92: 5 | AK92: Servicio Misional | AM92: ='TOTAL CONTRATOS'!#REF! -> #REF! | AN92: NA | AO92: 31430 | AP92: COMPENSAR EPS | AQ92: PORVENIR | AR92: 44595 | AS92: PENDIENTE | AT92: =+K92-J92 -> 241 | AU92: 44587 | AV92: 44588 | AW92: =IF(AV92="ANULADO","ANULADO",NETWORKDAYS.INTL(AU92,AV92)) -> 2 | AX92: MISIONAL | AY92: INVERSION | AZ92: 120 | BA92: ='TOTAL CONTRATOS'!#REF! -> #REF! | BB92: 43840 | BC92: ='TOTAL CONTRATOS'!#REF! -> #REF! | BD92: ='TOTAL CONTRATOS'!#REF! -> #REF! | BE92: Convocatoria Directa
A93: 071-2022 | B93: C.P.Servicios Médico Asistenciales | C93: DIANA CAROLINA DE LA CRUZ MARTINEZ | D93: CC | E93: 1129540337 | F93: 2 | G93: Prestar los servicios médicos asistenciales en consulta externa y/o procedimientos en la especialidad de Dermatología, y participar en actividades académicas en las instalaciones de la Empresa Social del Estado Centro Dermatológico Federico Lleras Acosta, cuando sea convocado (a). | H93: 8 MESES | I93: 44609 | J93: ='TOTAL CONTRATOS'!F74 -> 44614 | K93: ='TOTAL CONTRATOS'!G74 -> 44756 | L93: 139 | M93: 44600 | N93: A02020200900301-20 | O93: 154 | P93: 44613 | Q93: 65000000 | R93: a. Un primer pago, desde la fecha de inicio hasta el día veinte (20) del mes correspondiente. Mensualidades vencidas con corte los días veinte (20) de cada mes. PARAGRAFO: hora consulta y por evento procedimientos, según tarifas establecidas por la Dirección General. | U93: Suspensión 1: El día 22 de marzo de 2022, suspende la ejecución del contrato a partir del día 22 de marzo de 2022 y hasta el día 27 de marzo de 2022, por motivo de índole personal Reinicio1: El día 28 de marzo de 2022, reinicia la ejecución del contrato, se extiende la duración hasta el 27 de octubre de 2022. Suspensión 2: El día 04 de abril de 2022, suspende la ejecución del contrato a partir del día 05 al 10 de abril, por motivo de índole personal. | V93: 0.2 | W93: 0.1 | X93: * | Y93: * | Z93: * | AA93: 44628 | AB93: =SUM(Q93) -> 65000000 | AC93: =+'TOTAL CONTRATOS'!#REF! -> #REF! | AD93: =SUM(AB93-AC93) -> #REF! | AE93: =SUM(AC93*100/AB93) -> #REF! | AF93: =+'TOTAL CONTRATOS'!#REF! -> #REF! | AG93: Subdirector Técnico Cientifico Medico Especialista, Coordinadora Medica Profesional Especializada, Coordinador del Grupo de Enfermeria (C.Interna 55963 del 29 de ocy/21) | AH93: Fredy Mauricio Avila Marcela Soler Tovar Mauricio Alberto Angel Macias | AI93: 79.372.771 1.032.377.897 79.985.065 | AJ93: x 5 2 | AK93: Servicio Misional | AM93: Diagonal 55 No. 4-14 casa chapinero telefono 3157345276 email: dianadelacruzz@hotmail.com | AN93: NA | AO93: 32443 | AP93: SURA | AQ93: COLFONDOS | AR93: 44615 | AS93: PENDIENTE | AT93: =+K93-J93 -> 142 | AU93: 44602 | AV93: 44607 | AW93: =IF(AV93="ANULADO","ANULADO",NETWORKDAYS.INTL(AU93,AV93)) -> 4 | AX93: MISIONAL | AY93: INVERSION | AZ93: 80 | BA93: ='TOTAL CONTRATOS'!#REF! -> #REF! | BB93: 44111 | BC93: ='TOTAL CONTRATOS'!#REF! -> #REF! | BD93: ='TOTAL CONTRATOS'!#REF! -> #REF! | BE93: Convocatoria Directa
A94: 145-2022 | B94: C.P.Servicios | C94: DERMATOPATO DIAGNOSTICA SAS | D94: NIT | E94: 901212364 | F94: 4 | G94: Prestar los servicios especializados en realización de macro, descripción microscopía e interpretación de los casos de patología en dermatología y dermatología oncológica, a partir de las muestras entregadas por el servicio de histotecnología de la E.S.E. Centro Dermatológico “Federico Lleras Acosta”. | H94: 6 MESES | I94: 44701 | J94: ='TOTAL CONTRATOS'!F145 -> 44706 | K94: ='TOTAL CONTRATOS'!G145 -> 44889 | L94: ='TOTAL CONTRATOS'!H145 -> 353 | M94: ='TOTAL CONTRATOS'!I145 -> 44697 | N94: ='TOTAL CONTRATOS'!J145 -> A02020200900301-20 | O94: ='TOTAL CONTRATOS'!K145 -> 482 | P94: ='TOTAL CONTRATOS'!L145 -> 44706 | Q94: 60000000 | R94: El valor del contrato se cancelará de la siguiente manera: en mensualidades vencidas con corte al día 30 de cada mes, previa presentación de la factura e informe de supervisión y certificación de cumplimiento expedido por el (los) supervisor (es), el cual deberá (n) acompañarse por los soportes al pago a los sistemas de seguridad social a los que se encuentra obligada(o) a cotizar y Certificación de paz y salvo de los aportes al sistema de seguridad social y parafiscales. PARÁGRAFO PRIMERO: EL CENTRO cancelará la prestación de los servicios al contratista, teniendo en cuenta las siguientes tarifas: Dermatopatología General: TREINTA MIL PESOS MCTE ($30.000) por cada paciente, que incluye: descripción macroscópica y microscópica, diagnóstico y validación en el sistema Dinámica Gerencial, y Dermatopatología - Cirugía de Mohs: TRESCIENTOS MIL PESOS MCTE ($300.000) por 1 estadio (incluye 1 a 4 cortes) y SETENTA Y CINCO MIL PESOS MCTE ($75.000) por corte adicional. Incluye el análisis e interpretación del material y reporte en el sistema Dinámica, de acuerdo con la oferta económica presentada y formará parte del contrato. | V94: 0.2 | W94: 0.1 | X94: * | Y94: * | Z94: 0.25 | AA94: * | AB94: =+Q94 -> 60000000 | AC94: =+'TOTAL CONTRATOS'!#REF! -> #REF! | AD94: =+AB94-AC94 -> #REF! | AE94: =SUM(AC94*100/AB94) -> #REF! | AF94: 0 | AG94: Profesional Especializada Coordinadora de Apoyo Diagnostico | AH94: Bibiana Chavarro Portillo | AI94: 53133739 | AJ94: 8 | AK94: Servicio Misional | AM94: CLL 93 No. 19 - 66 CS 203 4573468 samueldamorales@gmail.com | AN94: NA | AO94: NA | AP94: NA | AQ94: NA | AR94: NA | AS94: PENDIENTE | AT94: =+K94-J94 -> 183 | AU94: 44700 | AV94: 44701 | AW94: =IF(AV94="ANULADO","ANULADO",NETWORKDAYS.INTL(AU94,AV94)) -> 2 | AX94: MISIONAL | AY94: FUNCIONAMIENTO | AZ94: NA | BA94: NA | BB94: NA | BC94: Verificado el 19 de mayo de 2022 POLIZA FIRMA CTO, ACUERDO, SARLAFT | BD94: Verificado el 19 de mayo de 2022 Acta de Inicio | BE94: Convocatoria Directa
A95: 017-2022 | B95: C.P.Servicios | C95: DENNIS NAGIVE TIBADUIZA OCHOA | D95: CC | E95: 1023891308 | F95: 1 | G95: Prestar los servicios técnicos de apoyo a la gestión en el área de cajas de la Subdirección Administrativa y Financiera en las sedes de la Empresa Social del Estado Centro Dermatológico Federico Lleras Acosta | H95: A partir de la fecha de suscripcion del acta de inicio y hasta el dia 30 de junio de 2022. | I95: 44578 | J95: ='TOTAL CONTRATOS'!F19 -> 44578 | K95: ='TOTAL CONTRATOS'!G19 -> 44742 | L95: 041 | M95: 44574 | N95: A02020200800309-20 | O95: P | P95: P | Q95: 8495200 | R95: a. Un primer pago, correspondiente desde la fecha de inicio de ejecución del contrato hasta el día 20 del mes correspondiente. b. Mensualidades vencidas con corte los días 20 de cada mes. | V95: * | W95: * | X95: * | Y95: * | Z95: * | AA95: * | AB95: =SUM(Q95) -> 8495200 | AC95: =+'TOTAL CONTRATOS'!#REF! -> #REF! | AD95: =SUM(AB95-AC95) -> #REF! | AE95: =SUM(AC95*100/AB95) -> #REF! | AF95: =+'TOTAL CONTRATOS'!#REF! -> #REF! | AG95: Tecnico Administrativo, responsable de del area de cajas | AH95: Francisco Javier Peña Santacruz | AI95: 10480755 | AJ95: 7 | AK95: P | AM95: Calle 28 Sur No. 8 a 11 Este Telefono 3638118 email: denati712@gmail.com | AN95: Sin limite de cuantia | AO95: 32849 | AP95: EPS SURA | AQ95: COLPENSIONES | AR95: 44579 | AS95: PENDIENTE | AT95: =+K95-J95 -> 164 | AU95: 44574 | AV95: 44578 | AW95: =IF(AV95="ANULADO","ANULADO",NETWORKDAYS.INTL(AU95,AV95)) -> 3 | AX95: APOYO | AY95: FUNCIONAMIENTO | AZ95: 160 | BA95: ='TOTAL CONTRATOS'!#REF! -> #REF! | BB95: 43700 | BC95: ='TOTAL CONTRATOS'!#REF! -> #REF! | BD95: ='TOTAL CONTRATOS'!#REF! -> #REF! | BE95: Convocatoria Directa
A96: 121-2022 | B96: C.Suministros | C96: CORPORACIÓN TODOS POR LA PAZ “CORPPAZ” | D96: NIT | E96: 900964003 | F96: 3 | G96: Suministrar productos de Aseo y Cafetería para la sede principal, administrativa y Chapinero de la ESE Centro Dermatológico “Federico Lleras Acosta”. | H96: 12 MESES | I96: 44650 | J96: ='TOTAL CONTRATOS'!F122 -> 44651 | K96: ='TOTAL CONTRATOS'!G122 -> 45015 | L96: 152 | M96: 44603 | N96: A02020100300809-20 | O96: 318 | P96: 44651 | Q96: 90000000 | R96: . El valor del contrato se pagará en mensualidades vencidas dentro de los treinta (30) días previa presentación de la factura de venta con los requisitos legales, acompañado del recibido a satisfacción, informe de supervisión y cumplimiento emitido por el supervisor del contrato y de la certificación del pago de aporte a parafiscales. PARÁGRAFO: El CENTRO consignará el pago del contrato en una entidad financiera indicada por el proponente, donde éste posea una cuenta corriente o de ahorros, afiliada al sistema automático de pagos – SAP. | V96: 0.2 | W96: 0.1 | X96: * | Y96: * | Z96: * | AA96: * | AB96: =SUM(Q96) -> 90000000 | AC96: =+'TOTAL CONTRATOS'!#REF! -> #REF! | AD96: =SUM(AB96-AC96) -> #REF! | AE96: =SUM(AC96*100/AB96) -> #REF! | AF96: =+'TOTAL CONTRATOS'!#REF! -> #REF! | AG96: Propfesional Universitario, Responsable del Area de Compras | AH96: Freddy Alberto Romero Jimenez | AI96: 80362024 | AJ96: 0 | AK96: Acta Comité Contratos 018 del 24 de marzo de 2022 | AM96: Calle 9 # 3e 01 Int:3 - Mnz:A 3147711678-3153957427 CORPOPAZ@OUTLOOK.COM | AN96: NA | AO96: NA | AP96: NA | AQ96: NA | AR96: NA | AS96: PENDIENTE | AT96: =+K96-J96 -> 364 | AU96: 44644 | AV96: 44649 | AW96: =IF(AV96="ANULADO","ANULADO",NETWORKDAYS.INTL(AU96,AV96)) -> 4 | AX96: APOYO | AY96: FUNCIONAMIENTO | AZ96: NA | BA96: ='TOTAL CONTRATOS'!#REF! -> #REF! | BB96: NA | BC96: ='TOTAL CONTRATOS'!#REF! -> #REF! | BD96: ='TOTAL CONTRATOS'!#REF! -> #REF! | BE96: Convocatoria Directa
A97: 146-2022 | B97: O.P.Servicios | C97: COMPUTINTA & PUNTO S.A.S. | D97: NIT | E97: 830140471 | F97: 7 | G97: Realizar una jornada de mantenimiento preventivo a las impresoras del Centro Dermatológico Federico Lleras Acosta E.S.E. | H97: 2 MESES | I97: 44707 | J97: ='TOTAL CONTRATOS'!F146 -> 44725 | K97: ='TOTAL CONTRATOS'!G146 -> 44785 | L97: 344 | M97: 44691 | N97: ='TOTAL CONTRATOS'!J146 -> A020202008007013-20 | O97: ='TOTAL CONTRATOS'!K146 -> 496 | P97: ='TOTAL CONTRATOS'!L146 -> 44707 | Q97: 4260200 | R97: una vez finalizada la jornada de mantenimientos preventivos, previa presentación de la factura e informe de supervisión y cumplimiento expedido por el supervisor, el cual deberá acompañarse por los anexos referidos al pago a los sistemas de seguridad social a los que se encuentra obligada(o) a cotizar (Certificación del revisor fiscal). | V97: * | W97: * | X97: * | Y97: * | Z97: * | AA97: * | AB97: =+Q97 -> 4260200 | AC97: =+'TOTAL CONTRATOS'!#REF! -> #REF! | AD97: =+AB97-AC97 -> #REF! | AE97: =SUM(AC97*100/AB97) -> #REF! | AF97: 0 | AG97: Profesional Universitario responsable del Area de Informatica | AH97: Juan Carlos Vasquez Ramirez | AI97: 80149659 | AJ97: 5 | AK97: Cuantía inferior a 5 SMLMV | AM97: Calle 77 # 15 - 25 omputinta_punto@hotmail.com 6359010 | AN97: NA | AO97: NA | AP97: NA | AQ97: NA | AR97: NA | AS97: PENDIENTE | AW97: =IF(AV97="ANULADO","ANULADO",NETWORKDAYS.INTL(AU97,AV97)) -> 0 | AX97: APOYO | AY97: FUNCIONAMIENTO | AZ97: NA | BA97: NA | BB97: NA | BC97: Verificado el 26 de mayo de 2022 ACUERDO CONFIDENCIALIDAD, SARLF….. | BD97: Verificado el 26 de mayo de 2022 Acta de Inicio | BE97: Convocatoria Directa
